Workbook
Name BASE: #REF!
Name BASE: #REF!
Name BASE: #REF!
Name BASE: #REF!
Name Casas_de_juventud: #REF!
Name Casas_de_juventud: #REF!
Name Casas_de_juventud: #REF!
Name Casas_de_juventud: #REF!
Name Centros_Forjar: #REF!
Name Centros_Forjar: #REF!
Name Centros_Forjar: #REF!
Name Centros_Forjar: #REF!
Name CONCPETOLINEA: #REF!
Name CONCPETOLINEA: #REF!
Name CONCPETOLINEA: #REF!
Name CONCPETOLINEA: #REF!
Name dgsgdffg: #REF!
Name dgsgdffg: #REF!
Name dgsgdffg: #REF!
Name dgsgdffg: #REF!
Name DIMENSION: #REF!
Name DIMENSION: #REF!
Name DIMENSION: #REF!
Name DIMENSION: #REF!
Name Escuelas_culturales: #REF!
Name Escuelas_culturales: #REF!
Name Escuelas_culturales: #REF!
Name Escuelas_culturales: #REF!
Name Escuelas_deportivas: #REF!
Name Escuelas_deportivas: #REF!
Name Escuelas_deportivas: #REF!
Name Escuelas_deportivas: #REF!
Name ESTADO: [1]LISTAS!$B$5:$B$10
Name ESTADODOS: [1]LISTAS!$B$6:$B$10
Name ETAPA: #REF!
Name ETAPA: #REF!
Name ETAPA: #REF!
Name ETAPA: #REF!
Name FGKJHLKHKJÑ: #REF!
Name FGKJHLKHKJÑ: #REF!
Name FGKJHLKHKJÑ: #REF!
Name FGKJHLKHKJÑ: #REF!
Name GGGGGGGGGGGGG: #REF!
Name GGGGGGGGGGGGG: #REF!
Name GGGGGGGGGGGGG: #REF!
Name GGGGGGGGGGGGG: #REF!
Name IED: #REF!
Name IED: #REF!
Name IED: #REF!
Name IED: #REF!
Name INDICADOR: [2]listas!$S$216:$S$275
Name LINEA: #REF!
Name LINEA: #REF!
Name LINEA: #REF!
Name LINEA: #REF!
Name Mipymes: #REF!
Name Mipymes: #REF!
Name Mipymes: #REF!
Name Mipymes: #REF!
Name NIVEL: #REF!

Sheet Estudio de mercado ajustado
A1: ESTUDIO DE MERCADO | L1: COTIZACIÓN 1 | Q1: COTIZACIÓN 2 | V1: COTIZACIÓN 3 | AA1: PROMEDIOS TOTALES
A2: Ítem | B2: Componente | C2: Actividad | D2: Alcance de la actividad | E2: Duración | F2: Población Obejtivo | G2: Descripción | H2: Cantidad | I2: Unidad de medida | J2: Tiempo | K2: Unidad de medida | L2: Valor unitario sin IVA | M2: Valor IVA | N2: Valor unitario con IVA | O2: Valor total Sin IVA | P2: Valor total con IVA | Q2: Valor unitario sin IVA | R2: Valor IVA | S2: Valor unitario con IVA | T2: Valor total Sin IVA | U2: Valor total con IVA | V2: Valor unitario sin IVA | W2: Valor IVA | X2: Valor unitario con IVA | Y2: Valor total Sin IVA | Z2: Valor total con IVA | AA2: Promedio Valor unitario sin IVA | AB2: Promedio Valor IVA | AC2: Promedio Valor unitario con IVA | AD2: Promedio Valor total Sin IVA | AE2: Prmedio Valor total con IVA | AF2: DESVIACIÓN ESTANDAR | AG2: COEF VAR.
A3: 1 | B3: Componente: Prevención de violencia en el contexto familiar, violencia sexual y promoción y garantía de derechos | C3: A.2 “La familia es para cuidarla” | D3: Implementar acciones de sensibilización para prevenir la violencia en el contexto familiar y promover dinámicas de cuidado y entornos protectores. | E3: 30 minutos de sensibilización por casa | F3: 500 personas | G3: Sensibilización de 30 minutos por casa (Papeleria) Tener en cuenta materiales referidos en la estrategia “La familia es para cuidarla”. Impresión de piezas comunicativas de prevención de violencias: Pieza gráfica del folleto de la campaña La familia es para cuidarla, dispuesta por la SDIS- Subdirección para la Familia. Impresión del Instrumento el cuidado familiar, aportado por la SDIS. | H3: 500 | I3: Personas | J3: 30 | K3: minutos de sensibilización por casa | L3: 83475 | M3: =+L3*19% -> 15860.25 | N3: =+M3+L3 -> 99335.25 | O3: =H3*L3 -> 41737500 | P3: =N3*H3 -> 49667625 | Q3: 80000 | R3: =+Q3*0.19 -> 15200 | S3: =+Q3+R3 -> 95200 | T3: =Q3*H3 -> 40000000 | U3: =S3*H3 -> 47600000 | V3: 75000 | W3: 14250 | X3: 89250 | Y3: =V3*H3 -> 37500000 | Z3: =X3*H3 -> 44625000 | AA3: =AVERAGE(L3,Q3,V3) -> 79491.667 | AB3: =AVERAGE(M3,R3,W3) -> 15103.417 | AC3: =AVERAGE(N3,S3,X3) -> 94595.083 | AD3: =AVERAGE(O3,T3,Y3) -> 39745833 | AE3: =AVERAGE(P3,U3,Z3) -> 47297542 | AF3: =_xlfn.STDEV.P(P3,U3,Z3) -> 2069722.6 | AG3: =AF3/AE3 -> 0.043759623
A4: 2 | G4: -Diseñar un (1) folleto digital o Flip book para compartir en línea y dejar como recurso instalado en las viviendas visitadas. El Flip book, debe contener (por lo menos 10 páginas con recursos escritos y visuales que contengan información convenida y aprobada por el comité de seguimiento y la oficina de prensa, en temas te prevención de violencia en el contexto familiar y violencia sexual. -500 Folletos plegables en papel estucado o couché, en Formato A4. Medidas: 210 × 297 mm. Impresos en tintas de 5 colores. Con información sobre la prevención de violencia sexual y en el contexto familiar. | H4: 500 | I4: unidad | L4: 890.4 | M4: =+L4*19% -> 169.176 | N4: =+M4+L4 -> 1059.576 | O4: =H4*L4 -> 445200 | P4: =N4*H4 -> 529788 | Q4: 800 | R4: =+Q4*0.19 -> 152 | S4: =+Q4+R4 -> 952 | T4: =Q4*H4 -> 400000 | U4: =S4*H4 -> 476000 | V4: 800 | W4: 152 | X4: 952 | Y4: =V4*H4 -> 400000 | Z4: =X4*H4 -> 476000 | AA4: =AVERAGE(L4,Q4,V4) -> 830.13333 | AB4: =AVERAGE(M4,R4,W4) -> 157.72533 | AC4: =AVERAGE(N4,S4,X4) -> 987.85867 | AD4: =AVERAGE(O4,T4,Y4) -> 415066.67 | AE4: =AVERAGE(P4,U4,Z4) -> 493929.33 | AF4: =_xlfn.STDEV.P(P4,U4,Z4) -> 25355.906 | AG4: =AF4/AE4 -> 0.051335089
A5: 3 | G5: -200 Imanes con números/rutas de atención impreso en 5 colores, de 10cms x 6cms. Para pegar en la nevera. Diseño a definir por el comité de seguimiento. | H5: 200 | I5: unidad | L5: 1669.5 | M5: =+L5*19% -> 317.205 | N5: =+M5+L5 -> 1986.705 | O5: =H5*L5 -> 333900 | P5: =N5*H5 -> 397341 | Q5: 1500 | R5: =+Q5*0.19 -> 285 | S5: =+Q5+R5 -> 1785 | T5: =Q5*H5 -> 300000 | U5: =S5*H5 -> 357000 | V5: 1500 | W5: 285 | X5: 1785 | Y5: =V5*H5 -> 300000 | Z5: =X5*H5 -> 357000 | AA5: =AVERAGE(L5,Q5,V5) -> 1556.5 | AB5: =AVERAGE(M5,R5,W5) -> 295.735 | AC5: =AVERAGE(N5,S5,X5) -> 1852.235 | AD5: =AVERAGE(O5,T5,Y5) -> 311300 | AE5: =AVERAGE(P5,U5,Z5) -> 370447 | AF5: =_xlfn.STDEV.P(P5,U5,Z5) -> 19016.93 | AG5: =AF5/AE5 -> 0.051335089
A6: 4 | G6: -200 stickers para pegar en las puertas de las viviendas sensibilizadas estilo “rombo” de 12x12. Papel adhesivo de publicidad. | H6: 200 | I6: unidad | L6: 2226 | M6: =+L6*19% -> 422.94 | N6: =+M6+L6 -> 2648.94 | O6: =H6*L6 -> 445200 | P6: =N6*H6 -> 529788 | Q6: 2200 | R6: =+Q6*0.19 -> 418 | S6: =+Q6+R6 -> 2618 | T6: =Q6*H6 -> 440000 | U6: =S6*H6 -> 523600 | V6: 2000 | W6: 380 | X6: 2380 | Y6: =V6*H6 -> 400000 | Z6: =X6*H6 -> 476000 | AA6: =AVERAGE(L6,Q6,V6) -> 2142 | AB6: =AVERAGE(M6,R6,W6) -> 406.98 | AC6: =AVERAGE(N6,S6,X6) -> 2548.98 | AD6: =AVERAGE(O6,T6,Y6) -> 428400 | AE6: =AVERAGE(P6,U6,Z6) -> 509796 | AF6: =_xlfn.STDEV.P(P6,U6,Z6) -> 24030.537 | AG6: =AF6/AE6 -> 0.047137555
A7: 5 | C7: A.3 Estrategia de acompañamiento “Cuidándome -Cuidándonos”. | D7: Contribuir a la re-significación de relaciones sanas y seguras desde la confianza, el apego seguro en las prácticas cotidianas de las familias, a través de escenarios individuales reflexivos y experienciales que favorezcan, el fortalecimiento de capacidades de las familias que permitan la creación de vínculos asertivos, seguros y positivos creando espacios protectores que permitan la prevalencia de derechos de las niñas y los niños. | E7: 12 sesiones por persona – 1 hora C/U15 | F7: 450 Personas | G7: 450 Diplomas con mensaje alusivo a familias que cuidan. Compuesto de mínimo 3 colores. 20 x 30 cm. Papel Opalina. Diseño a convenir por el comité de seguimiento. | H7: 450 | I7: Unidad | J7: 12 | K7: sesiones por persona – 1 hora C/U15 | L7: 556.5 | M7: =+L7*19% -> 105.735 | N7: =+M7+L7 -> 662.235 | O7: =H7*L7 -> 250425 | P7: =N7*H7 -> 298005.75 | Q7: 474 | R7: =+Q7*0.19 -> 90.06 | S7: =+Q7+R7 -> 564.06 | T7: =Q7*H7 -> 213300 | U7: =S7*H7 -> 253827 | V7: 500 | W7: 95 | X7: 595 | Y7: =V7*H7 -> 225000 | Z7: =X7*H7 -> 267750 | AA7: =AVERAGE(L7,Q7,V7) -> 510.16667 | AB7: =AVERAGE(M7,R7,W7) -> 96.931667 | AC7: =AVERAGE(N7,S7,X7) -> 607.09833 | AD7: =AVERAGE(O7,T7,Y7) -> 229575 | AE7: =AVERAGE(P7,U7,Z7) -> 273194.25 | AF7: =_xlfn.STDEV.P(P7,U7,Z7) -> 18442.169 | AG7: =AF7/AE7 -> 0.067505699
A8: 6 | C8: B2.2 Movilizaciones territoriales | D8: Promover la prevención de violencias a partir de la concientización de la misma en la localidad. | E8: Puestas en escena (actos) de 1 hora en espacio público | F8: Comunidad en general de la localidad de Suba. | G8: 15 Performances: Actos teatrales, musicales, artísticos puestos en escena que deberá garantizar el desarrollo de actos artístico-culturales (performances) donde se promueva de maneras disruptivas la no violencia y a partir de los cuales se generen reflexiones en la comunidad 2 artistas y 2 psicopedagosos | H8: 15 | I8: Unidad | J8: Puestas en escena (actos) de 1 hora en espacio público | L8: 3116400 | M8: =+L8*19% -> 592116 | N8: =+M8+L8 -> 3708516 | O8: =H8*L8 -> 46746000 | P8: =N8*H8 -> 55627740 | Q8: 2830489 | R8: =+Q8*0.19 -> 537792.91 | S8: =+Q8+R8 -> 3368281.9 | T8: =Q8*H8 -> 42457335 | U8: =S8*H8 -> 50524229 | V8: 2800000 | W8: 532000 | X8: 3332000 | Y8: =V8*H8 -> 42000000 | Z8: =X8*H8 -> 49980000 | AA8: =AVERAGE(L8,Q8,V8) -> 2915629.7 | AB8: =AVERAGE(M8,R8,W8) -> 553969.64 | AC8: =AVERAGE(N8,S8,X8) -> 3469599.3 | AD8: =AVERAGE(O8,T8,Y8) -> 43734445 | AE8: =AVERAGE(P8,U8,Z8) -> 52043990 | AF8: =_xlfn.STDEV.P(P8,U8,Z8) -> 2543815.6 | AG8: =AF8/AE8 -> 0.048878182 | AI8: =350*6 -> 2100 | AJ8: =350*3 -> 1050
A9: 7 | G9: 450 Folletos o volantes: Folletos plegables en papel estucado o couché, en Formato A4. Medidas: 210 × 297 mm. Impresos en tintas de 5 colores. Con información sobre la prevención de violencia sexual e intrafamiliar | H9: 450 | I9: Unidad | L9: 779.1 | M9: =+L9*19% -> 148.029 | N9: =+M9+L9 -> 927.129 | O9: =H9*L9 -> 350595 | P9: =N9*H9 -> 417208.05 | Q9: 750 | R9: =+Q9*0.19 -> 142.5 | S9: =+Q9+R9 -> 892.5 | T9: =Q9*H9 -> 337500 | U9: =S9*H9 -> 401625 | V9: 700 | W9: 133 | X9: 833 | Y9: =V9*H9 -> 315000 | Z9: =X9*H9 -> 374850 | AA9: =AVERAGE(L9,Q9,V9) -> 743.03333 | AB9: =AVERAGE(M9,R9,W9) -> 141.17633 | AC9: =AVERAGE(N9,S9,X9) -> 884.20967 | AD9: =AVERAGE(O9,T9,Y9) -> 334365 | AE9: =AVERAGE(P9,U9,Z9) -> 397894.35 | AF9: =_xlfn.STDEV.P(P9,U9,Z9) -> 17492.654 | AG9: =AF9/AE9 -> 0.043963062 | AH9: =450/15 -> 30
A10: 8 | C10: B3. Estrategia comunicativa “Di No a la vulneración de derechos”. | D10: • Implementar una estrategia comunicativa en prevención de vulneraciones y la divulgación de mensajes asertivos y claros de frecuente transmisión, con el fin de incidir positivamente en el cambio de patrones de conducta en niños, niñas y adolescentes y de todos los actores involucrados en su protección y defensa. • Formar y promover en el conocimiento y apropiación de los derechos de las niñas, niños y adolescentes, el marco normativo y legal de protección, y las ofertas y servicios orientados a su atención. | E10: Cuarenta (40) obras de teatro de 60 minutos c/u y Seis (6) sesiones de formación por grupo de 30 personas con una duración de 60 minutos c/u. | F10: 1200 Personas | G10: 1200 Kits (participantes): Se deberá incluir la entrega de un kit por cada uno de los participantes que comprenda: -Una agenda para notas tipo cuaderno pequeño de 15cm x 20cm (aprox) de 75 páginas con 5 páginas impresas a color con mensajes alusivos a la prevención de violencias. -Un esfero marcado con los logos de la entidad. -Una tula impermeable. 43 cm de altura x 35 cm de ancho aprox. Con mensaje alusivos a la prevención de las violencias en el contexto familiar y sexual y la erradicación del castigo físico. -Una cartilla con información y actividades en prevención de violencia intrafamiliar y/o sexual. Debe contener mínimo 50 páginas y su contenido debe ser aprobado por la supervisión del contrato y la oficina de prensa. | H10: 1200 | I10: Unidad | J10: Cuarenta (40) obras de teatro de 60 minutos c/u y Seis (6) sesiones de formación por grupo de 30 personas con una duración de 60 minutos c/u. | L10: 111300 | M10: =+L10*19% -> 21147 | N10: =+M10+L10 -> 132447 | O10: =H10*L10 -> 133560000 | P10: =N10*H10 -> 158936400 | Q10: 102349 | R10: =+Q10*0.19 -> 19446.31 | S10: =+Q10+R10 -> 121795.31 | T10: =Q10*H10 -> 122818800 | U10: =S10*H10 -> 146154372 | V10: 100000 | W10: 19000 | X10: 119000 | Y10: =V10*H10 -> 120000000 | Z10: =X10*H10 -> 142800000 | AA10: =AVERAGE(L10,Q10,V10) -> 104549.67 | AB10: =AVERAGE(M10,R10,W10) -> 19864.437 | AC10: =AVERAGE(N10,S10,X10) -> 124414.1 | AD10: =AVERAGE(O10,T10,Y10) -> 125459600 | AE10: =AVERAGE(P10,U10,Z10) -> 149296924 | AF10: =_xlfn.STDEV.P(P10,U10,Z10) -> 6952341.4 | AG10: =AF10/AE10 -> 0.046567211 | AI10: =450*12 -> 5400
A11: 9 | G11: 200 reconocimientos a los ganadores. Cada reconocimiento contará con: -Diploma compuesto de mínimo 3 colores. 20 x 30 cm. Papel Opalina. Diseño a convenir por el comité de seguimiento. -Una medalla de reconocimiento. | H11: 200 | I11: Unidad | L11: 5565 | M11: =+L11*19% -> 1057.35 | N11: =+M11+L11 -> 6622.35 | O11: =H11*L11 -> 1113000 | P11: =N11*H11 -> 1324470 | Q11: 5000 | R11: =+Q11*0.19 -> 950 | S11: =+Q11+R11 -> 5950 | T11: =Q11*H11 -> 1000000 | U11: =S11*H11 -> 1190000 | V11: 5000 | W11: 950 | X11: 5950 | Y11: =V11*H11 -> 1000000 | Z11: =X11*H11 -> 1190000 | AA11: =AVERAGE(L11,Q11,V11) -> 5188.3333 | AB11: =AVERAGE(M11,R11,W11) -> 985.78333 | AC11: =AVERAGE(N11,S11,X11) -> 6174.1167 | AD11: =AVERAGE(O11,T11,Y11) -> 1037666.7 | AE11: =AVERAGE(P11,U11,Z11) -> 1234823.3 | AF11: =_xlfn.STDEV.P(P11,U11,Z11) -> 63389.766 | AG11: =AF11/AE11 -> 0.051335089
A12: 10 | G12: Alquiler de dos (2) espacios cerrados con capacidad para 150 personas | H12: 2 | I12: Espacios | L12: 3339000 | M12: =+L12*19% -> 634410 | N12: =+M12+L12 -> 3973410 | O12: =H12*L12 -> 6678000 | P12: =N12*H12 -> 7946820 | Q12: 3500000 | R12: =+Q12*0.19 -> 665000 | S12: =+Q12+R12 -> 4165000 | T12: =Q12*H12 -> 7000000 | U12: =S12*H12 -> 8330000 | V12: 3000000 | W12: 570000 | X12: 3570000 | Y12: =V12*H12 -> 6000000 | Z12: =X12*H12 -> 7140000 | AA12: =AVERAGE(L12,Q12,V12) -> 3279666.7 | AB12: =AVERAGE(M12,R12,W12) -> 623136.67 | AC12: =AVERAGE(N12,S12,X12) -> 3902803.3 | AD12: =AVERAGE(O12,T12,Y12) -> 6559333.3 | AE12: =AVERAGE(P12,U12,Z12) -> 7805606.7 | AF12: =_xlfn.STDEV.P(P12,U12,Z12) -> 495971.04 | AG12: =AF12/AE12 -> 0.063540357
A13: 11 | B13: Componente: Orientación y asesoría familiar. | C13: Formación y orientación a familias | D13: Orientación y asesoría familiar para la prevención de violencias que permitan a las víctimas recibir una atención y orientación adecuada. | E13: Máximo 10 sesiones de 1h (c/u) | F13: 350 | G13: Alquiler de un espacio por seis meses que contenga las siguientes características: Ubicación de un sitio de atención en un punto estratégico de la localidad, destinado para la orientación y asesoría familiar, dos espacios adecuados para la atención de las y los participantes con el mobiliario necesario en lugares que cuenten con adecuada ventilación, iluminación y condiciones de higiene permanente, espacios cerrados, que permitan la privacidad. Igualmente debe contar con baños y elementos de higiene. Debe ubicarse en un punto de fácil accesibilidad y equidistante dentro de la localidad, teniendo en cuenta que muchos de las y los potenciales participantes no cuentan con medios económicos para su desplazamiento. Estado del Inmueble: Debe estar dotado con mobiliario y materiales necesarios para la ejecución del componente. La recepción y sala de espera, debe ser un lugar cómodo dotado con computador, teléfono, cuya ambientación visual y auditiva propicie un ambiente tranquilo y agradable a los participantes. El inmueble debe contar con mínimo un baño, dotado con los implementos de aseo necesarios (toalla para manos, jabón, papel higiénico, papelera). | H13: 6 | I13: Meses | J13: 350 | K13: Familias | L13: 5008500 | M13: =+L13*19% -> 951615 | N13: =+M13+L13 -> 5960115 | O13: =H13*L13 -> 30051000 | P13: =N13*H13 -> 35760690 | Q13: 4500000 | R13: =+Q13*0.19 -> 855000 | S13: =+Q13+R13 -> 5355000 | T13: =Q13*H13 -> 27000000 | U13: =S13*H13 -> 32130000 | V13: 4500000 | W13: 855000 | X13: 5355000 | Y13: =V13*H13 -> 27000000 | Z13: =X13*H13 -> 32130000 | AA13: =AVERAGE(L13,Q13,V13) -> 4669500 | AB13: =AVERAGE(M13,R13,W13) -> 887205 | AC13: =AVERAGE(N13,S13,X13) -> 5556705 | AD13: =AVERAGE(O13,T13,Y13) -> 28017000 | AE13: =AVERAGE(P13,U13,Z13) -> 33340230 | AF13: =_xlfn.STDEV.P(P13,U13,Z13) -> 1711523.7 | AG13: =AF13/AE13 -> 0.051335089
A14: 12 | B14: Componente: Posicionamiento y promoción del buen trato en jornadas locales. | C14: Conmemorar eventos que permiten visibilizar causas sociales entorno a la prevención de las violencias. | D14: Comunidad en general de la localidad | E14: Jornadas de 6 horas | F14: Comunidad en general de la localidad de Suba | G14: El contratista deberá garantizar, en el desarrollo de los 10 eventos conmemorativos y/o celebraciones de jornadas locales, el acompañamiento de: -Un (1) animador con mínimo Título de bachiller, 18 meses de experiencia laboral en recreación, animación, o afines. -Tres (3) Artistas prefiblemente locales. -6 Profesionales con 24 meses de experiencia en actividades de facilitador, tallerista o docente y al menos 12 meses de los 24 meses de experiencia profesional en trabajo en comunidad o jóvenes en temas de derechos sexuales y reproductivos y/o habilidades para la vida que realicen actividades principalmente lúdicas, recreativas y vivenciales. Sensibilización tendiente a la prevención de violencias y rutas de atención integral de acceso a la justicia. | H14: 10 | I14: Jornadas | J14: Jornadas de 6 horas | L14: 10017000 | M14: =+L14*19% -> 1903230 | N14: =+M14+L14 -> 11920230 | O14: =H14*L14 -> 100170000 | P14: =N14*H14 -> 119202300 | Q14: 9646509 | R14: =+Q14*0.19 -> 1832836.7 | S14: =+Q14+R14 -> 11479346 | T14: =Q14*H14 -> 96465090 | U14: =S14*H14 -> 1.1479346e+08 | V14: 9000000 | W14: 1710000 | X14: 10710000 | Y14: =V14*H14 -> 90000000 | Z14: =X14*H14 -> 107100000 | AA14: =AVERAGE(L14,Q14,V14) -> 9554503 | AB14: =AVERAGE(M14,R14,W14) -> 1815355.6 | AC14: =AVERAGE(N14,S14,X14) -> 11369859 | AD14: =AVERAGE(O14,T14,Y14) -> 95545030 | AE14: =AVERAGE(P14,U14,Z14) -> 1.1369859e+08 | AF14: =_xlfn.STDEV.P(P14,U14,Z14) -> 5001031.5 | AG14: =AF14/AE14 -> 0.043984993
P15: =SUM(P3:P14) -> 4.3063818e+08 | U15: =SUM(U3:U14) -> 4.0273411e+08 | Z15: =SUM(Z3:Z14) -> 386916600 | AE15: =SUM(AE3:AE14) -> 4.0676296e+08
P16: =P15+$J$89+$N$93+$N$100 -> 1.3540923e+09 | U16: =U15+$J$89+$N$93+$N$100 -> 1.3261882e+09 | Z16: =Z15+$J$89+$N$93+$N$100 -> 1.3103707e+09 | AE16: =AE15+$J$89+$N$93+$N$100 -> 1.3302171e+09 | AH16: 1305484000
AH17: =+AH16-AE16 -> -24733076
F18: PERSONAL (CARGO) | G18: PERFIL | H18: CANTIDAD | I18: MESES | J18: VALOR MENSUAL REFERENCIA TECHO RESOLUCIÓN 0001 DEL 04/01/2024 - SECRETARÍA DISTRITAL DE GOBIERNO | K18: VALOR TOTAL
C19: Todos los Componentes | D19: PERSONAL | E19: 1 | F19: Cordinador del Proyecto | G19: FORMACIÓN PROFESIONAL | H19: 1 | I19: 8 | J19: 8000000 | K19: =J19*I19*H19 -> 64000000
G20: Formación profesional en áreas del conocimiento de ciencias sociales y humanas o economía, administración, contaduría y afines y núcleos básicos del conocimiento en Ciencia Política, Derecho, Psicología, Sociología, Trabajo Social, Administración, Administración Pública o Economía con especialización en áreas cómo Ciencias Humanas, Economía o Administración.
G21: EXPERIENCIA PROFESIONAL
G22: Experiencia mínima de sesenta (60) meses debidamente certificada, contados a partir de la expedición de la tarjeta profesional, terminación de materias y/o fecha de grado, según aplique.
G23: EXPERIENCIA ESPECIFICA
G24: Experiencia mínima profesional de treinta y seis (36) y hasta setenta y dos (72) meses en coordinación y ejecución de proyectos sociales y/o cargos de nivel directivo o gerencial con población afectada por violencia en el contexto familiar y/o violencia sexual.
G25: Dedicación 100%.
C26: Todos los Componentes | E26: 2 | F26: Asistente Administrativo | G26: FORMACIÓN PROFESIONAL | H26: 1 | I26: 8 | J26: 3381000 | K26: =J26*I26*H26 -> 27048000
G27: Título de formación técnica o tecnológica o acreditación o aprobación del 50% o más de un plan de estudios de una carrera profesional que sea afín con el objeto a contratar.
G28: EXPERIENCIA PROFESIONAL
G29: Experiencia mínima de treinta y cinco (35) meses debidamente certificada, contados a partir de la expedición de la tarjeta profesional, terminación de materias y/o fecha de grado, según aplique.
G30: EXPERIENCIA ESPECIFICA
G31: Experiencia mínima de 18 meses en actividades administrativas de secretariado o archivo, manejo de bases de datos o asistenciales.
G32: Dedicación 100%.
C33: Componente 2 A2. LA FAMILIA ES PARA CUIDARLA | E33: 3 | F33: Psicólogo | G33: FORMACIÓN PROFESIONAL | H33: 2 | I33: 3 | J33: 5000000 | K33: =J33*I33*H33 -> 30000000
G34: Formación profesional en áreas del conocimiento de ciencias sociales y humanas y núcleos básicos del conocimiento en Psicología.
G35: EXPERIENCIA PROFESIONAL
G36: Experiencia de veintiún (21) meses de debidamente certificada, contados a partir de la expedición de la tarjeta profesional, terminación de materias y/o fecha de grado, según aplique.
G37: EXPERIENCIA ESPECIFICA
G38: Experiencia mínima de 18 meses en asesoría a familias en situación de violencia en el contexto familiar o poblaciones vulnerables.
E39: 4 | F39: Profesional en Trabajo Social | G39: FORMACIÓN PROFESIONAL | H39: 2 | I39: 3 | J39: 5000000 | K39: =J39*I39*H39 -> 30000000
G40: Formación profesional en áreas del conocimiento de ciencias sociales y humanas y núcleos básicos del conocimiento en Trabajo Social.
G41: EXPERIENCIA PROFESIONAL
G42: Experiencia de veintiún (21) meses de debidamente certificada, contados a partir de la expedición de la tarjeta profesional, terminación de materias y/o fecha de grado, según aplique.
G43: EXPERIENCIA ESPECIFICA
G44: Experiencia mínima de 18 meses en asesoría a familias en situación de violencia en el contexto familiar o poblaciones vulnerables.
C45: Componente 2 A3. CUIDÁNDOME, CUIDÁNDONOS | E45: 5 | F45: Psicólogo | G45: FORMACIÓN PROFESIONAL | H45: 3 | I45: 5 | J45: 5000000 | K45: =J45*I45*H45 -> 75000000
G46: Formación profesional en áreas del conocimiento de ciencias sociales y humanas y núcleos básicos del conocimiento en Psicología.
G47: EXPERIENCIA PROFESIONAL
G48: Experiencia de veintiún (21) meses de debidamente certificada, contados a partir de la expedición de la tarjeta profesional, terminación de materias y/o fecha de grado, según aplique.
G49: EXPERIENCIA ESPECIFICA
G50: Experiencia mínima de 18 meses en asesoría a familias en situación de violencia en el contexto familiar o poblaciones vulnerables.
E51: 6 | F51: Profesional en Trabajo Social | G51: FORMACIÓN PROFESIONAL | H51: 3 | I51: 5 | J51: 5000000 | K51: =J51*I51*H51 -> 75000000
G52: Formación profesional en áreas del conocimiento de ciencias sociales y humanas y núcleos básicos del conocimiento en Trabajo Social.
G53: EXPERIENCIA PROFESIONAL
G54: Experiencia de veintiún (21) meses de debidamente certificada, contados a partir de la expedición de la tarjeta profesional, terminación de materias y/o fecha de grado, según aplique.
G55: EXPERIENCIA ESPECIFICA
G56: Experiencia mínima de 18 meses en asesoría a familias en situación de violencia en el contexto familiar o poblaciones vulnerables.
C57: Componente 2 B3. ESTRATEGIAS COMUNICATIVAS_DI NO A LA VULNERACIÓN DE DERECHO | E57: 7 | F57: Psicólogo | G57: FORMACIÓN PROFESIONAL | H57: 4 | I57: 4 | J57: 5000000 | K57: =J57*I57*H57 -> 80000000
G58: Formación profesional en áreas del conocimiento de ciencias sociales y humanas y núcleos básicos del conocimiento en Psicología.
G59: EXPERIENCIA PROFESIONAL
G60: Experiencia de veintiún (21) meses de debidamente certificada, contados a partir de la expedición de la tarjeta profesional, terminación de materias y/o fecha de grado, según aplique.
G61: EXPERIENCIA ESPECIFICA
G62: Experiencia mínima de 18 meses en asesoría a familias en situación de violencia en el contexto familiar o poblaciones vulnerables.
E63: 8 | F63: Profesional en Trabajo Social | G63: FORMACIÓN PROFESIONAL | H63: 4 | I63: 4 | J63: 5000000 | K63: =J63*I63*H63 -> 80000000
G64: Formación profesional en áreas del conocimiento de ciencias sociales y humanas y núcleos básicos del conocimiento en Trabajo Social.
G65: EXPERIENCIA PROFESIONAL
G66: Experiencia de veintiún (21) meses de debidamente certificada, contados a partir de la expedición de la tarjeta profesional, terminación de materias y/o fecha de grado, según aplique.
G67: EXPERIENCIA ESPECIFICA
G68: Experiencia mínima de 18 meses en asesoría a familias en situación de violencia en el contexto familiar o poblaciones vulnerables.
C69: Componenete 2 Actividad B. 2. 2. Movilizaciones Territoriales | E69: 9 | F69: Artista Escénico | G69: FORMACIÓN PROFESIONAL | H69: 2 | I69: 3 | J69: 5000000 | K69: =J69*I69*H69 -> 30000000
G70: Formación profesional en áreas del conocimiento de bella artes y núcleo básico del conocimiento en Artes Plásticas Visuales y afines, Artes Representativas, Música y Otros Programas Asociados a Bellas Artes
G71: EXPERIENCIA PROFESIONAL
G72: Experiencia de veintiún (21) meses de debidamente certificada, contados a partir de la expedición de la tarjeta profesional, terminación de materias y/o fecha de grado, según aplique.
G73: EXPERIENCIA ESPECIFICA
G74: Experiencia mínima de 18 meses en trabajo con comunidad o en proyectos sociales o puestas en escena sobre temáticas relacionadas con violencias, preferiblemente con entidades del sector público.
C75: Componenete 3 | E75: 10 | F75: Psicólogo | G75: FORMACIÓN PROFESIONAL | H75: 4 | I75: 5.5 | J75: 5000000 | K75: =J75*I75*H75 -> 110000000
G76: Formación profesional en áreas del conocimiento de ciencias sociales y humanas y núcleos básicos del conocimiento en Psicología.
G77: EXPERIENCIA PROFESIONAL
G78: Experiencia de veintiún (21) meses de debidamente certificada, contados a partir de la expedición de la tarjeta profesional, terminación de materias y/o fecha de grado, según aplique.
G79: EXPERIENCIA ESPECIFICA
G80: Experiencia mínima de 18 meses en asesoría a personas o familias en situación de violencias.
C81: Componenete 3 | E81: 11 | F81: Trabajador Social | G81: FORMACIÓN PROFESIONAL | H81: 4 | I81: 5.5 | J81: 5000000 | K81: =J81*I81*H81 -> 110000000
G82: Formación profesional en áreas del conocimiento de ciencias sociales y humanas y núcleos básicos del conocimiento en Trabajo Social.
G83: EXPERIENCIA PROFESIONAL
G84: Experiencia de veintiún (21) meses de debidamente certificada, contados a partir de la expedición de la tarjeta profesional, terminación de materias y/o fecha de grado, según aplique.
G85: EXPERIENCIA ESPECIFICA
G86: Experiencia mínima de 18 meses en asesoría a familias en situación de violencia en el contexto familiar o poblaciones vulnerables
C87: NOTA 1: EL VALOR TOTAL COTIZADO INCLUYE TODOS LOS COSTOS DIRECTOS E INDIRECTOS, IMPUESTOS , TASAS, CONTRIBUCIONES Y TODOS LOS NECESARIOS PARA EJECUTAR DEL OBJETO CONTRACTUAL CON EL CUMPLIMIENTO DE LAS CONDICIONES Y ESPECIFICACIONES TECNICAS. NOTA 2: EL VALOR DEL PERSONAL CORRESPONDE A VALORES DE REFERENCIA SEGÚN RESOLUCIÓN 0001 DEL 04/01/2024 DE LA SECRETARÍA DISTRITAL DE GOBIERNO. NO ES OFERTABLE
I89: Total Personal | J89: =SUM(K19:K86) -> 711048000
G92: Item | H92: Cantidad | I92: Unidad de Medida | J92: Valor | K92: Iva | L92: Valor Total | M92: Valor total Sin IVA | N92: Valor total con IVA
C93: Todos los componentes | G93: Papelería, impresiones. | H93: 1 | I93: Unidad | J93: =3450000/1.19 -> 2899159.7 | K93: =J93*19% -> 550840.34 | L93: =J93+K93 -> 3450000 | M93: =J93*H93 -> 2899159.7 | N93: =L93*H93 -> 3450000
C94: Componente 4 | G94: Sonido: Alquiler de sonido profesional de 7.000 watts line array. con sistema y microfonería completo para presentaciones. incluye 8 micrófonos dinámicos, 2 micrófonos condensadores, 4 cajas directas activas, 1 consola análoga 16 canales, 1 ecualizador gráfico, 1 reverberación digital, 1 snake de 8 canales y 10 metros, 1 cd player (mp3, wap, cd, dvd), 2 cabinas para público, 4 monitores para escenario, técnico de sonido y operario de montaje, cables y conexiones - tiempo de alquiler 1 día. instalación, transporte y desinstalación | H94: 10 | I94: Servicio | J94: =AVERAGE('[3]ESTUDIO DE MERCADO'!$D$70,'[3]ESTUDIO DE MERCADO'!$G$70,'[3]ESTUDIO DE MERCADO'!$J$70) -> 8564484.5 | K94: =J94*19% -> 1627252.1 | L94: =J94+K94 -> 10191737 | M94: =J94*H94 -> 85644845 | N94: =L94*H94 -> 1.0191737e+08
G95: =PROPER("CARPA PAGODA DE 4X4 CON LATERALES INCLUYE INSTALACIÓN, TRASPORTE Y ENTREGA EN EL LUGAR REQUERIDO, MONTAJE Y DESMONTAJE DE LA MISMA (JORNADA ENTRE 4 A 6 HORAS - DÍA)") -> Carpa Pagoda De 4X4 Con Laterales Incluye Instalación, Trasporte Y Entrega En El Lugar Requerido, Montaje Y Desmontaje De La Misma (Jornada Entre 4 A 6 Horas - Día) | H95: 50 | I95: Servicio | J95: =AVERAGE('[3]ESTUDIO DE MERCADO'!$D$39,'[3]ESTUDIO DE MERCADO'!$G$39,'[3]ESTUDIO DE MERCADO'!$J$39) -> 1016982.9 | K95: =J95*19% -> 193226.76 | L95: =J95+K95 -> 1210209.7 | M95: =J95*H95 -> 50849147 | N95: =L95*H95 -> 60510485
G96: Tarima: Alquiler de tarima de 5x5 (altura modular entre 0.20 y 1.60) con faldon negro, escalera de embarque y desembarque, cinta anti deslizante y barandas. Incluye instalación, transporte y entrega en el lugar requerido, montaje y desmontaje de la misma (jornada 6 horas día). Debe contar con techo que cubra la superficie de la tarima en caso de lluvia. | H96: 10 | I96: Unidad | J96: =AVERAGE('[3]ESTUDIO DE MERCADO'!$D$48,'[3]ESTUDIO DE MERCADO'!$G$48,'[3]ESTUDIO DE MERCADO'!$J$48) -> 2209593.1 | K96: =J96*19% -> 419822.68 | L96: =J96+K96 -> 2629415.7 | M96: =J96*H96 -> 22095931 | N96: =L96*H96 -> 26294157
G97: Sillas: alquiler silla plástica de 2.11kg. 46,5cm de ancho, 87,5cm de alto, 52,5cm de largo, con espaldar tejido. | H97: 150 | I97: Unidad | J97: =AVERAGE('[3]ESTUDIO DE MERCADO'!$D$31,'[3]ESTUDIO DE MERCADO'!$G$31,'[3]ESTUDIO DE MERCADO'!$J$31) -> 4025.612 | K97: =J97*19% -> 764.86628 | L97: =J97+K97 -> 4790.4783 | M97: =J97*H97 -> 603841.8 | N97: =L97*H97 -> 718571.74
G98: Mesas: ALQUILER DE MESAS: MESAS PLÁSTICAS BLANCAS, CUADRADA DE 75 CMS DE LARGO X 75 CMS DE ANCHO X 70,5 CMS DE ALTO INCLUYE TRANSPORTE, INSTALACIÓN Y ENTREGA EN EL LUGAR REQUERIDO. JORNADA DE 4 A 6 HORAS. | H98: 300 | I98: Unidad | J98: =AVERAGE('[3]ESTUDIO DE MERCADO'!$D$25,'[3]ESTUDIO DE MERCADO'!$G$25,'[3]ESTUDIO DE MERCADO'!$J$25) -> 8653.8907 | K98: =J98*19% -> 1644.2392 | L98: =J98+K98 -> 10298.13 | M98: =J98*H98 -> 2596167.2 | N98: =L98*H98 -> 3089439
G99: ALQUILER DE PLANTA ELÉCTRICA DE 50 KVA: PLANTA ELECTRICA DE 50 KVA INSONORIZADA, QUE INCLUYA TRANSPORTE, PARCIAL DE CORRIENTE DE 10 METROS, TRIFÁSICA, TIERRA Y NEUTRO CON OPERARIO DISPONIBLE JORNADA DE 4 A 6 HORAS. | H99: 10 | I99: Servicio | J99: =AVERAGE('[3]ESTUDIO DE MERCADO'!$D$75,'[3]ESTUDIO DE MERCADO'!$G$75,'[3]ESTUDIO DE MERCADO'!$J$75) -> 1380344.1 | K99: =J99*19% -> 262265.39 | L99: =J99+K99 -> 1642609.5 | M99: =J99*H99 -> 13803441 | N99: =L99*H99 -> 16426095
N100: =SUM(N94:N99) -> 2.0895611e+08

Sheet Códigos UNSPSC
C1: FORMATO SOLICITUD DE COTIZACIÓN
C2: ALCALDÍA LOCAL DE SUBA
C5: ADVERTENCIA | D5: La cotización recibida servirá de base para la elaboración de un estudio de mercado, y por tanto, no constituye en si misma una oferta y consecuentemente NO obliga a ninguna de las partes.
C6: OBJETO
C7: VALIDEZ DE LA CONTRATACIÓN | D7: Se solicita que la cotización tenga validez minimo 3 Meses a partir de su expedición.
C8: ESPECIFICACIONES TECNICAS | D8: Para visualizar las especificaciones tecnicas dirijase a la pestaña Cotización
C9: CONDICIONES DE CONTRATACIÓN | D9: PLAZO
C10: CODIGOS UNSPSC | D10: SEGMENTO | E10: FAMILIA | F10: CLASE | G10: NOMBRE
D11: 93000000 | E11: 93140000 | F11: 93141500 | G11: Servicios de Política Social
D12: 93000000 | E12: 93140000 | F12: 93141506 | G12: Servicios de Bienestar Social
D13: 93000000 | E13: 93140000 | F13: 93141700 | G13: Organizaciones de Eventos Culturales
D14: 85000000 | E14: 85110000 | F14: 85111500 | G14: Servicios de Prevención o control de enfermedades de transmisión sexual
D15: 80000000 | E15: 80120000 | F15: 80121800 | G15: Servicios de Derecho de Familia
D16: 94000000 | E16: 94130000 | F16: 94132000 | G16: Servicios de defensa de los Derechos de los Niños
C17: Solicita y elabora: | D17: Sergio Mejia Dussán
C19: Revisó: | D19: Jeimmy Sierra Godoy

Sheet Cotización 1
C2: FONDO DE DESARROLLO LOCAL DE SUBA
C4: OBJETO: Contratar los servicios integrales y especializados para la formación de personas en estrategias personales y comunitarias de prevención de la violencia intrafamiliar y/o violencia sexual en la localidad de Suba
G6: CORPORACIÓN ESTRATEGICA EN GESTIÓN E INTEGRACIÓN COLOMBIA- EGESCO
A7: Componente | B7: Actividad | C7: Alcance de la actividad | D7: Duración | E7: Población Objetivo | F7: Insumos mínimos requeridos Especificaciones técnicas | G7: Unidad de medida | H7: Cantidad | I7: VALOR UNITARIO REFERENCIA TECHO INCLUIDO IVA QUE NO PODRAN SUPERAR LOS PROPONENTES | J7: VALOR TOTA DE REFERENCIA TECHO INCLUIDO IVA QUE NO PODRAN SUPERAR LOS PROPONENTES | K7: VALOR UNITARIO | L7: IVA | M7: VALOR UNITARIO INCLUIDO IVA | N7: VALOR TOTAL
A9: Componente: Prevención de violencia en el contexto familiar, violencia sexual y promoción y garantía de derechos | B9: A.2 “La familia es para cuidarla” | C9: Implementar acciones de sensibilización para prevenir la violencia en el contexto familiar y promover dinámicas de cuidado y entornos protectores. | D9: 30 minutos de sensibilización por casa | E9: 500 personas | F9: Sensibilización de 30 minutos por casa (Papeleria) Tener en cuenta materiales referidos en la estrategia “La familia es para cuidarla”. Impresión de piezas comunicativas de prevención de violencias: Pieza gráfica del folleto de la campaña La familia es para cuidarla, dispuesta por la SDIS- Subdirección para la Familia. Impresión del Instrumento el cuidado familiar, aportado por la SDIS. | G9: Personas | H9: 500 | K9: 83475 | L9: =+K9*19% -> 15860.25 | M9: =+L9+K9 -> 99335.25 | N9: =+M9*H9 -> 49667625
F10: -Diseñar un (1) folleto digital o Flip book para compartir en línea y dejar como recurso instalado en las viviendas visitadas. El Flip book, debe contener (por lo menos 10 páginas con recursos escritos y visuales que contengan información convenida y aprobada por el comité de seguimiento y la oficina de prensa, en temas te prevención de violencia en el contexto familiar y violencia sexual. -500 Folletos plegables en papel estucado o couché, en Formato A4. Medidas: 210 × 297 mm. Impresos en tintas de 5 colores. Con información sobre la prevención de violencia sexual y en el contexto familiar. | G10: unidad | H10: 500 | K10: 890.4 | L10: =+K10*19% -> 169.176 | M10: =+L10+K10 -> 1059.576 | N10: =+M10*H10 -> 529788
F11: -500 Imanes con números/rutas de atención impreso en 5 colores, de 10cms x 6cms. Para pegar en la nevera. Diseño a definir por el comité de seguimiento. | G11: unidad | H11: 500 | K11: 1669.5 | L11: =+K11*19% -> 317.205 | M11: =+L11+K11 -> 1986.705 | N11: =+M11*H11 -> 993352.5
F12: -200 stickers para pegar en las puertas de las viviendas sensibilizadas estilo “rombo” de 12x12. Papel adhesivo de publicidad. | G12: unidad | H12: 200 | K12: 2226 | L12: =+K12*19% -> 422.94 | M12: =+L12+K12 -> 2648.94 | N12: =+M12*H12 -> 529788
B13: A.3 Estrategia de acompañamiento “Cuidándome -Cuidándonos”. | F13: 450 Diplomas con mensaje alusivo a familias que cuidan. Compuesto de mínimo 3 colores. 20 x 30 cm. Papel Opalina. Diseño a convenir por el comité de seguimiento. | G13: Unidad | H13: 450 | K13: 556.5 | L13: =+K13*19% -> 105.735 | M13: =+L13+K13 -> 662.235 | N13: =+M13*H13 -> 298005.75
B14: B2.2 Movilizaciones territoriales | C14: Promover la prevención de violencias a partir de la concientización de la misma en la localidad. | D14: Puestas en escena (actos) de 1 hora en espacio público | E14: Comunidad en general de la localidad de Suba. | F14: 15 Performances: Actos teatrales, musicales, artísticos puestos en escena que deberá garantizar el desarrollo de actos artístico-culturales (performances) donde se promueva de maneras disruptivas la no violencia y a partir de los cuales se generen reflexiones en la comunidad 2 artistas y 2 psicopedagosos | G14: Unidad | H14: 15 | K14: 3116400 | L14: =+K14*19% -> 592116 | M14: =+L14+K14 -> 3708516 | N14: =+M14*H14 -> 55627740
F15: 1500 Folletos o volantes: Folletos plegables en papel estucado o couché, en Formato A4. Medidas: 210 × 297 mm. Impresos en tintas de 5 colores. Con información sobre la prevención de violencia sexual e intrafamiliar | G15: Unidad | H15: 1500 | K15: 779.1 | L15: =+K15*19% -> 148.029 | M15: =+L15+K15 -> 927.129 | N15: =+M15*H15 -> 1390693.5
F16: 1200 Kits (participantes): Se deberá incluir la entrega de un kit por cada uno de los participantes que comprenda: -Una agenda para notas tipo cuaderno pequeño de 15cm x 20cm (aprox) de 75 páginas con 5 páginas impresas a color con mensajes alusivos a la prevención de violencias. -Un esfero marcado con los logos de la entidad. -Una tula impermeable. 43 cm de altura x 35 cm de ancho aprox. Con mensaje alusivos a la prevención de las violencias en el contexto familiar y sexual y la erradicación del castigo físico. -Una cartilla con información y actividades en prevención de violencia intrafamiliar y/o sexual. Debe contener mínimo 50 páginas y su contenido debe ser aprobado por la supervisión del contrato y la oficina de prensa. | G16: Unidad | H16: 1200 | K16: 111300 | L16: =+K16*19% -> 21147 | M16: =+L16+K16 -> 132447 | N16: =+M16*H16 -> 158936400
F17: 200 reconocimientos a los ganadores. Cada reconocimiento contará con: -Diploma compuesto de mínimo 3 colores. 20 x 30 cm. Papel Opalina. Diseño a convenir por el comité de seguimiento. -Una medalla de reconocimiento. | G17: Unidad | H17: 200 | K17: 5565 | L17: =+K17*19% -> 1057.35 | M17: =+L17+K17 -> 6622.35 | N17: =+M17*H17 -> 1324470
F18: Alquiler de dos (2) espacios cerrados con capacidad para 150 personas | G18: Unidad | H18: 2 | K18: 3339000 | L18: =+K18*19% -> 634410 | M18: =+L18+K18 -> 3973410 | N18: =+M18*H18 -> 7946820
A19: Componente: Orientación y asesoría familiar. | B19: Orientación y asesoría familiar para la prevención de violencias que permitan a las víctimas recibir una atención y orientación adecuada. | C19: Máximo 10 sesiones de 1h (c/u) | D19: 350 | E19: 350 | F19: Alquiler de un espacio por seis meses que contenga las siguientes características: Ubicación de un sitio de atención en un punto estratégico de la localidad, destinado para la orientación y asesoría familiar, dos espacios adecuados para la atención de las y los participantes con el mobiliario necesario en lugares que cuenten con adecuada ventilación, iluminación y condiciones de higiene permanente, espacios cerrados, que permitan la privacidad. Igualmente debe contar con baños y elementos de higiene. Debe ubicarse en un punto de fácil accesibilidad y equidistante dentro de la localidad, teniendo en cuenta que muchos de las y los potenciales participantes no cuentan con medios económicos para su desplazamiento. Estado del Inmueble: Debe estar dotado con mobiliario y materiales necesarios para la ejecución del componente. La recepción y sala de espera, debe ser un lugar cómodo dotado con computador, teléfono, cuya ambientación visual y auditiva propicie un ambiente tranquilo y agradable a los participantes. El inmueble debe contar con mínimo un baño, dotado con los implementos de aseo necesarios (toalla para manos, jabón, papel higiénico, papelera). | G19: Meses | H19: 6 | K19: 5008500 | L19: =+K19*19% -> 951615 | M19: =+L19+K19 -> 5960115 | N19: =+M19*H19 -> 35760690
A20: Componente: Posicionamiento y promoción del buen trato en jornadas locales. | B20: Conmemorar eventos que permiten visibilizar causas sociales entorno a la prevención de las violencias. | C20: Comunidad en general de la localidad | D20: Jornadas de 6 horas | E20: Comunidad en general de la localidad de Suba | F20: El contratista deberá garantizar, en el desarrollo de los 5 eventos conmemorativos y/o celebraciones de jornadas locales, el acompañamiento de: -Un (1) animador con mínimo Título de bachiller, 18 meses de experiencia laboral en recreación, animación, o afines. -Tres (3) Artistas locales. -6 Profesionales con 24 meses de experiencia en actividades de facilitador, tallerista o docente y al menos 12 meses de los 24 meses de experiencia profesional en trabajo en comunidad o jóvenes en temas de derechos sexuales y reproductivos y/o habilidades para la vida que realicen actividades principalmente lúdicas, recreativas y vivenciales. Sensibilización tendiente a la prevención de violencias y rutas de atención integral de acceso a la justicia. | G20: Jornadas | H20: 5 | K20: 10017000 | L20: =+K20*19% -> 1903230 | M20: =+L20+K20 -> 11920230 | N20: =+M20*H20 -> 59601150
F21: Sonido: Alquiler de sonido profesional de 7.000 watts line array. con sistema y microfonería completo para presentaciones. incluye 8 micrófonos dinámicos, 2 micrófonos condensadores, 4 cajas directas activas, 1 consola análoga 16 canales, 1 ecualizador gráfico, 1 reverberación digital, 1 snake de 8 canales y 10 metros, 1 cd player (mp3, wap, cd, dvd), 2 cabinas para público, 4 monitores para escenario, técnico de sonido y operario de montaje, cables y conexiones - tiempo de alquiler 1 día. instalación, transporte y desinstalación | G21: Unidad | H21: 5 | K21: 9121294.7 | L21: =+K21*19% -> 1733046 | M21: =+L21+K21 -> 10854341 | N21: =+M21*H21 -> 54271703
F22: Carpas: Alquiler de carpa tipo bodega para trabajo liviano, tipo túnel con laterales y ventanas en vinilo transparente. Para mover a distintos puntos de la localidad durante el proyecto. Medidas: 6mts x 3 mts. | G22: Unidad | H22: 25 | K22: 1446900 | L22: =+K22*19% -> 274911 | M22: =+L22+K22 -> 1721811 | N22: =+M22*H22 -> 43045275
F23: Tarima: Alquiler de tarima de 5x5 (altura modular entre 0.20 y 1.60) con faldon negro, escalera de embarque y desembarque, cinta anti deslizante y barandas. Incluye instalación, transporte y entrega en el lugar requerido, montaje y desmontaje de la misma (jornada 6 horas día). Debe contar con techo que cubra la superficie de la tarima en caso de lluvia. | G23: Unidad | H23: 5 | K23: 2352065.8 | L23: =+K23*19% -> 446892.5 | M23: =+L23+K23 -> 2798958.3 | N23: =+M23*H23 -> 13994792
F24: Sillas: alquiler silla plástica de 2.11kg. 46,5cm de ancho, 87,5cm de alto, 52,5cm de largo, con espaldar tejido. | G24: Unidad | H24: 150 | K24: 4279.485 | L24: =+K24*19% -> 813.10215 | M24: =+L24+K24 -> 5092.5871 | N24: =+M24*H24 -> 763888.07
F25: Mesas: Mesa cuadrada de 4 puestos, color blanca, desarmable, fácil de transportar. Alto: 72 cms, Material de la cubierta: Plástico, Material de la estructura: Plástico | G25: Unidad | H25: 50 | K25: 12876.854 | L25: =+K25*19% -> 2446.6022 | M25: =+L25+K25 -> 15323.456 | N25: =+M25*H25 -> 766172.78
F26: Alquiler Generador Electrico Potencia Standby: 40 kW / 50 kVA. Corriente Standby: 131 A. Para una autonomia aproximada de 8 horas. Generador Y164C con AVR para soportar picos de Corriente en Voltaje 127 - 220V. Fases 3 | G26: Unidad | H26: 1 | K26: 1780800 | L26: =+K26*19% -> 338352 | M26: =+L26+K26 -> 2119152 | N26: =+M26*H26 -> 2119152
F27: Pendones: Diseño a definir por el comité de seguimiento, previo aval de prensa. En 5 colores. Con soporte tipo araña. Material: Vinilo o lona. Tamaño: 60cmx180cm. Los pendones deben ser aprobados por la oficina de prensa de la Alcaldía Local de Suba | G27: Unidad | H27: 5 | K27: 181049.56 | L27: =+K27*19% -> 34399.416 | M27: =+L27+K27 -> 215448.98 | N27: =+M27*H27 -> 1077244.9
A28: Nombre representante legal :DIANA CAROLINA CUERVO TORRES Celular: 3138863356 Correo electrónico: direccion@egesco.org Firma:
A29: VALOR TOTAL OFERTADO | B29: VALOR TOTAL | K29: VALOR TOTAL OFERTADO | N29: =SUM(N9:N27) -> 4.8864475e+08
E31: PERSONAL (CARGO) | F31: PERFIL | G31: CANTIDAD | H31: MESES | I31: VALOR MENSUAL REFERENCIA TECHO RESOLUCIÓN 0001 DEL 04/01/2024 - SECRETARÍA DISTRITAL DE GOBIERNO | J31: VALOR TOTAL
B32: Coponenente 1 | C32: PERSONAL | D32: 1 | E32: Cordinador del Proyecto | F32: FORMACIÓN PROFESIONAL | G32: 1 | H32: 8 | I32: 8000000 | J32: =I32*H32*G32 -> 64000000
F33: Formación profesional en áreas del conocimiento de ciencias sociales y humanas o economía, administración, contaduría y afines y núcleos básicos del conocimiento en Ciencia Política, Derecho, Psicología, Sociología, Trabajo Social, Administración, Administración Pública o Economía con especialización en áreas cómo Ciencias Humanas, Economía o Administración.
F35: EXPERIENCIA PROFESIONAL
F36: Experiencia mínima de sesenta (60) meses debidamente certificada, contados a partir de la expedición de la tarjeta profesional, terminación de materias y/o fecha de grado, según aplique.
F38: EXPERIENCIA ESPECIFICA
F39: Experiencia mínima profesional de treinta y seis (36) y hasta setenta y dos (72) meses en coordinación y ejecución de proyectos sociales y/o cargos de nivel directivo o gerencial con población afectada por violencia en el contexto familiar y/o violencia sexual.
F41: Dedicación 100%.
B42: Componente 1 | D42: 2 | E42: Asistente Administrativo | F42: FORMACIÓN PROFESIONAL | G42: 1 | H42: 8 | I42: 3381000 | J42: =I42*H42*G42 -> 27048000
F43: Título de formación técnica o tecnológica o acreditación o aprobación del 50% o más de un plan de estudios de una carrera profesional que sea afín con el objeto a contratar.
F46: EXPERIENCIA PROFESIONAL
F47: Experiencia mínima de treinta y cinco (35) meses debidamente certificada, contados a partir de la expedición de la tarjeta profesional, terminación de materias y/o fecha de grado, según aplique.
F49: EXPERIENCIA ESPECIFICA
F50: Experiencia mínima de 18 meses en actividades administrativas de secretariado o archivo, manejo de bases de datos o asistenciales.
F52: Dedicación 100%.
B53: Componente 2 A2 | D53: 3 | E53: Psicólogo | F53: FORMACIÓN PROFESIONAL | G53: 2 | H53: 2 | I53: 5000000 | J53: =I53*H53*G53 -> 20000000
F54: Formación profesional en áreas del conocimiento de ciencias sociales y humanas y núcleos básicos del conocimiento en Psicología.
F57: EXPERIENCIA PROFESIONAL
F58: Experiencia de veintiún (21) meses de debidamente certificada, contados a partir de la expedición de la tarjeta profesional, terminación de materias y/o fecha de grado, según aplique.
F61: EXPERIENCIA ESPECIFICA
F62: Experiencia mínima de 18 meses en asesoría a familias en situación de violencia en el contexto familiar o poblaciones vulnerables.
B63: Componente 2 A2 | D63: 4 | E63: Profesional en Trabajo Social | F63: FORMACIÓN PROFESIONAL | G63: 2 | H63: 2 | I63: 5000000 | J63: =I63*H63*G63 -> 20000000
F64: Formación profesional en áreas del conocimiento de ciencias sociales y humanas y núcleos básicos del conocimiento en Trabajo Social.
F66: EXPERIENCIA PROFESIONAL
F67: Experiencia de veintiún (21) meses de debidamente certificada, contados a partir de la expedición de la tarjeta profesional, terminación de materias y/o fecha de grado, según aplique.
F69: EXPERIENCIA ESPECIFICA
F70: Experiencia mínima de 18 meses en asesoría a familias en situación de violencia en el contexto familiar o poblaciones vulnerables.
B71: Componente 2 A3 | D71: 5 | E71: Psicólogo | F71: FORMACIÓN PROFESIONAL | G71: 4 | H71: 3 | I71: 5000000 | J71: =I71*H71*G71 -> 60000000
F72: Formación profesional en áreas del conocimiento de ciencias sociales y humanas y núcleos básicos del conocimiento en Psicología.
F75: EXPERIENCIA PROFESIONAL
F76: Experiencia de veintiún (21) meses de debidamente certificada, contados a partir de la expedición de la tarjeta profesional, terminación de materias y/o fecha de grado, según aplique.
F79: EXPERIENCIA ESPECIFICA
F80: Experiencia mínima de 18 meses en asesoría a familias en situación de violencia en el contexto familiar o poblaciones vulnerables.
B81: Componente 2 A3 | D81: 6 | E81: Profesional en Trabajo Social | F81: FORMACIÓN PROFESIONAL | G81: 4 | H81: 3 | I81: 5000000 | J81: =I81*H81*G81 -> 60000000
F82: Formación profesional en áreas del conocimiento de ciencias sociales y humanas y núcleos básicos del conocimiento en Trabajo Social.
F84: EXPERIENCIA PROFESIONAL
F85: Experiencia de veintiún (21) meses de debidamente certificada, contados a partir de la expedición de la tarjeta profesional, terminación de materias y/o fecha de grado, según aplique.
F87: EXPERIENCIA ESPECIFICA
F88: Experiencia mínima de 18 meses en asesoría a familias en situación de violencia en el contexto familiar o poblaciones vulnerables.
B89: Componente 2 B3 | D89: 7 | E89: Psicólogo | F89: FORMACIÓN PROFESIONAL | G89: 4 | H89: 3 | I89: 5000000 | J89: =I89*H89*G89 -> 60000000
F90: Formación profesional en áreas del conocimiento de ciencias sociales y humanas y núcleos básicos del conocimiento en Psicología.
F93: EXPERIENCIA PROFESIONAL
F94: Experiencia de veintiún (21) meses de debidamente certificada, contados a partir de la expedición de la tarjeta profesional, terminación de materias y/o fecha de grado, según aplique.
F97: EXPERIENCIA ESPECIFICA
F98: Experiencia mínima de 18 meses en asesoría a familias en situación de violencia en el contexto familiar o poblaciones vulnerables.
B99: Componente 2 B3 | D99: 8 | E99: Profesional en Trabajo Social | F99: FORMACIÓN PROFESIONAL | G99: 4 | H99: 3 | I99: 5000000 | J99: =I99*H99*G99 -> 60000000
F100: Formación profesional en áreas del conocimiento de ciencias sociales y humanas y núcleos básicos del conocimiento en Trabajo Social.
F102: EXPERIENCIA PROFESIONAL
F103: Experiencia de veintiún (21) meses de debidamente certificada, contados a partir de la expedición de la tarjeta profesional, terminación de materias y/o fecha de grado, según aplique.
F105: EXPERIENCIA ESPECIFICA
F106: Experiencia mínima de 18 meses en asesoría a familias en situación de violencia en el contexto familiar o poblaciones vulnerables.
B107: Componenete 2 B2.2 | D107: 9 | E107: Artista Escénico | F107: FORMACIÓN PROFESIONAL | G107: 2 | H107: 2 | I107: 5000000 | J107: =I107*H107*G107 -> 20000000
F108: Formación profesional en áreas del conocimiento de bella artes y núcleo básico del conocimiento en Artes Plásticas Visuales y afines, Artes Representativas, Música y Otros Programas Asociados a Bellas Artes
F109: EXPERIENCIA PROFESIONAL
F110: Experiencia de veintiún (21) meses de debidamente certificada, contados a partir de la expedición de la tarjeta profesional, terminación de materias y/o fecha de grado, según aplique.
F112: EXPERIENCIA ESPECIFICA
F113: Experiencia mínima de 18 meses en trabajo con comunidad o en proyectos sociales o puestas en escena sobre temáticas relacionadas con violencias, preferiblemente con entidades del sector público.
B114: Componenete 3 | D114: 10 | E114: Psicólogo | F114: FORMACIÓN PROFESIONAL | G114: 4 | H114: 6 | I114: 5000000 | J114: =I114*H114*G114 -> 120000000
F115: Formación profesional en áreas del conocimiento de ciencias sociales y humanas y núcleos básicos del conocimiento en Psicología.
F117: EXPERIENCIA PROFESIONAL
F118: Experiencia de veintiún (21) meses de debidamente certificada, contados a partir de la expedición de la tarjeta profesional, terminación de materias y/o fecha de grado, según aplique.
F120: EXPERIENCIA ESPECIFICA
F121: Experiencia mínima de 18 meses en asesoría a personas o familias en situación de violencias.
B122: Componenete 3 | D122: 11 | E122: Trabajador Social | F122: FORMACIÓN PROFESIONAL | G122: 4 | H122: 6 | I122: 5000000 | J122: =I122*H122*G122 -> 120000000
F123: Formación profesional en áreas del conocimiento de ciencias sociales y humanas y núcleos básicos del conocimiento en Trabajo Social.
F125: EXPERIENCIA PROFESIONAL
F126: Experiencia de veintiún (21) meses de debidamente certificada, contados a partir de la expedición de la tarjeta profesional, terminación de materias y/o fecha de grado, según aplique.
F128: EXPERIENCIA ESPECIFICA
F129: Experiencia mínima de 18 meses en asesoría a familias en situación de violencia en el contexto familiar o poblaciones vulnerables
B130: NOTA 1: EL VALOR TOTAL COTIZADO INCLUYE TODOS LOS COSTOS DIRECTOS E INDIRECTOS, IMPUESTOS , TASAS, CONTRIBUCIONES Y TODOS LOS NECESARIOS PARA EJECUTAR DEL OBJETO CONTRACTUAL CON EL CUMPLIMIENTO DE LAS CONDICIONES Y ESPECIFICACIONES TECNICAS. NOTA 2: EL VALOR DEL PERSONAL CORRESPONDE A VALORES DE REFERENCIA SEGÚN RESOLUCIÓN 0001 DEL 04/01/2024 DE LA SECRETARÍA DISTRITAL DE GOBIERNO. NO ES OFERTABLE
I131: Total Personal | J131: =SUM(J32:J129) -> 631048000
I133: Total Proyecto | J133: =ROUND(J131+N29,0) -> 1119692750

Sheet Cotización 2
C2: FONDO DE DESARROLLO LOCAL DE SUBA
C4: OBJETO: Contratar los servicios integrales y especializados para la formación de personas en estrategias personales y comunitarias de prevención de la violencia intrafamiliar y/o violencia sexual en la localidad de Suba
G6: Fundación Internacional de Pedagogia Conceptual Alberto Merani FIPCAM
A7: Componente | B7: Actividad | C7: Alcance de la actividad | D7: Duración | E7: Población Objetivo | F7: Insumos mínimos requeridos Especificaciones técnicas | G7: Unidad de medida | H7: Cantidad | I7: VALOR UNITARIO REFERENCIA TECHO INCLUIDO IVA QUE NO PODRAN SUPERAR LOS PROPONENTES | J7: VALOR TOTA DE REFERENCIA TECHO INCLUIDO IVA QUE NO PODRAN SUPERAR LOS PROPONENTES | K7: VALOR UNITARIO | L7: IVA | M7: VALOR UNITARIO INCLUIDO IVA | N7: VALOR TOTAL
A9: Componente: Prevención de violencia en el contexto familiar, violencia sexual y promoción y garantía de derechos | B9: A.2 “La familia es para cuidarla” | C9: Implementar acciones de sensibilización para prevenir la violencia en el contexto familiar y promover dinámicas de cuidado y entornos protectores. | D9: 30 minutos de sensibilización por casa | E9: 500 personas | F9: Sensibilización de 30 minutos por casa (Papeleria) Tener en cuenta materiales referidos en la estrategia “La familia es para cuidarla”. Impresión de piezas comunicativas de prevención de violencias: Pieza gráfica del folleto de la campaña La familia es para cuidarla, dispuesta por la SDIS- Subdirección para la Familia. Impresión del Instrumento el cuidado familiar, aportado por la SDIS. | G9: Personas | H9: 500 | K9: 80000 | L9: =+K9*0.19 -> 15200 | M9: =+K9+L9 -> 95200 | N9: =+M9*H9 -> 47600000
F10: -Diseñar un (1) folleto digital o Flip book para compartir en línea y dejar como recurso instalado en las viviendas visitadas. El Flip book, debe contener (por lo menos 10 páginas con recursos escritos y visuales que contengan información convenida y aprobada por el comité de seguimiento y la oficina de prensa, en temas te prevención de violencia en el contexto familiar y violencia sexual. -500 Folletos plegables en papel estucado o couché, en Formato A4. Medidas: 210 × 297 mm. Impresos en tintas de 5 colores. Con información sobre la prevención de violencia sexual y en el contexto familiar. | G10: unidad | H10: 500 | K10: 800 | L10: =+K10*0.19 -> 152 | M10: =+K10+L10 -> 952 | N10: =+M10*H10 -> 476000
F11: -500 Imanes con números/rutas de atención impreso en 5 colores, de 10cms x 6cms. Para pegar en la nevera. Diseño a definir por el comité de seguimiento. | G11: unidad | H11: 500 | K11: 1500 | L11: =+K11*0.19 -> 285 | M11: =+K11+L11 -> 1785 | N11: =+M11*H11 -> 892500
F12: -200 stickers para pegar en las puertas de las viviendas sensibilizadas estilo “rombo” de 12x12. Papel adhesivo de publicidad. | G12: unidad | H12: 200 | K12: 2200 | L12: =+K12*0.19 -> 418 | M12: =+K12+L12 -> 2618 | N12: =+M12*H12 -> 523600
B13: A.3 Estrategia de acompañamiento “Cuidándome -Cuidándonos”. | F13: 450 Diplomas con mensaje alusivo a familias que cuidan. Compuesto de mínimo 3 colores. 20 x 30 cm. Papel Opalina. Diseño a convenir por el comité de seguimiento. | G13: Unidad | H13: 450 | K13: 474 | L13: =+K13*0.19 -> 90.06 | M13: =+K13+L13 -> 564.06 | N13: =+M13*H13 -> 253827
B14: B2.2 Movilizaciones territoriales | C14: Promover la prevención de violencias a partir de la concientización de la misma en la localidad. | D14: Puestas en escena (actos) de 1 hora en espacio público | E14: Comunidad en general de la localidad de Suba. | F14: 15 Performances: Actos teatrales, musicales, artísticos puestos en escena que deberá garantizar el desarrollo de actos artístico-culturales (performances) donde se promueva de maneras disruptivas la no violencia y a partir de los cuales se generen reflexiones en la comunidad 2 artistas y 2 psicopedagosos | G14: Unidad | H14: 15 | K14: 2830489 | L14: =+K14*0.19 -> 537792.91 | M14: =+K14+L14 -> 3368281.9 | N14: =+M14*H14 -> 50524229
F15: 1500 Folletos o volantes: Folletos plegables en papel estucado o couché, en Formato A4. Medidas: 210 × 297 mm. Impresos en tintas de 5 colores. Con información sobre la prevención de violencia sexual e intrafamiliar | G15: Unidad | H15: 1500 | K15: 750 | L15: =+K15*0.19 -> 142.5 | M15: =+K15+L15 -> 892.5 | N15: =+M15*H15 -> 1338750
F16: 1200 Kits (participantes): Se deberá incluir la entrega de un kit por cada uno de los participantes que comprenda: -Una agenda para notas tipo cuaderno pequeño de 15cm x 20cm (aprox) de 75 páginas con 5 páginas impresas a color con mensajes alusivos a la prevención de violencias. -Un esfero marcado con los logos de la entidad. -Una tula impermeable. 43 cm de altura x 35 cm de ancho aprox. Con mensaje alusivos a la prevención de las violencias en el contexto familiar y sexual y la erradicación del castigo físico. -Una cartilla con información y actividades en prevención de violencia intrafamiliar y/o sexual. Debe contener mínimo 50 páginas y su contenido debe ser aprobado por la supervisión del contrato y la oficina de prensa. | G16: Unidad | H16: 1200 | K16: 102349 | L16: =+K16*0.19 -> 19446.31 | M16: =+K16+L16 -> 121795.31 | N16: =+M16*H16 -> 146154372
F17: 200 reconocimientos a los ganadores. Cada reconocimiento contará con: -Diploma compuesto de mínimo 3 colores. 20 x 30 cm. Papel Opalina. Diseño a convenir por el comité de seguimiento. -Una medalla de reconocimiento. | G17: Unidad | H17: 200 | K17: 5000 | L17: =+K17*0.19 -> 950 | M17: =+K17+L17 -> 5950 | N17: =+M17*H17 -> 1190000
F18: Alquiler de dos (2) espacios cerrados con capacidad para 150 personas | G18: Unidad | H18: 2 | K18: 3500000 | L18: =+K18*0.19 -> 665000 | M18: =+K18+L18 -> 4165000 | N18: =+M18*H18 -> 8330000
A19: Componente: Orientación y asesoría familiar. | B19: Orientación y asesoría familiar para la prevención de violencias que permitan a las víctimas recibir una atención y orientación adecuada. | C19: Máximo 10 sesiones de 1h (c/u) | D19: 350 | E19: 350 | F19: Alquiler de un espacio por seis meses que contenga las siguientes características: Ubicación de un sitio de atención en un punto estratégico de la localidad, destinado para la orientación y asesoría familiar, dos espacios adecuados para la atención de las y los participantes con el mobiliario necesario en lugares que cuenten con adecuada ventilación, iluminación y condiciones de higiene permanente, espacios cerrados, que permitan la privacidad. Igualmente debe contar con baños y elementos de higiene. Debe ubicarse en un punto de fácil accesibilidad y equidistante dentro de la localidad, teniendo en cuenta que muchos de las y los potenciales participantes no cuentan con medios económicos para su desplazamiento. Estado del Inmueble: Debe estar dotado con mobiliario y materiales necesarios para la ejecución del componente. La recepción y sala de espera, debe ser un lugar cómodo dotado con computador, teléfono, cuya ambientación visual y auditiva propicie un ambiente tranquilo y agradable a los participantes. El inmueble debe contar con mínimo un baño, dotado con los implementos de aseo necesarios (toalla para manos, jabón, papel higiénico, papelera). | G19: Meses | H19: 6 | K19: 4500000 | L19: =+K19*0.19 -> 855000 | M19: =+K19+L19 -> 5355000 | N19: =+M19*H19 -> 32130000
A20: Componente: Posicionamiento y promoción del buen trato en jornadas locales. | B20: Conmemorar eventos que permiten visibilizar causas sociales entorno a la prevención de las violencias. | C20: Comunidad en general de la localidad | D20: Jornadas de 6 horas | E20: Comunidad en general de la localidad de Suba | F20: El contratista deberá garantizar, en el desarrollo de los 5 eventos conmemorativos y/o celebraciones de jornadas locales, el acompañamiento de: -Un (1) animador con mínimo Título de bachiller, 18 meses de experiencia laboral en recreación, animación, o afines. -Tres (3) Artistas locales. -6 Profesionales con 24 meses de experiencia en actividades de facilitador, tallerista o docente y al menos 12 meses de los 24 meses de experiencia profesional en trabajo en comunidad o jóvenes en temas de derechos sexuales y reproductivos y/o habilidades para la vida que realicen actividades principalmente lúdicas, recreativas y vivenciales. Sensibilización tendiente a la prevención de violencias y rutas de atención integral de acceso a la justicia. | G20: Jornadas | H20: 5 | K20: 9646509 | L20: =+K20*0.19 -> 1832836.7 | M20: =+K20+L20 -> 11479346 | N20: =+M20*H20 -> 57396729
F21: Sonido: Alquiler de sonido profesional de 7.000 watts line array. con sistema y microfonería completo para presentaciones. incluye 8 micrófonos dinámicos, 2 micrófonos condensadores, 4 cajas directas activas, 1 consola análoga 16 canales, 1 ecualizador gráfico, 1 reverberación digital, 1 snake de 8 canales y 10 metros, 1 cd player (mp3, wap, cd, dvd), 2 cabinas para público, 4 monitores para escenario, técnico de sonido y operario de montaje, cables y conexiones - tiempo de alquiler 1 día. instalación, transporte y desinstalación | G21: Unidad | H21: 5 | K21: 8250304 | L21: =+K21*0.19 -> 1567557.8 | M21: =+K21+L21 -> 9817861.8 | N21: =+M21*H21 -> 49089309
F22: Carpas: Alquiler de carpa tipo bodega para trabajo liviano, tipo túnel con laterales y ventanas en vinilo transparente. Para mover a distintos puntos de la localidad durante el proyecto. Medidas: 6mts x 3 mts. | G22: Unidad | H22: 25 | K22: 1307356 | L22: =+K22*0.19 -> 248397.64 | M22: =+K22+L22 -> 1555753.6 | N22: =+M22*H22 -> 38893841
F23: Tarima: Alquiler de tarima de 5x5 (altura modular entre 0.20 y 1.60) con faldon negro, escalera de embarque y desembarque, cinta anti deslizante y barandas. Incluye instalación, transporte y entrega en el lugar requerido, montaje y desmontaje de la misma (jornada 6 horas día). Debe contar con techo que cubra la superficie de la tarima en caso de lluvia. | G23: Unidad | H23: 5 | K23: 4442471 | L23: =+K23*0.19 -> 844069.49 | M23: =+K23+L23 -> 5286540.5 | N23: =+M23*H23 -> 26432702
F24: Sillas: alquiler silla plástica de 2.11kg. 46,5cm de ancho, 87,5cm de alto, 52,5cm de largo, con espaldar tejido. | G24: Unidad | H24: 150 | K24: 5711 | L24: =+K24*0.19 -> 1085.09 | M24: =+K24+L24 -> 6796.09 | N24: =+M24*H24 -> 1019413.5
F25: Mesas: Mesa cuadrada de 4 puestos, color blanca, desarmable, fácil de transportar. Alto: 72 cms, Material de la cubierta: Plástico, Material de la estructura: Plástico | G25: Unidad | H25: 50 | K25: 9139 | L25: =+K25*0.19 -> 1736.41 | M25: =+K25+L25 -> 10875.41 | N25: =+M25*H25 -> 543770.5
F26: Alquiler Generador Electrico Potencia Standby: 40 kW / 50 kVA. Corriente Standby: 131 A. Para una autonomia aproximada de 8 horas. Generador Y164C con AVR para soportar picos de Corriente en Voltaje 127 - 220V. Fases 3 | G26: Unidad | H26: 1 | K26: 2600000 | L26: =+K26*0.19 -> 494000 | M26: =+K26+L26 -> 3094000 | N26: =+M26*H26 -> 3094000
F27: Pendones: Diseño a definir por el comité de seguimiento, previo aval de prensa. En 5 colores. Con soporte tipo araña. Material: Vinilo o lona. Tamaño: 60cmx180cm. Los pendones deben ser aprobados por la oficina de prensa de la Alcaldía Local de Suba | G27: Unidad | H27: 5 | K27: 247509 | L27: =+K27*0.19 -> 47026.71 | M27: =+K27+L27 -> 294535.71 | N27: =+M27*H27 -> 1472678.6
A28: Nombre representante legal : Celular: Correo electrónico: Firma:
A29: VALOR TOTAL OFERTADO | B29: VALOR TOTAL | K29: VALOR TOTAL OFERTADO | N29: =SUM(N9:N27) -> 467355721
E31: PERSONAL (CARGO) | F31: PERFIL | G31: CANTIDAD | H31: MESES | I31: VALOR MENSUAL REFERENCIA TECHO RESOLUCIÓN 0001 DEL 04/01/2024 - SECRETARÍA DISTRITAL DE GOBIERNO | J31: VALOR TOTAL
B32: Coponenente 1 | C32: PERSONAL | D32: 1 | E32: Cordinador del Proyecto | F32: FORMACIÓN PROFESIONAL | G32: 1 | H32: 8 | I32: 8000000 | J32: =I32*H32*G32 -> 64000000
F33: Formación profesional en áreas del conocimiento de ciencias sociales y humanas o economía, administración, contaduría y afines y núcleos básicos del conocimiento en Ciencia Política, Derecho, Psicología, Sociología, Trabajo Social, Administración, Administración Pública o Economía con especialización en áreas cómo Ciencias Humanas, Economía o Administración.
F35: EXPERIENCIA PROFESIONAL
F36: Experiencia mínima de sesenta (60) meses debidamente certificada, contados a partir de la expedición de la tarjeta profesional, terminación de materias y/o fecha de grado, según aplique.
F38: EXPERIENCIA ESPECIFICA
F39: Experiencia mínima profesional de treinta y seis (36) y hasta setenta y dos (72) meses en coordinación y ejecución de proyectos sociales y/o cargos de nivel directivo o gerencial con población afectada por violencia en el contexto familiar y/o violencia sexual.
F41: Dedicación 100%.
B42: Componente 1 | D42: 2 | E42: Asistente Administrativo | F42: FORMACIÓN PROFESIONAL | G42: 1 | H42: 8 | I42: 3381000 | J42: =I42*H42*G42 -> 27048000
F43: Título de formación técnica o tecnológica o acreditación o aprobación del 50% o más de un plan de estudios de una carrera profesional que sea afín con el objeto a contratar.
F46: EXPERIENCIA PROFESIONAL
F47: Experiencia mínima de treinta y cinco (35) meses debidamente certificada, contados a partir de la expedición de la tarjeta profesional, terminación de materias y/o fecha de grado, según aplique.
F49: EXPERIENCIA ESPECIFICA
F50: Experiencia mínima de 18 meses en actividades administrativas de secretariado o archivo, manejo de bases de datos o asistenciales.
F52: Dedicación 100%.
B53: Componente 2 A2 | D53: 3 | E53: Psicólogo | F53: FORMACIÓN PROFESIONAL | G53: 2 | H53: 2 | I53: 5000000 | J53: =I53*H53*G53 -> 20000000
F54: Formación profesional en áreas del conocimiento de ciencias sociales y humanas y núcleos básicos del conocimiento en Psicología.
F57: EXPERIENCIA PROFESIONAL
F58: Experiencia de veintiún (21) meses de debidamente certificada, contados a partir de la expedición de la tarjeta profesional, terminación de materias y/o fecha de grado, según aplique.
F61: EXPERIENCIA ESPECIFICA
F62: Experiencia mínima de 18 meses en asesoría a familias en situación de violencia en el contexto familiar o poblaciones vulnerables.
B63: Componente 2 A2 | D63: 4 | E63: Profesional en Trabajo Social | F63: FORMACIÓN PROFESIONAL | G63: 2 | H63: 2 | I63: 5000000 | J63: =I63*H63*G63 -> 20000000
F64: Formación profesional en áreas del conocimiento de ciencias sociales y humanas y núcleos básicos del conocimiento en Trabajo Social.
F66: EXPERIENCIA PROFESIONAL
F67: Experiencia de veintiún (21) meses de debidamente certificada, contados a partir de la expedición de la tarjeta profesional, terminación de materias y/o fecha de grado, según aplique.
F69: EXPERIENCIA ESPECIFICA
F70: Experiencia mínima de 18 meses en asesoría a familias en situación de violencia en el contexto familiar o poblaciones vulnerables.
B71: Componente 2 A3 | D71: 5 | E71: Psicólogo | F71: FORMACIÓN PROFESIONAL | G71: 4 | H71: 3 | I71: 5000000 | J71: =I71*H71*G71 -> 60000000
F72: Formación profesional en áreas del conocimiento de ciencias sociales y humanas y núcleos básicos del conocimiento en Psicología.
F75: EXPERIENCIA PROFESIONAL
F76: Experiencia de veintiún (21) meses de debidamente certificada, contados a partir de la expedición de la tarjeta profesional, terminación de materias y/o fecha de grado, según aplique.
F79: EXPERIENCIA ESPECIFICA
F80: Experiencia mínima de 18 meses en asesoría a familias en situación de violencia en el contexto familiar o poblaciones vulnerables.
B81: Componente 2 A3 | D81: 6 | E81: Profesional en Trabajo Social | F81: FORMACIÓN PROFESIONAL | G81: 4 | H81: 3 | I81: 5000000 | J81: =I81*H81*G81 -> 60000000
F82: Formación profesional en áreas del conocimiento de ciencias sociales y humanas y núcleos básicos del conocimiento en Trabajo Social.
F84: EXPERIENCIA PROFESIONAL
F85: Experiencia de veintiún (21) meses de debidamente certificada, contados a partir de la expedición de la tarjeta profesional, terminación de materias y/o fecha de grado, según aplique.
F87: EXPERIENCIA ESPECIFICA
F88: Experiencia mínima de 18 meses en asesoría a familias en situación de violencia en el contexto familiar o poblaciones vulnerables.
B89: Componente 2 B3 | D89: 7 | E89: Psicólogo | F89: FORMACIÓN PROFESIONAL | G89: 4 | H89: 3 | I89: 5000000 | J89: =I89*H89*G89 -> 60000000
F90: Formación profesional en áreas del conocimiento de ciencias sociales y humanas y núcleos básicos del conocimiento en Psicología.
F93: EXPERIENCIA PROFESIONAL
F94: Experiencia de veintiún (21) meses de debidamente certificada, contados a partir de la expedición de la tarjeta profesional, terminación de materias y/o fecha de grado, según aplique.
F97: EXPERIENCIA ESPECIFICA
F98: Experiencia mínima de 18 meses en asesoría a familias en situación de violencia en el contexto familiar o poblaciones vulnerables.
B99: Componente 2 B3 | D99: 8 | E99: Profesional en Trabajo Social | F99: FORMACIÓN PROFESIONAL | G99: 4 | H99: 3 | I99: 5000000 | J99: =I99*H99*G99 -> 60000000
F100: Formación profesional en áreas del conocimiento de ciencias sociales y humanas y núcleos básicos del conocimiento en Trabajo Social.
F102: EXPERIENCIA PROFESIONAL
F103: Experiencia de veintiún (21) meses de debidamente certificada, contados a partir de la expedición de la tarjeta profesional, terminación de materias y/o fecha de grado, según aplique.
F105: EXPERIENCIA ESPECIFICA
F106: Experiencia mínima de 18 meses en asesoría a familias en situación de violencia en el contexto familiar o poblaciones vulnerables.
B107: Componenete 2 B2.2 | D107: 9 | E107: Artista Escénico | F107: FORMACIÓN PROFESIONAL | G107: 2 | H107: 2 | I107: 5000000 | J107: =I107*H107*G107 -> 20000000
F108: Formación profesional en áreas del conocimiento de bella artes y núcleo básico del conocimiento en Artes Plásticas Visuales y afines, Artes Representativas, Música y Otros Programas Asociados a Bellas Artes
F109: EXPERIENCIA PROFESIONAL
F110: Experiencia de veintiún (21) meses de debidamente certificada, contados a partir de la expedición de la tarjeta profesional, terminación de materias y/o fecha de grado, según aplique.
F112: EXPERIENCIA ESPECIFICA
F113: Experiencia mínima de 18 meses en trabajo con comunidad o en proyectos sociales o puestas en escena sobre temáticas relacionadas con violencias, preferiblemente con entidades del sector público.
B114: Componenete 3 | D114: 10 | E114: Psicólogo | F114: FORMACIÓN PROFESIONAL | G114: 4 | H114: 6 | I114: 5000000 | J114: =I114*H114*G114 -> 120000000
F115: Formación profesional en áreas del conocimiento de ciencias sociales y humanas y núcleos básicos del conocimiento en Psicología.
F117: EXPERIENCIA PROFESIONAL
F118: Experiencia de veintiún (21) meses de debidamente certificada, contados a partir de la expedición de la tarjeta profesional, terminación de materias y/o fecha de grado, según aplique.
F120: EXPERIENCIA ESPECIFICA
F121: Experiencia mínima de 18 meses en asesoría a personas o familias en situación de violencias.
B122: Componenete 3 | D122: 11 | E122: Trabajador Social | F122: FORMACIÓN PROFESIONAL | G122: 4 | H122: 6 | I122: 5000000 | J122: =I122*H122*G122 -> 120000000
F123: Formación profesional en áreas del conocimiento de ciencias sociales y humanas y núcleos básicos del conocimiento en Trabajo Social.
F125: EXPERIENCIA PROFESIONAL
F126: Experiencia de veintiún (21) meses de debidamente certificada, contados a partir de la expedición de la tarjeta profesional, terminación de materias y/o fecha de grado, según aplique.
F128: EXPERIENCIA ESPECIFICA
F129: Experiencia mínima de 18 meses en asesoría a familias en situación de violencia en el contexto familiar o poblaciones vulnerables
B130: NOTA 1: EL VALOR TOTAL COTIZADO INCLUYE TODOS LOS COSTOS DIRECTOS E INDIRECTOS, IMPUESTOS , TASAS, CONTRIBUCIONES Y TODOS LOS NECESARIOS PARA EJECUTAR DEL OBJETO CONTRACTUAL CON EL CUMPLIMIENTO DE LAS CONDICIONES Y ESPECIFICACIONES TECNICAS. NOTA 2: EL VALOR DEL PERSONAL CORRESPONDE A VALORES DE REFERENCIA SEGÚN RESOLUCIÓN 0001 DEL 04/01/2024 DE LA SECRETARÍA DISTRITAL DE GOBIERNO
I131: Total Personal | J131: =SUM(J32:J129) -> 631048000
I133: Total Proyecto | J133: =ROUND(J131+N29,0) -> 1098403721

Sheet Cotización 3
A1: FONDO DE DESARROLLO LOCAL DE SUBA
A2: OBJETO: Contratar los servicios integrales y especializados para la formación de personas en estrategias personales y comunitarias de prevención de la violencia intrafamiliar y/o violencia sexual en la localidad de Suba
G3: FUNDACION UN NUEVO AMANECER
A4: Componente | B4: Actividad | C4: Alcance de la actividad | D4: Duración | E4: Población Objetivo | F4: Insumos mínimos requeridos Especificaciones técnicas | G4: Unidad de medida | H4: Cantidad | I4: VALOR UNITARIO | J4: IVA | K4: VALOR UNITARIO INCLUIDO IVA | L4: VALOR TOTAL
A5: Componente: Prevención de violencia en el contexto familiar, violencia sexual y promoción y garantía de derechos | B5: A.2 “La familia es para cuidarla” | C5: Implementar acciones de sensibilización para prevenir la violencia en el contexto familiar y promover dinámicas de cuidado y entornos protectores. | D5: 30 minutos de sensibilización por casa | E5: 500 personas | F5: Sensibilización de 30 minutos por casa (Papeleria) Tener en cuenta materiales referidos en la estrategia “La familia es para cuidarla”. Impresión de piezas comunicativas de prevención de violencias: Pieza gráfica del folleto de la campaña La familia es para cuidarla, dispuesta por la SDIS- Subdirección para la Familia. | G5: Personas | H5: 500 | I5: 75000 | J5: 14250 | K5: 89250 | L5: 44625000
F6: -Diseñar un (1) folleto digital o Flip book para compartir en línea y dejar como recurso instalado en las viviendas visitadas. El Flip book, debe contener (por lo menos 10 páginas con recursos escritos y visuales que contengan información convenida y aprobada por el comité de seguimiento y la oficina de prensa, en temas te prevención de violencia en el contexto familiar y violencia sexual. | G6: unidad | H6: 500 | I6: 800 | J6: 152 | K6: 952 | L6: 476000
F7: -500 Imanes con números/rutas de atención impreso en 5 colores, de 10cms x 6cms. Para pegar en la nevera. Diseño a definir por el comité de seguimiento. | G7: unidad | H7: 500 | I7: 1500 | J7: 285 | K7: 1785 | L7: 892500
F8: -200 stickers para pegar en las puertas de las viviendas sensibilizadas estilo “rombo” de | G8: unidad | H8: 200 | I8: 2000 | J8: 380 | K8: 2380 | L8: 476000
B9: A.3 Estrategia de acompañamiento “Cuidándome -Cuidándonos”. | F9: 450 Diplomas con mensaje alusivo a familias que cuidan. Compuesto de mínimo 3 colores. 20 x 30 cm. Papel Opalina. Diseño a convenir por el comité de seguimiento. | G9: Unidad | H9: 450 | I9: 500 | J9: 95 | K9: 595 | L9: 267750
B10: B2.2 Movilizaciones territoriales | C10: Promover la prevención de violencias a partir de la concientización de la misma en la localidad. | D10: Puestas en escena (actos) de 1 hora en espacio público | E10: Comunidad en general de la localidad de Suba. | F10: 15 Performances: Actos teatrales, musicales, artísticos puestos en escena que deberá garantizar el desarrollo de actos artístico-culturales (performances) donde se promueva de maneras disruptivas la no violencia y a partir de los cuales se generen reflexiones en la | G10: Unidad | H10: 15 | I10: 2800000 | J10: 532000 | K10: 3332000 | L10: 49980000
F11: 1500 Folletos o volantes: Folletos plegables en papel estucado o couché, en Formato A4. Medidas: 210 × 297 mm. Impresos en tintas de 5 colores. Con información sobre la | G11: Unidad | H11: 1500 | I11: 700 | J11: 133 | K11: 833 | L11: 1249500
F12: 1200 Kits (participantes): Se deberá incluir la entrega de un kit por cada uno de los participantes que comprenda: -Una agenda para notas tipo cuaderno pequeño de 15cm x 20cm (aprox) de 75 páginas con 5 páginas impresas a color con mensajes alusivos a la prevención de violencias. -Un esfero marcado con los logos de la entidad. -Una tula impermeable. 43 cm de altura x 35 cm de ancho aprox. Con mensaje alusivos a la prevención de las violencias en el contexto familiar y sexual y la erradicación del castigo físico. | G12: Unidad | H12: 1200 | I12: 100000 | J12: 19000 | K12: 119000 | L12: 142800000
F13: 200 reconocimientos a los ganadores. Cada reconocimiento contará con: -Diploma compuesto de mínimo 3 colores. 20 x 30 cm. Papel Opalina. Diseño a convenir por el comité de seguimiento. -Una medalla de reconocimiento. | G13: Unidad | H13: 200 | I13: 5000 | J13: 950 | K13: 5950 | L13: 1190000
F14: Alquiler de dos (2) espacios cerrados con capacidad para 150 personas | G14: Unidad | H14: 2 | I14: 3000000 | J14: 570000 | K14: 3570000 | L14: 7140000
A15: Componente: Orientación y asesoría familiar. | B15: Orientación y asesoría familiar para la prevención de violencias que permitan a las víctimas recibir una atención y orientación adecuada. | C15: Máximo 10 sesiones de 1h (c/u) | D15: 350 | E15: 350 | F15: Alquiler de un espacio por seis meses que contenga las siguientes características: Ubicación de un sitio de atención en un punto estratégico de la localidad, destinado para la orientación y asesoría familiar, dos espacios adecuados para la atención de las y los participantes con el mobiliario necesario en lugares que cuenten con adecuada ventilación, iluminación y condiciones de higiene permanente, espacios cerrados, que permitan la privacidad. Igualmente debe contar con baños y elementos de higiene. Debe ubicarse en un punto de fácil accesibilidad y equidistante dentro de la localidad, teniendo en cuenta que muchos de las y los potenciales participantes no cuentan con medios económicos para su desplazamiento. Estado del Inmueble: Debe estar dotado con mobiliario y materiales necesarios para la ejecución del | G15: Meses | H15: 6 | I15: 4500000 | J15: 855000 | K15: 5355000 | L15: 32130000
A16: Componente: Posicionamiento y promoción del buen trato en jornadas locales. | B16: Conmemorar eventos que permiten visibilizar causas sociales entorno a la prevención de las violencias. | C16: Comunidad en general de la localidad | D16: Jornadas de 6 horas | E16: Comunidad en general de la localidad de Suba | F16: El contratista deberá garantizar, en el desarrollo de los 5 eventos conmemorativos y/o celebraciones de jornadas locales, el acompañamiento de: -Un (1) animador con mínimo Título de bachiller, 18 meses de experiencia laboral en recreación, animación, o afines. -Tres (3) Artistas locales. -6 Profesionales con 24 meses de experiencia en actividades de facilitador, tallerista o docente y al menos 12 meses de los 24 meses de experiencia profesional en trabajo en | G16: Jornadas | H16: 5 | I16: 9000000 | J16: 1710000 | K16: 10710000 | L16: 53550000
F17: Sonido: Alquiler de sonido profesional de 7.000 watts line array. con sistema y microfonería completo para presentaciones. incluye 8 micrófonos dinámicos, 2 micrófonos condensadores, 4 cajas directas activas, 1 consola análoga 16 canales, 1 ecualizador gráfico, 1 reverberación digital, 1 snake de 8 canales y 10 metros, 1 cd player | G17: Unidad | H17: 5 | I17: 8195233 | J17: 1557094 | K17: 9752328 | L17: 48761638
F18: Carpas: Alquiler de carpa tipo bodega para trabajo liviano, tipo túnel con laterales y ventanas en vinilo transparente. Para mover a distintos puntos de la localidad durante el proyecto. Medidas: 6mts x 3 mts. | G18: Unidad | H18: 25 | I18: 1300000 | J18: 247000 | K18: 1547000 | L18: 38675000
F19: Tarima: Alquiler de tarima de 5x5 (altura modular entre 0.20 y 1.60) con faldon negro, escalera de embarque y desembarque, cinta anti deslizante y barandas. Incluye instalación, transporte y entrega en el lugar requerido, montaje y desmontaje de la | G19: Unidad | H19: 5 | I19: 2113267 | J19: 401521 | K19: 2514787 | L19: 12573937
F20: Sillas: alquiler silla plástica de 2.11kg. 46,5cm de ancho, 87,5cm de alto, 52,5cm de largo, | G20: Unidad | H20: 150 | I20: 3845 | J20: 731 | K20: 4576 | L20: 686333
F21: Mesas: Mesa cuadrada de 4 puestos, color blanca, desarmable, fácil de transportar. Alto: 72 cms, Material de la cubierta: Plástico, Material de la estructura: Plástico | G21: Unidad | H21: 50 | I21: 11570 | J21: 2198 | K21: 13768 | L21: 688385
F22: Alquiler Generador Electrico Potencia Standby: 40 kW / 50 kVA. Corriente Standby: 131 A. Para una autonomia aproximada de 8 horas. Generador Y164C con AVR para soportar | G22: Unidad | H22: 1 | I22: 1600000 | J22: 304000 | K22: 1904000 | L22: 1904000
F23: Pendones: Diseño a definir por el comité de seguimiento, previo aval de prensa. En 5 colores. Con soporte tipo araña. Material: Vinilo o lona. Tamaño: 60cmx180cm. Los pendones deben ser aprobados por la oficina de prensa de la Alcaldía Local de Suba | G23: Unidad | H23: 5 | I23: 162668 | J23: 30907 | K23: 193575 | L23: 967875
A24: VALOR SUBTOTAL OFERTADO | L24: 439033918
E26: PERSONAL (CARGO) | F26: PERFIL | G26: CANTIDAD | H26: MESES | I26: REFERENCIA TECHO RESOLUCIÓN 0001 DEL 04/01/2024 - SECRETARÍA DISTRITAL DE | J26: VALOR TOTAL
B27: Todos los Componentes | D27: 1 | E27: Cordinador del Proyecto | F27: FORMACIÓN PROFESIONAL | G27: 1 | H27: 8 | I27: 8000000 | J27: 64000000
F28: Formación profesional en áreas del conocimiento de ciencias sociales y humanas o economía, administración, contaduría y afines y núcleos básicos del conocimiento en Ciencia Política, Derecho, Psicología, Sociología, Trabajo Social, Administración, Administración Pública o Economía con especialización en áreas cómo Ciencias Humanas, Economía o Administración.
F30: EXPERIENCIA PROFESIONAL
F31: Experiencia mínima de sesenta (60) meses debidamente certificada, contados a partir de la expedición de la tarjeta profesional, terminación de materias y/o fecha de grado, según aplique.
F33: EXPERIENCIA ESPECIFICA
F34: Experiencia mínima profesional de treinta y seis (36) y hasta setenta y dos (72) meses en coordinación y ejecución de proyectos sociales y/o cargos de nivel directivo o gerencial con población afectada por violencia en el contexto familiar y/o violencia sexual.
F36: Dedicación 100%.
B37: Todos los Componentes | D37: 2 | E37: Asistente Administrativo | F37: FORMACIÓN PROFESIONAL | G37: 1 | H37: 8 | I37: 3381000 | J37: 27048000
F38: Título de formación técnica o tecnológica o acreditación o aprobación del 50% o más de un plan de estudios de una carrera profesional que sea afín con el objeto a contratar.
F41: EXPERIENCIA PROFESIONAL
F42: Experiencia mínima de treinta y cinco (35) meses debidamente certificada, contados a partir de la expedición de la tarjeta profesional, terminación de materias y/o fecha de grado, según aplique.
F44: EXPERIENCIA ESPECIFICA
F45: Experiencia mínima de 18 meses en actividades administrativas de secretariado o archivo, manejo de bases de datos o asistenciales.
F47: Dedicación 100%.
B48: Componente 2 A2 | D48: 3 | E48: Psicólogo | F48: FORMACIÓN PROFESIONAL | G48: 2 | H48: 2 | I48: 5000000 | J48: 20000000
F49: Formación profesional en áreas del conocimiento de ciencias sociales y humanas y núcleos básicos del conocimiento en Psicología.
F52: EXPERIENCIA PROFESIONAL
F53: Experiencia de veintiún (21) meses de debidamente certificada, contados a partir de la expedición de la tarjeta profesional, terminación de materias y/o fecha de grado, según aplique.
F56: EXPERIENCIA ESPECIFICA
F57: Experiencia mínima de 18 meses en asesoría a familias en situación de violencia en el contexto familiar o poblaciones vulnerables.
B58: Componente 2 A2 | D58: 4 | E58: Profesional en Trabajo Social | F58: FORMACIÓN PROFESIONAL | G58: 2 | H58: 2 | I58: 5000000 | J58: 20000000
F59: Formación profesional en áreas del conocimiento de ciencias sociales y humanas y núcleos básicos del conocimiento en Trabajo Social.
F61: EXPERIENCIA PROFESIONAL
F62: Experiencia de veintiún (21) meses de debidamente certificada, contados a partir de la expedición de la tarjeta profesional, terminación de materias y/o fecha de grado, según aplique.
F64: EXPERIENCIA ESPECIFICA
F65: Experiencia mínima de 18 meses en asesoría a familias en situación de violencia en el contexto familiar o poblaciones vulnerables.
B66: Componente 2 A3 | D66: 5 | E66: Psicólogo | F66: FORMACIÓN PROFESIONAL | G66: 4 | H66: 3 | I66: 5000000 | J66: 60000000
F67: Formación profesional en áreas del conocimiento de ciencias sociales y humanas y núcleos básicos del conocimiento en Psicología.
F70: EXPERIENCIA PROFESIONAL
F71: Experiencia de veintiún (21) meses de debidamente certificada, contados a partir de la expedición de la tarjeta profesional, terminación de materias y/o fecha de grado, según aplique.
F74: EXPERIENCIA ESPECIFICA
F75: Experiencia mínima de 18 meses en asesoría a familias en situación de violencia en el contexto familiar o poblaciones vulnerables.
B76: Componente 2 A3 | D76: 6 | E76: Profesional en Trabajo Social | F76: FORMACIÓN PROFESIONAL | G76: 4 | H76: 3 | I76: 5000000 | J76: 60000000
F77: Formación profesional en áreas del conocimiento de ciencias sociales y humanas y núcleos básicos del conocimiento en Trabajo Social.
F79: EXPERIENCIA PROFESIONAL
F80: Experiencia de veintiún (21) meses de debidamente certificada, contados a partir de la expedición de la tarjeta profesional, terminación de materias y/o fecha de grado, según aplique.
F82: EXPERIENCIA ESPECIFICA
F83: Experiencia mínima de 18 meses en asesoría a familias en situación de violencia en el contexto familiar o poblaciones vulnerables.
B84: Componente 2 B3 | D84: 7 | E84: Psicólogo | F84: FORMACIÓN PROFESIONAL | G84: 4 | H84: 3 | I84: 5000000 | J84: 60000000
F85: Formación profesional en áreas del conocimiento de ciencias sociales y humanas y núcleos básicos del conocimiento en Psicología.
F88: EXPERIENCIA PROFESIONAL
F89: Experiencia de veintiún (21) meses de debidamente certificada, contados a partir de la expedición de la tarjeta profesional, terminación de materias y/o fecha de grado, según aplique.
F92: EXPERIENCIA ESPECIFICA
F93: Experiencia mínima de 18 meses en asesoría a familias en situación de violencia en el contexto familiar o poblaciones vulnerables.
B94: Componente 2 B3 | D94: 8 | E94: Profesional en Trabajo Social | F94: FORMACIÓN PROFESIONAL | G94: 4 | H94: 3 | I94: 5000000 | J94: 60000000
F95: Formación profesional en áreas del conocimiento de ciencias sociales y humanas y núcleos básicos del conocimiento en Trabajo Social.
F97: EXPERIENCIA PROFESIONAL
F98: Experiencia de veintiún (21) meses de debidamente certificada, contados a partir de la expedición de la tarjeta profesional, terminación de materias y/o fecha de grado, según aplique.
F100: EXPERIENCIA ESPECIFICA
F101: Experiencia mínima de 18 meses en asesoría a familias en situación de violencia en el contexto familiar o poblaciones vulnerables.
B102: Componenete 2 B2.2 | F102: FORMACIÓN PROFESIONAL
F103: Formación profesional en áreas del conocimiento de bella artes y núcleo básico del conocimiento en Artes Plásticas Visuales y afines, Artes Representativas, Música y Otros Programas Asociados a Bellas Artes
D104: 9 | E104: Artista Escénico | F104: EXPERIENCIA PROFESIONAL | G104: 2 | H104: 2 | I104: 5000000 | J104: 20000000
F105: Experiencia de veintiún (21) meses de debidamente certificada, contados a partir de la expedición de la tarjeta profesional, terminación de materias y/o fecha de grado, según aplique.
F107: EXPERIENCIA ESPECIFICA
F108: Experiencia mínima de 18 meses en trabajo con comunidad o en proyectos sociales o puestas en escena sobre temáticas relacionadas con violencias, preferiblemente con entidades del sector público.
B109: Componenete 3 | D109: 10 | E109: Psicólogo | F109: FORMACIÓN PROFESIONAL | G109: 4 | H109: 6 | I109: 5000000 | J109: 120000000
F110: Formación profesional en áreas del conocimiento de ciencias sociales y humanas y núcleos básicos del conocimiento en Psicología.
F112: EXPERIENCIA PROFESIONAL
F113: Experiencia de veintiún (21) meses de debidamente certificada, contados a partir de la expedición de la tarjeta profesional, terminación de materias y/o fecha de grado, según aplique.
F115: EXPERIENCIA ESPECIFICA
F116: Experiencia mínima de 18 meses en asesoría a personas o familias en situación de violencias.
B117: Componenete 3 | D117: 11 | E117: Trabajador Social | F117: FORMACIÓN PROFESIONAL | G117: 4 | H117: 6 | I117: 5000000 | J117: 120000000
F118: Formación profesional en áreas del conocimiento de ciencias sociales y humanas y núcleos básicos del conocimiento en Trabajo Social.
F120: EXPERIENCIA PROFESIONAL
F121: Experiencia de veintiún (21) meses de debidamente certificada, contados a partir de la expedición de la tarjeta profesional, terminación de materias y/o fecha de grado, según aplique.
F123: EXPERIENCIA ESPECIFICA
F124: Experiencia mínima de 18 meses en asesoría a familias en situación de violencia en el contexto familiar o poblaciones vulnerables
B125: NOTA 1: EL VALOR TOTAL COTIZADO INCLUYE TODOS LOS COSTOS DIRECTOS E INDIRECTOS, IMPUESTOS , TASAS, CONTRIBUCIONES Y TODOS LOS NECESARIOS PARA EJECUTAR DEL OBJETO CONTRACTUAL CON EL CUMPLIMIENTO DE LAS CONDICIONES Y ESPECIFICACIONES TECNICAS. NOTA 2: EL VALOR DEL PERSONAL CORRESPONDE A VALORES DE REFERENCIA SEGÚN RESOLUCIÓN 0001 DEL 04/01/2024 DE LA SECRETARÍA DISTRITAL DE GOBIERNO
I126: VALOR SUBTOTAL OFERTADO | J126: =SUM(J27:J124) -> 631048000
I128: VALOR TOTAL | J128: 1070081918

Sheet Estudio de mercado
A1: ESTUDIO DE MERCADO | L1: COTIZACIÓN 1 | Q1: COTIZACIÓN 2 | V1: COTIZACIÓN 3 | AA1: PROMEDIOS TOTALES
A2: Ítem | B2: Componente | C2: Actividad | D2: Alcance de la actividad | E2: Duración | F2: Población Obejtivo | G2: Descripción | H2: Cantidad | I2: Unidad de medida | J2: Tiempo | K2: Unidad de medida | L2: Valor unitario sin IVA | M2: Valor IVA | N2: Valor unitario con IVA | O2: Valor total Sin IVA | P2: Valor total con IVA | Q2: Valor unitario sin IVA | R2: Valor IVA | S2: Valor unitario con IVA | T2: Valor total Sin IVA | U2: Valor total con IVA | V2: Valor unitario sin IVA | W2: Valor IVA | X2: Valor unitario con IVA | Y2: Valor total Sin IVA | Z2: Valor total con IVA | AA2: Promedio Valor unitario sin IVA | AB2: Promedio Valor IVA | AC2: Promedio Valor unitario con IVA | AD2: Promedio Valor total Sin IVA | AE2: Prmedio Valor total con IVA | AF2: DESVIACIÓN ESTANDAR | AG2: COEF VAR.
A3: 1 | B3: Componente: Prevención de violencia en el contexto familiar, violencia sexual y promoción y garantía de derechos | C3: A.2 “La familia es para cuidarla” | D3: Implementar acciones de sensibilización para prevenir la violencia en el contexto familiar y promover dinámicas de cuidado y entornos protectores. | E3: 30 minutos de sensibilización por casa | F3: 500 personas | G3: Sensibilización de 30 minutos por casa (Papeleria) Tener en cuenta materiales referidos en la estrategia “La familia es para cuidarla”. Impresión de piezas comunicativas de prevención de violencias: Pieza gráfica del folleto de la campaña La familia es para cuidarla, dispuesta por la SDIS- Subdirección para la Familia. Impresión del Instrumento el cuidado familiar, aportado por la SDIS. | H3: 500 | I3: Personas | J3: 30 | K3: minutos de sensibilización por casa | L3: 83475 | M3: =+L3*19% -> 15860.25 | N3: =+M3+L3 -> 99335.25 | O3: =H3*L3 -> 41737500 | P3: =N3*H3 -> 49667625 | Q3: 80000 | R3: =+Q3*0.19 -> 15200 | S3: =+Q3+R3 -> 95200 | T3: =Q3*H3 -> 40000000 | U3: =S3*H3 -> 47600000 | V3: 75000 | W3: 14250 | X3: 89250 | Y3: =V3*H3 -> 37500000 | Z3: =X3*H3 -> 44625000 | AA3: =AVERAGE(L3,Q3,V3) -> 79491.667 | AB3: =AVERAGE(M3,R3,W3) -> 15103.417 | AC3: =AVERAGE(N3,S3,X3) -> 94595.083 | AD3: =AVERAGE(O3,T3,Y3) -> 39745833 | AE3: =AVERAGE(P3,U3,Z3) -> 47297542 | AF3: =_xlfn.STDEV.P(P3,U3,Z3) -> 2069722.6 | AG3: =AF3/AE3 -> 0.043759623
A4: 2 | G4: -Diseñar un (1) folleto digital o Flip book para compartir en línea y dejar como recurso instalado en las viviendas visitadas. El Flip book, debe contener (por lo menos 10 páginas con recursos escritos y visuales que contengan información convenida y aprobada por el comité de seguimiento y la oficina de prensa, en temas te prevención de violencia en el contexto familiar y violencia sexual. -500 Folletos plegables en papel estucado o couché, en Formato A4. Medidas: 210 × 297 mm. Impresos en tintas de 5 colores. Con información sobre la prevención de violencia sexual y en el contexto familiar. | H4: 500 | I4: unidad | L4: 890.4 | M4: =+L4*19% -> 169.176 | N4: =+M4+L4 -> 1059.576 | O4: =H4*L4 -> 445200 | P4: =N4*H4 -> 529788 | Q4: 800 | R4: =+Q4*0.19 -> 152 | S4: =+Q4+R4 -> 952 | T4: =Q4*H4 -> 400000 | U4: =S4*H4 -> 476000 | V4: 800 | W4: 152 | X4: 952 | Y4: =V4*H4 -> 400000 | Z4: =X4*H4 -> 476000 | AA4: =AVERAGE(L4,Q4,V4) -> 830.13333 | AB4: =AVERAGE(M4,R4,W4) -> 157.72533 | AC4: =AVERAGE(N4,S4,X4) -> 987.85867 | AD4: =AVERAGE(O4,T4,Y4) -> 415066.67 | AE4: =AVERAGE(P4,U4,Z4) -> 493929.33 | AF4: =_xlfn.STDEV.P(P4,U4,Z4) -> 25355.906 | AG4: =AF4/AE4 -> 0.051335089
A5: 3 | G5: -200 Imanes con números/rutas de atención impreso en 5 colores, de 10cms x 6cms. Para pegar en la nevera. Diseño a definir por el comité de seguimiento. | H5: 200 | I5: unidad | L5: 1669.5 | M5: =+L5*19% -> 317.205 | N5: =+M5+L5 -> 1986.705 | O5: =H5*L5 -> 333900 | P5: =N5*H5 -> 397341 | Q5: 1500 | R5: =+Q5*0.19 -> 285 | S5: =+Q5+R5 -> 1785 | T5: =Q5*H5 -> 300000 | U5: =S5*H5 -> 357000 | V5: 1500 | W5: 285 | X5: 1785 | Y5: =V5*H5 -> 300000 | Z5: =X5*H5 -> 357000 | AA5: =AVERAGE(L5,Q5,V5) -> 1556.5 | AB5: =AVERAGE(M5,R5,W5) -> 295.735 | AC5: =AVERAGE(N5,S5,X5) -> 1852.235 | AD5: =AVERAGE(O5,T5,Y5) -> 311300 | AE5: =AVERAGE(P5,U5,Z5) -> 370447 | AF5: =_xlfn.STDEV.P(P5,U5,Z5) -> 19016.93 | AG5: =AF5/AE5 -> 0.051335089
A6: 4 | G6: -200 stickers para pegar en las puertas de las viviendas sensibilizadas estilo “rombo” de 12x12. Papel adhesivo de publicidad. | H6: 200 | I6: unidad | L6: 2226 | M6: =+L6*19% -> 422.94 | N6: =+M6+L6 -> 2648.94 | O6: =H6*L6 -> 445200 | P6: =N6*H6 -> 529788 | Q6: 2200 | R6: =+Q6*0.19 -> 418 | S6: =+Q6+R6 -> 2618 | T6: =Q6*H6 -> 440000 | U6: =S6*H6 -> 523600 | V6: 2000 | W6: 380 | X6: 2380 | Y6: =V6*H6 -> 400000 | Z6: =X6*H6 -> 476000 | AA6: =AVERAGE(L6,Q6,V6) -> 2142 | AB6: =AVERAGE(M6,R6,W6) -> 406.98 | AC6: =AVERAGE(N6,S6,X6) -> 2548.98 | AD6: =AVERAGE(O6,T6,Y6) -> 428400 | AE6: =AVERAGE(P6,U6,Z6) -> 509796 | AF6: =_xlfn.STDEV.P(P6,U6,Z6) -> 24030.537 | AG6: =AF6/AE6 -> 0.047137555
A7: 5 | C7: A.3 Estrategia de acompañamiento “Cuidándome -Cuidándonos”. | D7: Contribuir a la re-significación de relaciones sanas y seguras desde la confianza, el apego seguro en las prácticas cotidianas de las familias, a través de escenarios individuales reflexivos y experienciales que favorezcan, el fortalecimiento de capacidades de las familias que permitan la creación de vínculos asertivos, seguros y positivos creando espacios protectores que permitan la prevalencia de derechos de las niñas y los niños. | E7: 12 sesiones por persona – 1 hora C/U15 | F7: 450 Personas | G7: 450 Diplomas con mensaje alusivo a familias que cuidan. Compuesto de mínimo 3 colores. 20 x 30 cm. Papel Opalina. Diseño a convenir por el comité de seguimiento. | H7: 450 | I7: Unidad | J7: 12 | K7: sesiones por persona – 1 hora C/U15 | L7: 556.5 | M7: =+L7*19% -> 105.735 | N7: =+M7+L7 -> 662.235 | O7: =H7*L7 -> 250425 | P7: =N7*H7 -> 298005.75 | Q7: 474 | R7: =+Q7*0.19 -> 90.06 | S7: =+Q7+R7 -> 564.06 | T7: =Q7*H7 -> 213300 | U7: =S7*H7 -> 253827 | V7: 500 | W7: 95 | X7: 595 | Y7: =V7*H7 -> 225000 | Z7: =X7*H7 -> 267750 | AA7: =AVERAGE(L7,Q7,V7) -> 510.16667 | AB7: =AVERAGE(M7,R7,W7) -> 96.931667 | AC7: =AVERAGE(N7,S7,X7) -> 607.09833 | AD7: =AVERAGE(O7,T7,Y7) -> 229575 | AE7: =AVERAGE(P7,U7,Z7) -> 273194.25 | AF7: =_xlfn.STDEV.P(P7,U7,Z7) -> 18442.169 | AG7: =AF7/AE7 -> 0.067505699
A8: 6 | C8: B2.2 Movilizaciones territoriales | D8: Promover la prevención de violencias a partir de la concientización de la misma en la localidad. | E8: Puestas en escena (actos) de 1 hora en espacio público | F8: Comunidad en general de la localidad de Suba. | G8: 15 Performances: Actos teatrales, musicales, artísticos puestos en escena que deberá garantizar el desarrollo de actos artístico-culturales (performances) donde se promueva de maneras disruptivas la no violencia y a partir de los cuales se generen reflexiones en la comunidad 2 artistas y 2 psicopedagosos | H8: 15 | I8: Unidad | J8: Puestas en escena (actos) de 1 hora en espacio público | L8: 3116400 | M8: =+L8*19% -> 592116 | N8: =+M8+L8 -> 3708516 | O8: =H8*L8 -> 46746000 | P8: =N8*H8 -> 55627740 | Q8: 2830489 | R8: =+Q8*0.19 -> 537792.91 | S8: =+Q8+R8 -> 3368281.9 | T8: =Q8*H8 -> 42457335 | U8: =S8*H8 -> 50524229 | V8: 2800000 | W8: 532000 | X8: 3332000 | Y8: =V8*H8 -> 42000000 | Z8: =X8*H8 -> 49980000 | AA8: =AVERAGE(L8,Q8,V8) -> 2915629.7 | AB8: =AVERAGE(M8,R8,W8) -> 553969.64 | AC8: =AVERAGE(N8,S8,X8) -> 3469599.3 | AD8: =AVERAGE(O8,T8,Y8) -> 43734445 | AE8: =AVERAGE(P8,U8,Z8) -> 52043990 | AF8: =_xlfn.STDEV.P(P8,U8,Z8) -> 2543815.6 | AG8: =AF8/AE8 -> 0.048878182 | AI8: =350*6 -> 2100 | AJ8: =350*3 -> 1050
A9: 7 | G9: 450 Folletos o volantes: Folletos plegables en papel estucado o couché, en Formato A4. Medidas: 210 × 297 mm. Impresos en tintas de 5 colores. Con información sobre la prevención de violencia sexual e intrafamiliar | H9: 450 | I9: Unidad | L9: 779.1 | M9: =+L9*19% -> 148.029 | N9: =+M9+L9 -> 927.129 | O9: =H9*L9 -> 350595 | P9: =N9*H9 -> 417208.05 | Q9: 750 | R9: =+Q9*0.19 -> 142.5 | S9: =+Q9+R9 -> 892.5 | T9: =Q9*H9 -> 337500 | U9: =S9*H9 -> 401625 | V9: 700 | W9: 133 | X9: 833 | Y9: =V9*H9 -> 315000 | Z9: =X9*H9 -> 374850 | AA9: =AVERAGE(L9,Q9,V9) -> 743.03333 | AB9: =AVERAGE(M9,R9,W9) -> 141.17633 | AC9: =AVERAGE(N9,S9,X9) -> 884.20967 | AD9: =AVERAGE(O9,T9,Y9) -> 334365 | AE9: =AVERAGE(P9,U9,Z9) -> 397894.35 | AF9: =_xlfn.STDEV.P(P9,U9,Z9) -> 17492.654 | AG9: =AF9/AE9 -> 0.043963062 | AH9: =450/15 -> 30
A10: 8 | C10: B3. Estrategia comunicativa “Di No a la vulneración de derechos”. | D10: • Implementar una estrategia comunicativa en prevención de vulneraciones y la divulgación de mensajes asertivos y claros de frecuente transmisión, con el fin de incidir positivamente en el cambio de patrones de conducta en niños, niñas y adolescentes y de todos los actores involucrados en su protección y defensa. • Formar y promover en el conocimiento y apropiación de los derechos de las niñas, niños y adolescentes, el marco normativo y legal de protección, y las ofertas y servicios orientados a su atención. | E10: Cuarenta (40) obras de teatro de 60 minutos c/u y Seis (6) sesiones de formación por grupo de 30 personas con una duración de 60 minutos c/u. | F10: 1200 Personas | G10: 1200 Kits (participantes): Se deberá incluir la entrega de un kit por cada uno de los participantes que comprenda: -Una agenda para notas tipo cuaderno pequeño de 15cm x 20cm (aprox) de 75 páginas con 5 páginas impresas a color con mensajes alusivos a la prevención de violencias. -Un esfero marcado con los logos de la entidad. -Una tula impermeable. 43 cm de altura x 35 cm de ancho aprox. Con mensaje alusivos a la prevención de las violencias en el contexto familiar y sexual y la erradicación del castigo físico. -Una cartilla con información y actividades en prevención de violencia intrafamiliar y/o sexual. Debe contener mínimo 50 páginas y su contenido debe ser aprobado por la supervisión del contrato y la oficina de prensa. | H10: 1200 | I10: Unidad | J10: Cuarenta (40) obras de teatro de 60 minutos c/u y Seis (6) sesiones de formación por grupo de 30 personas con una duración de 60 minutos c/u. | L10: 111300 | M10: =+L10*19% -> 21147 | N10: =+M10+L10 -> 132447 | O10: =H10*L10 -> 133560000 | P10: =N10*H10 -> 158936400 | Q10: 102349 | R10: =+Q10*0.19 -> 19446.31 | S10: =+Q10+R10 -> 121795.31 | T10: =Q10*H10 -> 122818800 | U10: =S10*H10 -> 146154372 | V10: 100000 | W10: 19000 | X10: 119000 | Y10: =V10*H10 -> 120000000 | Z10: =X10*H10 -> 142800000 | AA10: =AVERAGE(L10,Q10,V10) -> 104549.67 | AB10: =AVERAGE(M10,R10,W10) -> 19864.437 | AC10: =AVERAGE(N10,S10,X10) -> 124414.1 | AD10: =AVERAGE(O10,T10,Y10) -> 125459600 | AE10: =AVERAGE(P10,U10,Z10) -> 149296924 | AF10: =_xlfn.STDEV.P(P10,U10,Z10) -> 6952341.4 | AG10: =AF10/AE10 -> 0.046567211 | AI10: =450*12 -> 5400
A11: 9 | G11: 200 reconocimientos a los ganadores. Cada reconocimiento contará con: -Diploma compuesto de mínimo 3 colores. 20 x 30 cm. Papel Opalina. Diseño a convenir por el comité de seguimiento. -Una medalla de reconocimiento. | H11: 200 | I11: Unidad | L11: 5565 | M11: =+L11*19% -> 1057.35 | N11: =+M11+L11 -> 6622.35 | O11: =H11*L11 -> 1113000 | P11: =N11*H11 -> 1324470 | Q11: 5000 | R11: =+Q11*0.19 -> 950 | S11: =+Q11+R11 -> 5950 | T11: =Q11*H11 -> 1000000 | U11: =S11*H11 -> 1190000 | V11: 5000 | W11: 950 | X11: 5950 | Y11: =V11*H11 -> 1000000 | Z11: =X11*H11 -> 1190000 | AA11: =AVERAGE(L11,Q11,V11) -> 5188.3333 | AB11: =AVERAGE(M11,R11,W11) -> 985.78333 | AC11: =AVERAGE(N11,S11,X11) -> 6174.1167 | AD11: =AVERAGE(O11,T11,Y11) -> 1037666.7 | AE11: =AVERAGE(P11,U11,Z11) -> 1234823.3 | AF11: =_xlfn.STDEV.P(P11,U11,Z11) -> 63389.766 | AG11: =AF11/AE11 -> 0.051335089
A12: 10 | G12: Alquiler de dos (2) espacios cerrados con capacidad para 150 personas | H12: 2 | I12: Espacios | L12: 3339000 | M12: =+L12*19% -> 634410 | N12: =+M12+L12 -> 3973410 | O12: =H12*L12 -> 6678000 | P12: =N12*H12 -> 7946820 | Q12: 3500000 | R12: =+Q12*0.19 -> 665000 | S12: =+Q12+R12 -> 4165000 | T12: =Q12*H12 -> 7000000 | U12: =S12*H12 -> 8330000 | V12: 3000000 | W12: 570000 | X12: 3570000 | Y12: =V12*H12 -> 6000000 | Z12: =X12*H12 -> 7140000 | AA12: =AVERAGE(L12,Q12,V12) -> 3279666.7 | AB12: =AVERAGE(M12,R12,W12) -> 623136.67 | AC12: =AVERAGE(N12,S12,X12) -> 3902803.3 | AD12: =AVERAGE(O12,T12,Y12) -> 6559333.3 | AE12: =AVERAGE(P12,U12,Z12) -> 7805606.7 | AF12: =_xlfn.STDEV.P(P12,U12,Z12) -> 495971.04 | AG12: =AF12/AE12 -> 0.063540357
A13: 11 | B13: Componente: Orientación y asesoría familiar. | C13: Formación y orientación a familias | D13: Orientación y asesoría familiar para la prevención de violencias que permitan a las víctimas recibir una atención y orientación adecuada. | E13: Máximo 10 sesiones de 1h (c/u) | F13: 350 | G13: Alquiler de un espacio por seis meses que contenga las siguientes características: Ubicación de un sitio de atención en un punto estratégico de la localidad, destinado para la orientación y asesoría familiar, dos espacios adecuados para la atención de las y los participantes con el mobiliario necesario en lugares que cuenten con adecuada ventilación, iluminación y condiciones de higiene permanente, espacios cerrados, que permitan la privacidad. Igualmente debe contar con baños y elementos de higiene. Debe ubicarse en un punto de fácil accesibilidad y equidistante dentro de la localidad, teniendo en cuenta que muchos de las y los potenciales participantes no cuentan con medios económicos para su desplazamiento. Estado del Inmueble: Debe estar dotado con mobiliario y materiales necesarios para la ejecución del componente. La recepción y sala de espera, debe ser un lugar cómodo dotado con computador, teléfono, cuya ambientación visual y auditiva propicie un ambiente tranquilo y agradable a los participantes. El inmueble debe contar con mínimo un baño, dotado con los implementos de aseo necesarios (toalla para manos, jabón, papel higiénico, papelera). | H13: 6 | I13: Meses | J13: 350 | K13: Familias | L13: 5008500 | M13: =+L13*19% -> 951615 | N13: =+M13+L13 -> 5960115 | O13: =H13*L13 -> 30051000 | P13: =N13*H13 -> 35760690 | Q13: 4500000 | R13: =+Q13*0.19 -> 855000 | S13: =+Q13+R13 -> 5355000 | T13: =Q13*H13 -> 27000000 | U13: =S13*H13 -> 32130000 | V13: 4500000 | W13: 855000 | X13: 5355000 | Y13: =V13*H13 -> 27000000 | Z13: =X13*H13 -> 32130000 | AA13: =AVERAGE(L13,Q13,V13) -> 4669500 | AB13: =AVERAGE(M13,R13,W13) -> 887205 | AC13: =AVERAGE(N13,S13,X13) -> 5556705 | AD13: =AVERAGE(O13,T13,Y13) -> 28017000 | AE13: =AVERAGE(P13,U13,Z13) -> 33340230 | AF13: =_xlfn.STDEV.P(P13,U13,Z13) -> 1711523.7 | AG13: =AF13/AE13 -> 0.051335089
A14: 12 | B14: Componente: Posicionamiento y promoción del buen trato en jornadas locales. | C14: Conmemorar eventos que permiten visibilizar causas sociales entorno a la prevención de las violencias. | D14: Comunidad en general de la localidad | E14: Jornadas de 6 horas | F14: Comunidad en general de la localidad de Suba | G14: El contratista deberá garantizar, en el desarrollo de los 10 eventos conmemorativos y/o celebraciones de jornadas locales, el acompañamiento de: -Un (1) animador con mínimo Título de bachiller, 18 meses de experiencia laboral en recreación, animación, o afines. -Tres (3) Artistas prefiblemente locales. -6 Profesionales con 24 meses de experiencia en actividades de facilitador, tallerista o docente y al menos 12 meses de los 24 meses de experiencia profesional en trabajo en comunidad o jóvenes en temas de derechos sexuales y reproductivos y/o habilidades para la vida que realicen actividades principalmente lúdicas, recreativas y vivenciales. Sensibilización tendiente a la prevención de violencias y rutas de atención integral de acceso a la justicia. | H14: 10 | I14: Jornadas | J14: Jornadas de 6 horas | L14: 10017000 | M14: =+L14*19% -> 1903230 | N14: =+M14+L14 -> 11920230 | O14: =H14*L14 -> 100170000 | P14: =N14*H14 -> 119202300 | Q14: 9646509 | R14: =+Q14*0.19 -> 1832836.7 | S14: =+Q14+R14 -> 11479346 | T14: =Q14*H14 -> 96465090 | U14: =S14*H14 -> 1.1479346e+08 | V14: 9000000 | W14: 1710000 | X14: 10710000 | Y14: =V14*H14 -> 90000000 | Z14: =X14*H14 -> 107100000 | AA14: =AVERAGE(L14,Q14,V14) -> 9554503 | AB14: =AVERAGE(M14,R14,W14) -> 1815355.6 | AC14: =AVERAGE(N14,S14,X14) -> 11369859 | AD14: =AVERAGE(O14,T14,Y14) -> 95545030 | AE14: =AVERAGE(P14,U14,Z14) -> 1.1369859e+08 | AF14: =_xlfn.STDEV.P(P14,U14,Z14) -> 5001031.5 | AG14: =AF14/AE14 -> 0.043984993
A15: 13 | G15: Sonido: Alquiler de sonido profesional de 7.000 watts line array. con sistema y microfonería completo para presentaciones. incluye 8 micrófonos dinámicos, 2 micrófonos condensadores, 4 cajas directas activas, 1 consola análoga 16 canales, 1 ecualizador gráfico, 1 reverberación digital, 1 snake de 8 canales y 10 metros, 1 cd player (mp3, wap, cd, dvd), 2 cabinas para público, 4 monitores para escenario, técnico de sonido y operario de montaje, cables y conexiones - tiempo de alquiler 1 día. instalación, transporte y desinstalación | H15: 10 | I15: Unidad | L15: 9121294.7 | M15: =+L15*19% -> 1733046 | N15: =+M15+L15 -> 10854341 | O15: =H15*L15 -> 91212947 | P15: =N15*H15 -> 1.0854341e+08 | Q15: 8250304 | R15: =+Q15*0.19 -> 1567557.8 | S15: =+Q15+R15 -> 9817861.8 | T15: =Q15*H15 -> 82503040 | U15: =S15*H15 -> 98178618 | V15: 8195233 | W15: 1557094 | X15: 9752328 | Y15: =V15*H15 -> 81952330 | Z15: =X15*H15 -> 97523280 | AA15: =AVERAGE(L15,Q15,V15) -> 8522277.2 | AB15: =AVERAGE(M15,R15,W15) -> 1619232.6 | AC15: =AVERAGE(N15,S15,X15) -> 10141510 | AD15: =AVERAGE(O15,T15,Y15) -> 85222772 | AE15: =AVERAGE(P15,U15,Z15) -> 1.014151e+08 | AF15: =_xlfn.STDEV.P(P15,U15,Z15) -> 5047568.4 | AG15: =AF15/AE15 -> 0.049771369
A16: 14 | G16: Carpas: Alquiler de carpa tipo bodega para trabajo liviano, tipo túnel con laterales y ventanas en vinilo transparente. Para mover a distintos puntos de la localidad durante el proyecto. Medidas: 6mts x 3 mts. | H16: 50 | I16: Unidad | L16: 1446900 | M16: =+L16*19% -> 274911 | N16: =+M16+L16 -> 1721811 | O16: =H16*L16 -> 72345000 | P16: =N16*H16 -> 86090550 | Q16: 1307356 | R16: =+Q16*0.19 -> 248397.64 | S16: =+Q16+R16 -> 1555753.6 | T16: =Q16*H16 -> 65367800 | U16: =S16*H16 -> 77787682 | V16: 1300000 | W16: 247000 | X16: 1547000 | Y16: =V16*H16 -> 65000000 | Z16: =X16*H16 -> 77350000 | AA16: =AVERAGE(L16,Q16,V16) -> 1351418.7 | AB16: =AVERAGE(M16,R16,W16) -> 256769.55 | AC16: =AVERAGE(N16,S16,X16) -> 1608188.2 | AD16: =AVERAGE(O16,T16,Y16) -> 67570933 | AE16: =AVERAGE(P16,U16,Z16) -> 80409411 | AF16: =_xlfn.STDEV.P(P16,U16,Z16) -> 4021144.1 | AG16: =AF16/AE16 -> 0.050008376
A17: 15 | G17: Tarima: Alquiler de tarima de 5x5 (altura modular entre 0.20 y 1.60) con faldon negro, escalera de embarque y desembarque, cinta anti deslizante y barandas. Incluye instalación, transporte y entrega en el lugar requerido, montaje y desmontaje de la misma (jornada 6 horas día). Debe contar con techo que cubra la superficie de la tarima en caso de lluvia. | H17: 10 | I17: Unidad | L17: 2352065.8 | M17: =+L17*19% -> 446892.5 | N17: =+M17+L17 -> 2798958.3 | O17: =H17*L17 -> 23520658 | P17: =N17*H17 -> 27989583 | Q17: 4442471 | R17: =+Q17*0.19 -> 844069.49 | S17: =+Q17+R17 -> 5286540.5 | T17: =Q17*H17 -> 44424710 | U17: =S17*H17 -> 52865405 | V17: 2113267 | W17: 401521 | X17: 2514787 | Y17: =V17*H17 -> 21132670 | Z17: =X17*H17 -> 25147870 | AA17: =AVERAGE(L17,Q17,V17) -> 2969267.9 | AB17: =AVERAGE(M17,R17,W17) -> 564161 | AC17: =AVERAGE(N17,S17,X17) -> 3533428.6 | AD17: =AVERAGE(O17,T17,Y17) -> 29692679 | AE17: =AVERAGE(P17,U17,Z17) -> 35334286 | AF17: =_xlfn.STDEV.P(P17,U17,Z17) -> 12450540 | AG17: =AF17/AE17 -> 0.35236428
A18: 16 | G18: Sillas: alquiler silla plástica de 2.11kg. 46,5cm de ancho, 87,5cm de alto, 52,5cm de largo, con espaldar tejido. | H18: 150 | I18: Unidad | L18: 4279.485 | M18: =+L18*19% -> 813.10215 | N18: =+M18+L18 -> 5092.5871 | O18: =H18*L18 -> 641922.75 | P18: =N18*H18 -> 763888.07 | Q18: 5711 | R18: =+Q18*0.19 -> 1085.09 | S18: =+Q18+R18 -> 6796.09 | T18: =Q18*H18 -> 856650 | U18: =S18*H18 -> 1019413.5 | V18: 3845 | W18: 731 | X18: 4576 | Y18: =V18*H18 -> 576750 | Z18: =X18*H18 -> 686400 | AA18: =AVERAGE(L18,Q18,V18) -> 4611.8283 | AB18: =AVERAGE(M18,R18,W18) -> 876.39738 | AC18: =AVERAGE(N18,S18,X18) -> 5488.2257 | AD18: =AVERAGE(O18,T18,Y18) -> 691774.25 | AE18: =AVERAGE(P18,U18,Z18) -> 823233.86 | AF18: =_xlfn.STDEV.P(P18,U18,Z18) -> 142281.27 | AG18: =AF18/AE18 -> 0.17283214
A19: 17 | G19: Mesas: Mesa cuadrada de 4 puestos, color blanca, desarmable, fácil de transportar. Alto: 72 cms, Material de la cubierta: Plástico, Material de la estructura: Plástico | H19: 300 | I19: Unidad | L19: 12876.854 | M19: =+L19*19% -> 2446.6022 | N19: =+M19+L19 -> 15323.456 | O19: =H19*L19 -> 3863056.1 | P19: =N19*H19 -> 4597036.7 | Q19: 9139 | R19: =+Q19*0.19 -> 1736.41 | S19: =+Q19+R19 -> 10875.41 | T19: =Q19*H19 -> 2741700 | U19: =S19*H19 -> 3262623 | V19: 11570 | W19: 2198 | X19: 13768 | Y19: =V19*H19 -> 3471000 | Z19: =X19*H19 -> 4130400 | AA19: =AVERAGE(L19,Q19,V19) -> 11195.284 | AB19: =AVERAGE(M19,R19,W19) -> 2127.0041 | AC19: =AVERAGE(N19,S19,X19) -> 13322.289 | AD19: =AVERAGE(O19,T19,Y19) -> 3358585.4 | AE19: =AVERAGE(P19,U19,Z19) -> 3996686.6 | AF19: =_xlfn.STDEV.P(P19,U19,Z19) -> 552916.17 | AG19: =AF19/AE19 -> 0.13834364
A20: 18 | G20: Alquiler Generador Electrico Potencia Standby: 40 kW / 50 kVA. Corriente Standby: 131 A. Para una autonomia aproximada de 8 horas. Generador Y164C con AVR para soportar picos de Corriente en Voltaje 127 - 220V. Fases 3 | H20: 10 | I20: Unidad | L20: 1780800 | M20: =+L20*19% -> 338352 | N20: =+M20+L20 -> 2119152 | O20: =H20*L20 -> 17808000 | P20: 2119152 | Q20: 2600000 | R20: =+Q20*0.19 -> 494000 | S20: =+Q20+R20 -> 3094000 | T20: =Q20*H20 -> 26000000 | U20: =S20*H20 -> 30940000 | V20: 1600000 | W20: 304000 | X20: 1904000 | Y20: =V20*H20 -> 16000000 | Z20: =X20*H20 -> 19040000 | AA20: =AVERAGE(L20,Q20,V20) -> 1993600 | AB20: =AVERAGE(M20,R20,W20) -> 378784 | AC20: =AVERAGE(N20,S20,X20) -> 2372384 | AD20: =AVERAGE(O20,T20,Y20) -> 19936000 | AE20: =AVERAGE(P20,Z20) -> 10579576 | AF20: =_xlfn.STDEV.P(P20,Z20) -> 8460424 | AG20: =AF20/AE20 -> 0.79969405
A21: 19 | G21: Pendones: Diseño a definir por el comité de seguimiento, previo aval de prensa. En 5 colores. Con soporte tipo araña. Material: Vinilo o lona. Tamaño: 60cmx180cm. Los pendones deben ser aprobados por la oficina de prensa de la Alcaldía Local de Suba | H21: 10 | I21: Unidad | L21: 181049.56 | M21: =+L21*19% -> 34399.416 | N21: =+M21+L21 -> 215448.98 | O21: =H21*L21 -> 1810495.6 | P21: =N21*H21 -> 2154489.8 | Q21: 247509 | R21: =+Q21*0.19 -> 47026.71 | S21: =+Q21+R21 -> 294535.71 | T21: =Q21*H21 -> 2475090 | U21: =S21*H21 -> 2945357.1 | V21: 162668 | W21: 30907 | X21: 193575 | Y21: =V21*H21 -> 1626680 | Z21: =X21*H21 -> 1935750 | AA21: =AVERAGE(L21,Q21,V21) -> 197075.52 | AB21: =AVERAGE(M21,R21,W21) -> 37444.375 | AC21: =AVERAGE(N21,S21,X21) -> 234519.9 | AD21: =AVERAGE(O21,T21,Y21) -> 1970755.2 | AE21: =AVERAGE(P21,U21,Z21) -> 2345199 | AF21: =_xlfn.STDEV.P(P21,U21,Z21) -> 433669.71 | AG21: =AF21/AE21 -> 0.18491809
P22: =SUM(P3:P21) -> 6.6289628e+08 | U22: =SUM(U3:U21) -> 6.6973321e+08 | Z22: =SUM(Z3:Z21) -> 612730300 | AE22: =SUM(AE3:AE14) -> 4.0676296e+08
P23: =P22+$J$96 -> 1.3739443e+09 | U23: =U22+$J$96 -> 1.3807812e+09 | Z23: =Z22+$J$96 -> 1323778300 | AE23: =AE22+J96+N100+N106 -> #REF! | AH23: 1305484000
AH24: =+AH23-AE23 -> #REF!
F25: PERSONAL (CARGO) | G25: PERFIL | H25: CANTIDAD | I25: MESES | J25: VALOR MENSUAL REFERENCIA TECHO RESOLUCIÓN 0001 DEL 04/01/2024 - SECRETARÍA DISTRITAL DE GOBIERNO | K25: VALOR TOTAL
C26: Todos los Componentes | D26: PERSONAL | E26: 1 | F26: Cordinador del Proyecto | G26: FORMACIÓN PROFESIONAL | H26: 1 | I26: 8 | J26: 8000000 | K26: =J26*I26*H26 -> 64000000
G27: Formación profesional en áreas del conocimiento de ciencias sociales y humanas o economía, administración, contaduría y afines y núcleos básicos del conocimiento en Ciencia Política, Derecho, Psicología, Sociología, Trabajo Social, Administración, Administración Pública o Economía con especialización en áreas cómo Ciencias Humanas, Economía o Administración.
G28: EXPERIENCIA PROFESIONAL
G29: Experiencia mínima de sesenta (60) meses debidamente certificada, contados a partir de la expedición de la tarjeta profesional, terminación de materias y/o fecha de grado, según aplique.
G30: EXPERIENCIA ESPECIFICA
G31: Experiencia mínima profesional de treinta y seis (36) y hasta setenta y dos (72) meses en coordinación y ejecución de proyectos sociales y/o cargos de nivel directivo o gerencial con población afectada por violencia en el contexto familiar y/o violencia sexual.
G32: Dedicación 100%.
C33: Todos los Componentes | E33: 2 | F33: Asistente Administrativo | G33: FORMACIÓN PROFESIONAL | H33: 1 | I33: 8 | J33: 3381000 | K33: =J33*I33*H33 -> 27048000
G34: Título de formación técnica o tecnológica o acreditación o aprobación del 50% o más de un plan de estudios de una carrera profesional que sea afín con el objeto a contratar.
G35: EXPERIENCIA PROFESIONAL
G36: Experiencia mínima de treinta y cinco (35) meses debidamente certificada, contados a partir de la expedición de la tarjeta profesional, terminación de materias y/o fecha de grado, según aplique.
G37: EXPERIENCIA ESPECIFICA
G38: Experiencia mínima de 18 meses en actividades administrativas de secretariado o archivo, manejo de bases de datos o asistenciales.
G39: Dedicación 100%.
C40: Componente 2 A2. LA FAMILIA ES PARA CUIDARLA | E40: 3 | F40: Psicólogo | G40: FORMACIÓN PROFESIONAL | H40: 2 | I40: 3 | J40: 5000000 | K40: =J40*I40*H40 -> 30000000
G41: Formación profesional en áreas del conocimiento de ciencias sociales y humanas y núcleos básicos del conocimiento en Psicología.
G42: EXPERIENCIA PROFESIONAL
G43: Experiencia de veintiún (21) meses de debidamente certificada, contados a partir de la expedición de la tarjeta profesional, terminación de materias y/o fecha de grado, según aplique.
G44: EXPERIENCIA ESPECIFICA
G45: Experiencia mínima de 18 meses en asesoría a familias en situación de violencia en el contexto familiar o poblaciones vulnerables.
E46: 4 | F46: Profesional en Trabajo Social | G46: FORMACIÓN PROFESIONAL | H46: 2 | I46: 3 | J46: 5000000 | K46: =J46*I46*H46 -> 30000000
G47: Formación profesional en áreas del conocimiento de ciencias sociales y humanas y núcleos básicos del conocimiento en Trabajo Social.
G48: EXPERIENCIA PROFESIONAL
G49: Experiencia de veintiún (21) meses de debidamente certificada, contados a partir de la expedición de la tarjeta profesional, terminación de materias y/o fecha de grado, según aplique.
G50: EXPERIENCIA ESPECIFICA
G51: Experiencia mínima de 18 meses en asesoría a familias en situación de violencia en el contexto familiar o poblaciones vulnerables.
C52: Componente 2 A3. CUIDÁNDOME, CUIDÁNDONOS | E52: 5 | F52: Psicólogo | G52: FORMACIÓN PROFESIONAL | H52: 3 | I52: 5 | J52: 5000000 | K52: =J52*I52*H52 -> 75000000
G53: Formación profesional en áreas del conocimiento de ciencias sociales y humanas y núcleos básicos del conocimiento en Psicología.
G54: EXPERIENCIA PROFESIONAL
G55: Experiencia de veintiún (21) meses de debidamente certificada, contados a partir de la expedición de la tarjeta profesional, terminación de materias y/o fecha de grado, según aplique.
G56: EXPERIENCIA ESPECIFICA
G57: Experiencia mínima de 18 meses en asesoría a familias en situación de violencia en el contexto familiar o poblaciones vulnerables.
E58: 6 | F58: Profesional en Trabajo Social | G58: FORMACIÓN PROFESIONAL | H58: 3 | I58: 5 | J58: 5000000 | K58: =J58*I58*H58 -> 75000000
G59: Formación profesional en áreas del conocimiento de ciencias sociales y humanas y núcleos básicos del conocimiento en Trabajo Social.
G60: EXPERIENCIA PROFESIONAL
G61: Experiencia de veintiún (21) meses de debidamente certificada, contados a partir de la expedición de la tarjeta profesional, terminación de materias y/o fecha de grado, según aplique.
G62: EXPERIENCIA ESPECIFICA
G63: Experiencia mínima de 18 meses en asesoría a familias en situación de violencia en el contexto familiar o poblaciones vulnerables.
C64: Componente 2 B3. ESTRATEGIAS COMUNICATIVAS_DI NO A LA VULNERACIÓN DE DERECHO | E64: 7 | F64: Psicólogo | G64: FORMACIÓN PROFESIONAL | H64: 4 | I64: 4 | J64: 5000000 | K64: =J64*I64*H64 -> 80000000
G65: Formación profesional en áreas del conocimiento de ciencias sociales y humanas y núcleos básicos del conocimiento en Psicología.
G66: EXPERIENCIA PROFESIONAL
G67: Experiencia de veintiún (21) meses de debidamente certificada, contados a partir de la expedición de la tarjeta profesional, terminación de materias y/o fecha de grado, según aplique.
G68: EXPERIENCIA ESPECIFICA
G69: Experiencia mínima de 18 meses en asesoría a familias en situación de violencia en el contexto familiar o poblaciones vulnerables.
E70: 8 | F70: Profesional en Trabajo Social | G70: FORMACIÓN PROFESIONAL | H70: 4 | I70: 4 | J70: 5000000 | K70: =J70*I70*H70 -> 80000000
G71: Formación profesional en áreas del conocimiento de ciencias sociales y humanas y núcleos básicos del conocimiento en Trabajo Social.
G72: EXPERIENCIA PROFESIONAL
G73: Experiencia de veintiún (21) meses de debidamente certificada, contados a partir de la expedición de la tarjeta profesional, terminación de materias y/o fecha de grado, según aplique.
G74: EXPERIENCIA ESPECIFICA
G75: Experiencia mínima de 18 meses en asesoría a familias en situación de violencia en el contexto familiar o poblaciones vulnerables.
C76: Componenete 2 Actividad B. 2. 2. Movilizaciones Territoriales | E76: 9 | F76: Artista Escénico | G76: FORMACIÓN PROFESIONAL | H76: 2 | I76: 3 | J76: 5000000 | K76: =J76*I76*H76 -> 30000000
G77: Formación profesional en áreas del conocimiento de bella artes y núcleo básico del conocimiento en Artes Plásticas Visuales y afines, Artes Representativas, Música y Otros Programas Asociados a Bellas Artes
G78: EXPERIENCIA PROFESIONAL
G79: Experiencia de veintiún (21) meses de debidamente certificada, contados a partir de la expedición de la tarjeta profesional, terminación de materias y/o fecha de grado, según aplique.
G80: EXPERIENCIA ESPECIFICA
G81: Experiencia mínima de 18 meses en trabajo con comunidad o en proyectos sociales o puestas en escena sobre temáticas relacionadas con violencias, preferiblemente con entidades del sector público.
C82: Componenete 3 | E82: 10 | F82: Psicólogo | G82: FORMACIÓN PROFESIONAL | H82: 4 | I82: 5.5 | J82: 5000000 | K82: =J82*I82*H82 -> 110000000
G83: Formación profesional en áreas del conocimiento de ciencias sociales y humanas y núcleos básicos del conocimiento en Psicología.
G84: EXPERIENCIA PROFESIONAL
G85: Experiencia de veintiún (21) meses de debidamente certificada, contados a partir de la expedición de la tarjeta profesional, terminación de materias y/o fecha de grado, según aplique.
G86: EXPERIENCIA ESPECIFICA
G87: Experiencia mínima de 18 meses en asesoría a personas o familias en situación de violencias.
C88: Componenete 3 | E88: 11 | F88: Trabajador Social | G88: FORMACIÓN PROFESIONAL | H88: 4 | I88: 5.5 | J88: 5000000 | K88: =J88*I88*H88 -> 110000000
G89: Formación profesional en áreas del conocimiento de ciencias sociales y humanas y núcleos básicos del conocimiento en Trabajo Social.
G90: EXPERIENCIA PROFESIONAL
G91: Experiencia de veintiún (21) meses de debidamente certificada, contados a partir de la expedición de la tarjeta profesional, terminación de materias y/o fecha de grado, según aplique.
G92: EXPERIENCIA ESPECIFICA
G93: Experiencia mínima de 18 meses en asesoría a familias en situación de violencia en el contexto familiar o poblaciones vulnerables
C94: NOTA 1: EL VALOR TOTAL COTIZADO INCLUYE TODOS LOS COSTOS DIRECTOS E INDIRECTOS, IMPUESTOS , TASAS, CONTRIBUCIONES Y TODOS LOS NECESARIOS PARA EJECUTAR DEL OBJETO CONTRACTUAL CON EL CUMPLIMIENTO DE LAS CONDICIONES Y ESPECIFICACIONES TECNICAS. NOTA 2: EL VALOR DEL PERSONAL CORRESPONDE A VALORES DE REFERENCIA SEGÚN RESOLUCIÓN 0001 DEL 04/01/2024 DE LA SECRETARÍA DISTRITAL DE GOBIERNO. NO ES OFERTABLE
I96: Total Personal | J96: =SUM(K26:K93) -> 711048000
G99: Item | H99: Cantidad | I99: Unidad de Medida | J99: Valor | K99: Iva | L99: Valor Total | M99: Valor total Sin IVA | N99: Valor total con IVA
C100: Todos los componentes | G100: Papelería, impresiones y gastos de Tramites Administrativos | H100: 1 | I100: Unidad | J100: =3450000/1.19 -> 2899159.7 | K100: =J100*19% -> 550840.34 | L100: =J100+K100 -> 3450000 | M100: =J100*H100 -> 2899159.7 | N100: =L100*H100 -> 3450000
C101: Componente 4 | G101: Sonido: Alquiler de sonido profesional de 7.000 watts line array. con sistema y microfonería completo para presentaciones. incluye 8 micrófonos dinámicos, 2 micrófonos condensadores, 4 cajas directas activas, 1 consola análoga 16 canales, 1 ecualizador gráfico, 1 reverberación digital, 1 snake de 8 canales y 10 metros, 1 cd player (mp3, wap, cd, dvd), 2 cabinas para público, 4 monitores para escenario, técnico de sonido y operario de montaje, cables y conexiones - tiempo de alquiler 1 día. instalación, transporte y desinstalación | H101: 10 | I101: Servicio | J101: 8195233.3 | K101: 1557094.3 | L101: 9752327.7 | M101: =J101*H101 -> 81952333 | N101: =L101*H101 -> 97523277
G102: =PROPER("CARPA PAGODA DE 4X4 CON LATERALES INCLUYE INSTALACIÓN, TRASPORTE Y ENTREGA EN EL LUGAR REQUERIDO, MONTAJE Y DESMONTAJE DE LA MISMA (JORNADA ENTRE 4 A 6 HORAS - DÍA)") -> Carpa Pagoda De 4X4 Con Laterales Incluye Instalación, Trasporte Y Entrega En El Lugar Requerido, Montaje Y Desmontaje De La Misma (Jornada Entre 4 A 6 Horas - Día) | H102: 50 | I102: Servicio | J102: =AVERAGE(#REF!,#REF!,#REF!) -> #REF! | K102: =J102*19% -> #REF! | L102: =J102+K102 -> #REF! | M102: =J102*H102 -> #REF! | N102: =L102*H102 -> #REF!
G103: Tarima: Alquiler de tarima de 5x5 (altura modular entre 0.20 y 1.60) con faldon negro, escalera de embarque y desembarque, cinta anti deslizante y barandas. Incluye instalación, transporte y entrega en el lugar requerido, montaje y desmontaje de la misma (jornada 6 horas día). Debe contar con techo que cubra la superficie de la tarima en caso de lluvia. | H103: 10 | I103: Unidad | J103: =AVERAGE(#REF!,#REF!,#REF!) -> #REF! | K103: =J103*19% -> #REF! | L103: =J103+K103 -> #REF! | M103: =J103*H103 -> #REF! | N103: =L103*H103 -> #REF!
...

Sheet Costo por componente
C2: Componente | D2: Valor | E2: Personal | F2: Insumos | G2: Total | H2: %
C3: 1 | D3: 0 | E3: =E10/5 -> 18209600 | F3: =2700000/4 -> 675000 | G3: =D3+E3+F3 -> 18884600 | H3: =G3/$G$8 -> 0.013932713
C4: 2 | D4: =SUM('Estudio de mercado'!AE3:AE12) -> 2.5972415e+08 | E4: =SUM('Estudio de mercado'!K40:K81)+E10/5 -> 418209600 | F4: =2700000/4 -> 675000 | G4: =D4+E4+F4 -> 6.7860875e+08 | H4: =G4/$G$8 -> 0.50066512
C5: 3 | D5: ='Estudio de mercado'!AE13 -> 33340230 | E5: ='Estudio de mercado'!K82+'Estudio de mercado'!K88+E10/5 -> 238209600 | F5: =2700000/4 -> 675000 | G5: =D5+E5+F5 -> 272224830 | H5: =G5/$G$8 -> 0.2008425
C6: 4 | D6: ='Estudio de mercado'!AE14+'Estudio de mercado'!AE15+'Estudio de mercado'!AE16+'Estudio de mercado'!AE17+'Estudio de mercado'!AE18+'Estudio de mercado'!AE19+'Estudio de mercado'!AE20+'Estudio de mercado'!AE21 -> 3.4860208e+08 | E6: =E10/5 -> 18209600 | F6: =2700000/4 -> 675000 | G6: =D6+E6+F6 -> 3.6748668e+08 | H6: =G6/$G$8 -> 0.27112495
C7: 5 | D7: 0 | E7: =E10/5 -> 18209600 | F7: 0 | G7: =D7+E7+F7 -> 18209600 | H7: =G7/$G$8 -> 0.01343471
C8: Total | D8: =SUM(D3:D7) -> 6.4166646e+08 | E8: =SUM(E3:E7) -> 711048000 | F8: =SUM(F3:F7) -> 2700000 | G8: =SUM(G3:G7) -> 1.3554145e+09 | H8: =SUM(H3:H7) -> 1
E10: ='Estudio de mercado'!K26+'Estudio de mercado'!K33 -> 91048000

Sheet OFERTA ECONOMICA
A1: FORMATO OFERTA ECONOMICA
A2: OBJETO: PRESTAR LOS SERVICIOS LOGÍSTICOS Y DE CATERING PARA LA REALIZACIÓN DE EVENTOS Y ACTIVIDADES TRANSVERSALES QUE REQUIERA LA ALCALDÍA LOCAL DE SUBA EN EL MARCO DEL CUMPLIMIENTO DEL PLAN DE DESARROLLO LOCAL.
A5: ELEMENTOS Y/O SERVICIOS
A7: ÍTEM | B7: ELEMENTO | C7: DESCRIPCIÓN | D7: Unidad | E7: Cantidad | F7: VALOR UNITARIO INCLUIDO IVA FINAL TECHO QUE LOS PROPONENTES NO PODRÁN SUPERAR | G7: VALOR UNITARIO ANTES DE IVA | H7: IVA | I7: VALOR UNITARIO INCLUIDO IVA OFERTADO
A8: 1 | B8: Talento humano | C8: LOGÍSTICO: OPERARIO CON EXPERIENCIA CERTIFICADA EN EVENTOS MÁSIVOS QUE INCLUYA DOTACIÓN DE UNIFORME Y ELEMENTOS DE BIOSEGURIDAD (JORNADA ENTRE 6 Y HASTA 10 HORAS DÍA) | D8: Servicio | E8: 1 | F8: 150217 | H8: =G8*19% -> 0 | I8: =SUM(G8,H8) -> 0
A9: 2 | B9: Talento humano | C9: BRIGADAS SE ASEO DE 4 PERSONAS, QUE INCLUYA LOS INSUMOS: 50 BOLSAS DE BASURA, ESCOBAS, RECOGEDORES, GUANTES PARA EL PERSONAL DE BRIGADA, TAPA BOCAS PARA EL PERSONAL DE BRIGADA PAPEL HIGIÉNICO INDUSTRIAL, JABÓN PARA LAVAR MANOS, DESINFECTANTE PARA PISOS, AMBIENTADOR. (JORNADA ENTRE 6 Y HASTA 10 HORAS DÍA). | D9: Servicio | E9: 1 | F9: 563628.5 | H9: =G9*19% -> 0 | I9: =SUM(G9,H9) -> 0
A10: 3 | B10: Talento humano | C10: PERSONAL DE PRIMEROS AUXILIOS (AUXILIARES DE ENFERMERÍA) (JORNADA ENTRE 5 Y HASTA 10 HORAS DÍA). | D10: Servicio | E10: 1 | F10: 272390.5 | H10: =G10*19% -> 0 | I10: =SUM(G10,H10) -> 0
A11: 4 | B11: Talento humano | C11: MEDICO CON EXPERIENCIA PARA UTILIZACIÓN DE MEC (MÓDULO DE ESTABILIZACIÓN Y CLASIFICACIÓN), EN LOS EVENTOS MASIVOS SIEMPRE SE TIENE POR SOLICITUD DE LOS ENTES REGULADORES, ES EL ELEMENTO CENTRAL PARA LA ATENCIÓN A POSIBLES VÍCTIMAS DE LA CADENA DE SOCORRO DONDE INICIA LA ATENCIÓN MÉDICA Y SE CLASIFICA EL TIPO DE EMERGENCIA Y LA NECESIDAD DE TRASLADAR O NO UN POSIBLE AFECTADO A UN CENTRO DE ATENCIÓN O SE LE PRESTAN LOS PRIMEROS AUXILIOS BÁSICOS QUE REQUIERA. (JORNADA ENTRE 5 Y HASTA 10 HORAS DÍA). | D11: Servicio | E11: 1 | F11: 739487.5 | H11: =G11*19% -> 0 | I11: =SUM(G11,H11) -> 0
A12: 5 | B12: Talento humano | C12: PRESENTADOR PARA EVENTO DIURNO O NOCTURNO CON EXPERIENCIA EN MANEJO DE PÚBLICO (POR EVENTO O MAXIMO 8 HORAS). | D12: Servicio | E12: 1 | F12: 443956 | H12: =G12*19% -> 0 | I12: =SUM(G12,H12) -> 0
A13: 6 | B13: Talento humano | C13: PRESENTACION DE ARTISTAS MUSICALES DE LA LOCALIDAD (GRUPOS DE ROCK, RAP, HIP HOP, REGGAETÓN ENTRE OTROS) | D13: Servicio | E13: 1 | F13: 3254025.5 | H13: =G13*19% -> 0 | I13: =+G13+H13 -> 0
A14: 7 | B14: Talento humano | C14: PRESENTACION DE ARTISTAS DE LA LOCALIDAD (DÚO, TRIO, ORQUESTA) POR EVENTO O DÍA | D14: Servicio | E14: 1 | F14: 2847197.7 | H14: =G14*19% -> 0 | I14: =SUM(G14,H14) -> 0
A15: 8 | B15: Talento humano | C15: PRESENTACION DE ARTISTAS MODALIDAD CULTURAL FESTIVA (BATUCADA, COMPARSA, CIRCO, PAPAYERA (MÁS DE 6 PARTICIPANTES) POR EVENTO O DÍA | D15: Servicio | E15: 1 | F15: 1995469.5 | H15: =G15*19% -> 0 | I15: =SUM(G15,H15) -> 0
A16: 9 | B16: Talento humano | C16: DUO DE INTÉRPRETES DE LENGUAJE DE SEÑAS O SIGNOS: MÍNIMO DE SEIS (6) MESES DE EXPERIENCIA CERTIFICADA. TURNOS DE 25 MINUTOS CADA UNO DURANTE LA DURACIÓN DEL EVENTO (SERVICIO POR EVENTO DE 3 A 4 HORAS) | D16: Servicio | E16: 1 | F16: 1343608 | H16: =G16*19% -> 0 | I16: =SUM(G16,H16) -> 0
A17: 10 | B17: Talento humano | C17: SERVICIO INTEGRAL DE DÚO DE GUÍAS DE INTERPRETACIÓN PARA PERSONAS SORDOCIEGAS: MÍNIMO DE SEIS (6) MESES DE EXPERIENCIA CERTIFICADA. TURNOS DE 25 MINUTOS CADA UNO DURANTE LA DURACIÓN DEL EVENTO (SERVICIO POR EVENTO DE 3 A 4 HORAS) | D17: Servicio | E17: 1 | F17: 1458334 | H17: =G17*19% -> 0 | I17: =SUM(G17,H17) -> 0
A18: 11 | B18: Salón | C18: Espacio adecuado con dotación de sillas, baños, mesas, video beam, computador, sonido (parlantes y micrófono) y elementos necesarios para el desarrollo de eventos de hasta 50 personas. Con disponibilidad de espacio exterior para el desarrollo de las actividades al aire libre. | D18: Servicio | E18: 1 | F18: 613028.5 | H18: =G18*19% -> 0 | I18: =SUM(G18,H18) -> 0
A19: 12 | B19: Auditorio | C19: AUDITORIO ALQUILER INCLUYENDO SERVICIO DE ASEO, PARA EL DESARROLLO DE SESIONES CON CAPACIDAD PARA CINCUENTA PERSONAS. INCLUYE MESAS, SILLAS, VIDEO BEAM Y SONIDO. JORNADA POR EVENTO O DÍA | D19: Servicio | E19: 1 | F19: 1762650 | H19: =G19*19% -> 0 | I19: =SUM(G19,H19) -> 0
A20: 13 | B20: Auditorio | C20: AUDITORIO O SALÓN ALQUILER INCLUYENDO SERVICIO DE ASEO, PARA EL DESARROLLO DE SESIONES CON CAPACIDAD PARA CIEN (100) PERSONAS. INCLUYE MESAS Y SILLAS, SONIDO, VIDEO BEAM, PANTALLA DE 50", COMPUTADOR PORTATIL JORNADA POR EVENTO O DÍA | D20: Servicio | E20: 1 | F20: 2593150 | H20: =G20*19% -> 0 | I20: =SUM(G20,H20) -> 0
A21: 14 | B21: Auditorio o salón | C21: AUDITORIO EVENTOS ESPECIALES ALQUILER DE AUDITORIO PARA 500 PERSONAS, QUE TENGA INCLUIDO, SONIDO (ENTRADA Y DE SALIDA), MEDIOS AUDIOVISUALES (VIDEO BEAM, TELÓN PARA PRESENTACIONES, PORTÁTIL), DOS ESPACIOS ADICIONALES PARA MESA DE TRABAJO Y ESPACIO PARA EXPOSICIÓN FOTOGRÁFICA, INCLUIR SERVICIO DE BAÑO, VIGILANCIA Y ASEO. (JORNADA POR EVENTO O DÍA) | D21: Servicio | E21: 1 | F21: 3950000 | H21: =G21*19% -> 0 | I21: =SUM(G21,H21) -> 0
A22: 15 | B22: Mobiliario para eventos | C22: ALQUILER MOBILIARIO PARA EVENTOS (1) JUEGO DE TRES (3) POLTRONAS (2) COLOR BLANCO (3) MATERIAL SINTÉTICO (4) DOS (2) MESAS DE CENTRO EN VIDRIO, CUADRADA O REDONDA, BASE METÁLICA, (5) INCLUYE INSTALACIÓN, TRANSPORTE, MONTAJE Y DESMONTAJE (5) SERVICIO POR EVENTO O DÍA | D22: Servicio | E22: 1 | F22: 862241 | H22: =G22*19% -> 0 | I22: =SUM(G22,H22) -> 0
A23: 16 | B23: Alquiler mesas | C23: ALQUILER DE MESAS: MESAS PLÁSTICAS BLANCAS, CUADRADA DE 75 CMS DE LARGO X 75 CMS DE ANCHO X 70,5 CMS DE ALTO INCLUYE TRANSPORTE, INSTALACIÓN Y ENTREGA EN EL LUGAR REQUERIDO. JORNADA POR EVENTO O DÍA | D23: Servicio | E23: 1 | F23: 10902 | H23: =G23*19% -> 0 | I23: =SUM(G23,H23) -> 0
A24: 17 | B24: Alquiler mesas | C24: ALQUILER DE MESAS TIPO TABLÓN: RECTANGULAR PARA 10 PUESTOS. INCLUYE INSTALACIÓN, TRASPORTE Y ENTREGA EN EL LUGAR REQUERIDO, MONTAJE Y DESMONTAJE DE LA MISMA JORNADA POR EVENTO O DÍA | D24: Servicio | E24: 1 | F24: 31003.8 | H24: =G24*19% -> 0 | I24: =SUM(G24,H24) -> 0
A25: 18 | B25: Alquiler manteles | C25: ALQUILER MANTELES DE COLOR BLANCO CON TAPA DE 2X2 EN PVC DRECRON POLIESTER CON REFUERZO EN TELA NO TEJIDA DE 25GR. PARA MESA RECTANGULAR. POR EVENTO O DÍA, INCLUYE TRANSPORTE, | D25: Servicio | E25: 1 | F25: 25183.177 | H25: =G25*19% -> 0 | I25: =SUM(G25,H25) -> 0
... A123: 116 | B123: Estación de café tipo 3 | C123: Servicio de cafetería para 50 personas (tinto, aromática y agua): Operario + presentación mesa + vasos de cartón bebida caliente 4 oz. + mezclador + azúcar + crema para café). Incluye galletas tipo avena o integrales. Duración del evento aprox. 6 horas. Transporte incluido. | D123: Servicio | E123: 1 | F123: 684375 | H123: =G123*19% -> 0 | I123: =SUM(G123,H123) -> 0
A124: TOTAL (VALOR UNITARIO INCLUIDO IVA) | F124: =SUM(F8:F123) -> 1.8210106e+08 | I124: =SUM(I8:I123) -> 0
A126: Atentamente, Proponente: Nit. No. Dirección Teléfono: Correo electrónico Nombre del Representante Legal:Dirección Firma del Representante Legal Correo electrónico Documento de Identificación:
A127: TALENTO HUMANO (QUE NO PODRÁ SER MODIFICADO POR LOS PROPONENTES)
A129: COMPONENTES A CARGO DEL TALENTO HUMANO | B129: CARGO | C129: PERFIL | D129: CANTIDAD | E129: TIEMPO (MESES) (dedicación 100%) | F129: DEDICACIÓN | G129: VALOR UNITARIO SEGÚN RESOLUCIÓN 0001 DE LA SECRETARÍA DE GOBIERNO QUE NO PODRÁ SER OFERTADO POR LOS PROPONENTES | H129: VALOR TOTAL DEFINIDIO POR LA ALS QUE LOS PROPONENTES NO PODRÁN MODIFICAR
A130: Ejecución | B130: Coordinador (a) general del proyecto. | C130: Formación profesional en ciencias sociales y humanas y/o administración, contabilidad, economía y afines (según clasificación del SNIES). EXPERIENCIA PROFESIONAL Tres (3) años de experiencia profesional, contados a partir de la terminación de materias y/o fecha de grado, según aplique. EXPERIENCIA ESPECIFICA En dos (2) años como director(a) y/o coordinador(a) de proyectos logísticos, realización de eventos, ferias o congresos. | D130: 1 | E130: 7 | F130: 1 | G130: 7688000 | H130: =+G130*E130 -> 53816000
A131: TOTAL TALENTO HUMANO | H131: =SUM(H130:H130) -> 53816000
A133: NOTA 1: EL VALOR TOTAL COTIZADO INCLUYE TODOS LOS COSTOS DIRECTOS E INDIRECTOS, IMPUESTOS , TASAS, CONTRIBUCIONES Y TODOS LOS NECESARIOS PARA EJECUTAR DEL OBJETO CONTRACTUAL CON EL CUMPLIMIENTO DE LAS CONDICIONES Y ESPECIFICACIONES TECNICAS. NOTA 2: EL VALOR DEL PERSONAL CORRESPONDE A VALORES DE REFERENCIA SEGÚN RESOLUCIÓN 0001 DEL 04/01/2024 DE LA SECRETARÍA DISTRITAL DE GOBIERNO. NO ES OFERTABLE
B137: Serán de exclusiva responsabilidad del proponente los errores u omisiones en que incurra al indicar el valor de su propuesta, debiendo asumir los mayores costos y/o pérdidas que se deriven de dichos errores u omisiones, sin que por esta razón haya lugar a alegar ruptura del equilibrio contractual. Para efectos del señalamiento del precio ofrecido, el proponente debe tener en cuenta todos los costos, gastos, impuestos, seguros, pago de salarios, prestaciones sociales y demás emolumentos que considere necesarios para la fijación de la propuesta económica. Los proponentes deben tener en cuenta que el costo ofertado respecto de los productos y/o servicios a contratar, NO PUDE SER MAYOR POR ITEM AL ESTABLECIDO POR LA ENTIDAD EN SUS CUADRO DE COSTOS, SO PENA DE RECHAZO DE LA PROPUESTA Los proponentes no modificarán el valor de items que la entidad identifique como ""item no modificable"" Se deberá diligenciar el formato de propuesta económica conforme al anexo correspondiente aportado por el Fondo de Desarrollo de Local de Suba para el presente proceso de selección. EL PROPONENTE QUE OFERTE ELEMENTOS O SERVICIOS NO SOLICITADOS POR LA ENTIDAD ENTRARA EN CAUSAL DE RECHAZO DE LA PROPUESTA. Cuando se trate de errores simplemente aritméticos (sumas o multiplicaciones) la Alcaldía podrá hacer uso de la facultad de corrección aritmética.

Sheet CRONOGRAMA GENERAL ACTIVIDADES
B3: CRONOGRAMA GENERAL DE ACTIVIDADES
B4: COMPONENTE | C4: ACTIVIDAD | D4: MES 1 | H4: MES 2 | L4: MES 3 | P4: MES 4 | T4: MES 5 | X4: MES 6 | AB4: MES 7 | AF4: MES 8
D5: 1 | E5: 2 | F5: 3 | G5: 4 | H5: 1 | I5: 2 | J5: 3 | K5: 4 | L5: 1 | M5: 2 | N5: 3 | O5: 4 | P5: 1 | Q5: 2 | R5: 3 | S5: 4 | T5: 1 | U5: 2 | V5: 3 | W5: 4 | X5: 1 | Y5: 2 | Z5: 3 | AA5: 4 | AB5: 1 | AC5: 2 | AD5: 3 | AE5: 4 | AF5: 1 | AG5: 2 | AH5: 3 | AI5: 4
B6: COMPONENTE 1. ALISTAMIENTO | C6: Elaboración de Documentos y realización de trámites administrativos
C7: Contratación Talento Humano requerido
C8: Plan de Trabajo
C9: Presentación Pública del Proyecto
C10: Socialización del proyecto
B11: COMPONENTE 2: PREVENCIÓN DE VIOLECIA EN EL CONTEXTO FAMILIAR, CIENCIA SEXUAL Y PROMOCIÓN Y GARANTIA DE DERECHOS.
C12: A2. La familia es para cuidarla
C13: A3. Estrategia de acompañamiento “Cuidándome -Cuidándonos”.
C14: B. 2. 2. Movilizaciones Territoriales
C15: B3- Estrategia comunicativas: “Di no a la vulneración de derechos”.
B16: COMPONENTE 3: ORIENTACIÓN Y ASESORÍA FAMILIAR | C16: Encuentros Presenciales Familiares
C17: Encuentros Presenciales Individuales
C18: Encuentros Presenciales Familiares
B19: COMPONENETE 4: POSICIONAMIENTO Y PROMOCIÓN DEL BUEN TRATO EN JORNADAS LOCALES | C19: Se realizarán 5 jornadas que celebren o conmemoren alguna de las fechas propuestas
B20: COMPONENTE 5: SEGUIMIENTO Y EVALUACIÓN DEL PROYECTO | C20: Encuestas de satisfacción
C21: Elaboración Informe mensual de Actividades y anexos (bases de datos y soportes documentales)
C22: Elaboración Informe Final de Actividades y anexos (bases de datos y soportes documentales)

Sheet Calculo Forma de Pagos
A1: ESTUDIO DE MERCADO | L1: COTIZACIÓN 1 | Q1: COTIZACIÓN 2 | V1: COTIZACIÓN 3 | AA1: PROMEDIOS TOTALES
A2: Ítem | B2: Componente | C2: Actividad | D2: Alcance de la actividad | E2: Duración | F2: Población Obejtivo | G2: Descripción | H2: Cantidad | I2: Unidad de medida | J2: Tiempo | K2: Unidad de medida | L2: Valor unitario sin IVA | M2: Valor IVA | N2: Valor unitario con IVA | O2: Valor total Sin IVA | P2: Valor total con IVA | Q2: Valor unitario sin IVA | R2: Valor IVA | S2: Valor unitario con IVA | T2: Valor total Sin IVA | U2: Valor total con IVA | V2: Valor unitario sin IVA | W2: Valor IVA | X2: Valor unitario con IVA | Y2: Valor total Sin IVA | Z2: Valor total con IVA | AA2: Promedio Valor unitario sin IVA | AB2: Promedio Valor IVA | AC2: Promedio Valor unitario con IVA | AD2: Promedio Valor total Sin IVA | AE2: Prmedio Valor total con IVA | AF2: DESVIACIÓN ESTANDAR | AG2: COEF VAR.
A3: 1 | B3: Componente: Prevención de violencia en el contexto familiar, violencia sexual y promoción y garantía de derechos | C3: A.2 “La familia es para cuidarla” | D3: Implementar acciones de sensibilización para prevenir la violencia en el contexto familiar y promover dinámicas de cuidado y entornos protectores. | E3: 30 minutos de sensibilización por casa | F3: 500 personas | G3: Sensibilización de 30 minutos por casa (Papeleria) Tener en cuenta materiales referidos en la estrategia “La familia es para cuidarla”. Impresión de piezas comunicativas de prevención de violencias: Pieza gráfica del folleto de la campaña La familia es para cuidarla, dispuesta por la SDIS- Subdirección para la Familia. Impresión del Instrumento el cuidado familiar, aportado por la SDIS. | H3: 500 | I3: Personas | J3: 30 | K3: minutos de sensibilización por casa | L3: 83475 | M3: =+L3*19% -> 15860.25 | N3: =+M3+L3 -> 99335.25 | O3: =H3*M3 -> 7930125 | P3: =N3*H3 -> 49667625 | Q3: 80000 | R3: =+Q3*0.19 -> 15200 | S3: =+Q3+R3 -> 95200 | T3: =R3*H3 -> 7600000 | U3: =S3*H3 -> 47600000 | V3: 75000 | W3: 14250 | X3: 89250 | Y3: =V3*H3 -> 37500000 | Z3: =X3*H3 -> 44625000 | AA3: =AVERAGE(L3,Q3,V3) -> 79491.667 | AB3: =AVERAGE(M3,R3,W3) -> 15103.417 | AC3: =AVERAGE(N3,S3,X3) -> 94595.083 | AD3: =AVERAGE(O3,T3,Y3) -> 17676708 | AE3: =AVERAGE(P3,U3,Z3) -> 47297542 | AF3: =_xlfn.STDEV.P(P3,U3,Z3) -> 2069722.6 | AG3: =AF3/AE3 -> 0.043759623
A4: 2 | G4: -Diseñar un (1) folleto digital o Flip book para compartir en línea y dejar como recurso instalado en las viviendas visitadas. El Flip book, debe contener (por lo menos 10 páginas con recursos escritos y visuales que contengan información convenida y aprobada por el comité de seguimiento y la oficina de prensa, en temas te prevención de violencia en el contexto familiar y violencia sexual. -500 Folletos plegables en papel estucado o couché, en Formato A4. Medidas: 210 × 297 mm. Impresos en tintas de 5 colores. Con información sobre la prevención de violencia sexual y en el contexto familiar. | H4: 500 | I4: unidad | L4: 890.4 | M4: =+L4*19% -> 169.176 | N4: =+M4+L4 -> 1059.576 | O4: =H4*M4 -> 84588 | P4: =N4*H4 -> 529788 | Q4: 800 | R4: =+Q4*0.19 -> 152 | S4: =+Q4+R4 -> 952 | T4: =R4*H4 -> 76000 | U4: =S4*H4 -> 476000 | V4: 800 | W4: 152 | X4: 952 | Y4: =V4*H4 -> 400000 | Z4: =X4*H4 -> 476000 | AA4: =AVERAGE(L4,Q4,V4) -> 830.13333 | AB4: =AVERAGE(M4,R4,W4) -> 157.72533 | AC4: =AVERAGE(N4,S4,X4) -> 987.85867 | AD4: =AVERAGE(O4,T4,Y4) -> 186862.67 | AE4: =AVERAGE(P4,U4,Z4) -> 493929.33 | AF4: =_xlfn.STDEV.P(P4,U4,Z4) -> 25355.906 | AG4: =AF4/AE4 -> 0.051335089
A5: 3 | G5: -500 Imanes con números/rutas de atención impreso en 5 colores, de 10cms x 6cms. Para pegar en la nevera. Diseño a definir por el comité de seguimiento. | H5: 500 | I5: unidad | L5: 1669.5 | M5: =+L5*19% -> 317.205 | N5: =+M5+L5 -> 1986.705 | O5: =H5*M5 -> 158602.5 | P5: =N5*H5 -> 993352.5 | Q5: 1500 | R5: =+Q5*0.19 -> 285 | S5: =+Q5+R5 -> 1785 | T5: =R5*H5 -> 142500 | U5: =S5*H5 -> 892500 | V5: 1500 | W5: 285 | X5: 1785 | Y5: =V5*H5 -> 750000 | Z5: =X5*H5 -> 892500 | AA5: =AVERAGE(L5,Q5,V5) -> 1556.5 | AB5: =AVERAGE(M5,R5,W5) -> 295.735 | AC5: =AVERAGE(N5,S5,X5) -> 1852.235 | AD5: =AVERAGE(O5,T5,Y5) -> 350367.5 | AE5: =AVERAGE(P5,U5,Z5) -> 926117.5 | AF5: =_xlfn.STDEV.P(P5,U5,Z5) -> 47542.324 | AG5: =AF5/AE5 -> 0.051335089
A6: 4 | G6: -200 stickers para pegar en las puertas de las viviendas sensibilizadas estilo “rombo” de 12x12. Papel adhesivo de publicidad. | H6: 200 | I6: unidad | L6: 2226 | M6: =+L6*19% -> 422.94 | N6: =+M6+L6 -> 2648.94 | O6: =H6*M6 -> 84588 | P6: =N6*H6 -> 529788 | Q6: 2200 | R6: =+Q6*0.19 -> 418 | S6: =+Q6+R6 -> 2618 | T6: =R6*H6 -> 83600 | U6: =S6*H6 -> 523600 | V6: 2000 | W6: 380 | X6: 2380 | Y6: =V6*H6 -> 400000 | Z6: =X6*H6 -> 476000 | AA6: =AVERAGE(L6,Q6,V6) -> 2142 | AB6: =AVERAGE(M6,R6,W6) -> 406.98 | AC6: =AVERAGE(N6,S6,X6) -> 2548.98 | AD6: =AVERAGE(O6,T6,Y6) -> 189396 | AE6: =AVERAGE(P6,U6,Z6) -> 509796 | AF6: =_xlfn.STDEV.P(P6,U6,Z6) -> 24030.537 | AG6: =AF6/AE6 -> 0.047137555
A7: 5 | C7: A.3 Estrategia de acompañamiento “Cuidándome -Cuidándonos”. | D7: Contribuir a la re-significación de relaciones sanas y seguras desde la confianza, el apego seguro en las prácticas cotidianas de las familias, a través de escenarios individuales reflexivos y experienciales que favorezcan, el fortalecimiento de capacidades de las familias que permitan la creación de vínculos asertivos, seguros y positivos creando espacios protectores que permitan la prevalencia de derechos de las niñas y los niños. | E7: 12 sesiones por persona – 1 hora C/U15 | F7: 450 Personas | G7: 450 Diplomas con mensaje alusivo a familias que cuidan. Compuesto de mínimo 3 colores. 20 x 30 cm. Papel Opalina. Diseño a convenir por el comité de seguimiento. | H7: 450 | I7: Unidad | J7: 12 | K7: sesiones por persona – 1 hora C/U15 | L7: 556.5 | M7: =+L7*19% -> 105.735 | N7: =+M7+L7 -> 662.235 | O7: =H7*M7 -> 47580.75 | P7: =N7*H7 -> 298005.75 | Q7: 474 | R7: =+Q7*0.19 -> 90.06 | S7: =+Q7+R7 -> 564.06 | T7: =R7*H7 -> 40527 | U7: =S7*H7 -> 253827 | V7: 500 | W7: 95 | X7: 595 | Y7: =V7*H7 -> 225000 | Z7: =X7*H7 -> 267750 | AA7: =AVERAGE(L7,Q7,V7) -> 510.16667 | AB7: =AVERAGE(M7,R7,W7) -> 96.931667 | AC7: =AVERAGE(N7,S7,X7) -> 607.09833 | AD7: =AVERAGE(O7,T7,Y7) -> 104369.25 | AE7: =AVERAGE(P7,U7,Z7) -> 273194.25 | AF7: =_xlfn.STDEV.P(P7,U7,Z7) -> 18442.169 | AG7: =AF7/AE7 -> 0.067505699
A8: 6 | C8: B2.2 Movilizaciones territoriales | D8: Promover la prevención de violencias a partir de la concientización de la misma en la localidad. | E8: Puestas en escena (actos) de 1 hora en espacio público | F8: Comunidad en general de la localidad de Suba. | G8: 15 Performances: Actos teatrales, musicales, artísticos puestos en escena que deberá garantizar el desarrollo de actos artístico-culturales (performances) donde se promueva de maneras disruptivas la no violencia y a partir de los cuales se generen reflexiones en la comunidad 2 artistas y 2 psicopedagosos | H8: 15 | I8: Unidad | J8: Puestas en escena (actos) de 1 hora en espacio público | L8: 3116400 | M8: =+L8*19% -> 592116 | N8: =+M8+L8 -> 3708516 | O8: =H8*M8 -> 8881740 | P8: =N8*H8 -> 55627740 | Q8: 2830489 | R8: =+Q8*0.19 -> 537792.91 | S8: =+Q8+R8 -> 3368281.9 | T8: =R8*H8 -> 8066893.7 | U8: =S8*H8 -> 50524229 | V8: 2800000 | W8: 532000 | X8: 3332000 | Y8: =V8*H8 -> 42000000 | Z8: =X8*H8 -> 49980000 | AA8: =AVERAGE(L8,Q8,V8) -> 2915629.7 | AB8: =AVERAGE(M8,R8,W8) -> 553969.64 | AC8: =AVERAGE(N8,S8,X8) -> 3469599.3 | AD8: =AVERAGE(O8,T8,Y8) -> 19649545 | AE8: =AVERAGE(P8,U8,Z8) -> 52043990 | AF8: =_xlfn.STDEV.P(P8,U8,Z8) -> 2543815.6 | AG8: =AF8/AE8 -> 0.048878182
A9: 7 | G9: 1500 Folletos o volantes: Folletos plegables en papel estucado o couché, en Formato A4. Medidas: 210 × 297 mm. Impresos en tintas de 5 colores. Con información sobre la prevención de violencia sexual e intrafamiliar | H9: 1500 | I9: Unidad | L9: 779.1 | M9: =+L9*19% -> 148.029 | N9: =+M9+L9 -> 927.129 | O9: =H9*M9 -> 222043.5 | P9: =N9*H9 -> 1390693.5 | Q9: 750 | R9: =+Q9*0.19 -> 142.5 | S9: =+Q9+R9 -> 892.5 | T9: =R9*H9 -> 213750 | U9: =S9*H9 -> 1338750 | V9: 700 | W9: 133 | X9: 833 | Y9: =V9*H9 -> 1050000 | Z9: =X9*H9 -> 1249500 | AA9: =AVERAGE(L9,Q9,V9) -> 743.03333 | AB9: =AVERAGE(M9,R9,W9) -> 141.17633 | AC9: =AVERAGE(N9,S9,X9) -> 884.20967 | AD9: =AVERAGE(O9,T9,Y9) -> 495264.5 | AE9: =AVERAGE(P9,U9,Z9) -> 1326314.5 | AF9: =_xlfn.STDEV.P(P9,U9,Z9) -> 58308.846 | AG9: =AF9/AE9 -> 0.043963062
A10: 8 | C10: B3. Estrategia comunicativa “Di No a la vulneración de derechos”. | D10: • Implementar una estrategia comunicativa en prevención de vulneraciones y la divulgación de mensajes asertivos y claros de frecuente transmisión, con el fin de incidir positivamente en el cambio de patrones de conducta en niños, niñas y adolescentes y de todos los actores involucrados en su protección y defensa. • Formar y promover en el conocimiento y apropiación de los derechos de las niñas, niños y adolescentes, el marco normativo y legal de protección, y las ofertas y servicios orientados a su atención. | E10: Cuarenta (40) obras de teatro de 60 minutos c/u y Seis (6) sesiones de formación por grupo de 30 personas con una duración de 60 minutos c/u. | F10: 1200 Personas | G10: 1200 Kits (participantes): Se deberá incluir la entrega de un kit por cada uno de los participantes que comprenda: -Una agenda para notas tipo cuaderno pequeño de 15cm x 20cm (aprox) de 75 páginas con 5 páginas impresas a color con mensajes alusivos a la prevención de violencias. -Un esfero marcado con los logos de la entidad. -Una tula impermeable. 43 cm de altura x 35 cm de ancho aprox. Con mensaje alusivos a la prevención de las violencias en el contexto familiar y sexual y la erradicación del castigo físico. -Una cartilla con información y actividades en prevención de violencia intrafamiliar y/o sexual. Debe contener mínimo 50 páginas y su contenido debe ser aprobado por la supervisión del contrato y la oficina de prensa. | H10: 1200 | I10: Unidad | J10: Cuarenta (40) obras de teatro de 60 minutos c/u y Seis (6) sesiones de formación por grupo de 30 personas con una duración de 60 minutos c/u. | L10: 111300 | M10: =+L10*19% -> 21147 | N10: =+M10+L10 -> 132447 | O10: =H10*M10 -> 25376400 | P10: =N10*H10 -> 158936400 | Q10: 102349 | R10: =+Q10*0.19 -> 19446.31 | S10: =+Q10+R10 -> 121795.31 | T10: =R10*H10 -> 23335572 | U10: =S10*H10 -> 146154372 | V10: 100000 | W10: 19000 | X10: 119000 | Y10: =V10*H10 -> 120000000 | Z10: =X10*H10 -> 142800000 | AA10: =AVERAGE(L10,Q10,V10) -> 104549.67 | AB10: =AVERAGE(M10,R10,W10) -> 19864.437 | AC10: =AVERAGE(N10,S10,X10) -> 124414.1 | AD10: =AVERAGE(O10,T10,Y10) -> 56237324 | AE10: =AVERAGE(P10,U10,Z10) -> 149296924 | AF10: =_xlfn.STDEV.P(P10,U10,Z10) -> 6952341.4 | AG10: =AF10/AE10 -> 0.046567211
A11: 9 | G11: 200 reconocimientos a los ganadores. Cada reconocimiento contará con: -Diploma compuesto de mínimo 3 colores. 20 x 30 cm. Papel Opalina. Diseño a convenir por el comité de seguimiento. -Una medalla de reconocimiento. | H11: 200 | I11: Unidad | L11: 5565 | M11: =+L11*19% -> 1057.35 | N11: =+M11+L11 -> 6622.35 | O11: =H11*M11 -> 211470 | P11: =N11*H11 -> 1324470 | Q11: 5000 | R11: =+Q11*0.19 -> 950 | S11: =+Q11+R11 -> 5950 | T11: =R11*H11 -> 190000 | U11: =S11*H11 -> 1190000 | V11: 5000 | W11: 950 | X11: 5950 | Y11: =V11*H11 -> 1000000 | Z11: =X11*H11 -> 1190000 | AA11: =AVERAGE(L11,Q11,V11) -> 5188.3333 | AB11: =AVERAGE(M11,R11,W11) -> 985.78333 | AC11: =AVERAGE(N11,S11,X11) -> 6174.1167 | AD11: =AVERAGE(O11,T11,Y11) -> 467156.67 | AE11: =AVERAGE(P11,U11,Z11) -> 1234823.3 | AF11: =_xlfn.STDEV.P(P11,U11,Z11) -> 63389.766 | AG11: =AF11/AE11 -> 0.051335089
A12: 10 | G12: Alquiler de dos (2) espacios cerrados con capacidad para 150 personas | H12: 2 | I12: Unidad | L12: 3339000 | M12: =+L12*19% -> 634410 | N12: =+M12+L12 -> 3973410 | O12: =H12*M12 -> 1268820 | P12: =N12*H12 -> 7946820 | Q12: 3500000 | R12: =+Q12*0.19 -> 665000 | S12: =+Q12+R12 -> 4165000 | T12: =R12*H12 -> 1330000 | U12: =S12*H12 -> 8330000 | V12: 3000000 | W12: 570000 | X12: 3570000 | Y12: =V12*H12 -> 6000000 | Z12: =X12*H12 -> 7140000 | AA12: =AVERAGE(L12,Q12,V12) -> 3279666.7 | AB12: =AVERAGE(M12,R12,W12) -> 623136.67 | AC12: =AVERAGE(N12,S12,X12) -> 3902803.3 | AD12: =AVERAGE(O12,T12,Y12) -> 2866273.3 | AE12: =AVERAGE(P12,U12,Z12) -> 7805606.7 | AF12: =_xlfn.STDEV.P(P12,U12,Z12) -> 495971.04 | AG12: =AF12/AE12 -> 0.063540357
A13: 11 | B13: Componente: Orientación y asesoría familiar. | C13: Formación y orientación a familias | D13: Orientación y asesoría familiar para la prevención de violencias que permitan a las víctimas recibir una atención y orientación adecuada. | E13: Máximo 10 sesiones de 1h (c/u) | F13: 350 | G13: Alquiler de un espacio por seis meses que contenga las siguientes características: Ubicación de un sitio de atención en un punto estratégico de la localidad, destinado para la orientación y asesoría familiar, dos espacios adecuados para la atención de las y los participantes con el mobiliario necesario en lugares que cuenten con adecuada ventilación, iluminación y condiciones de higiene permanente, espacios cerrados, que permitan la privacidad. Igualmente debe contar con baños y elementos de higiene. Debe ubicarse en un punto de fácil accesibilidad y equidistante dentro de la localidad, teniendo en cuenta que muchos de las y los potenciales participantes no cuentan con medios económicos para su desplazamiento. Estado del Inmueble: Debe estar dotado con mobiliario y materiales necesarios para la ejecución del componente. La recepción y sala de espera, debe ser un lugar cómodo dotado con computador, teléfono, cuya ambientación visual y auditiva propicie un ambiente tranquilo y agradable a los participantes. El inmueble debe contar con mínimo un baño, dotado con los implementos de aseo necesarios (toalla para manos, jabón, papel higiénico, papelera). | H13: 6 | I13: Meses | J13: 350 | K13: Familias | L13: 5008500 | M13: =+L13*19% -> 951615 | N13: =+M13+L13 -> 5960115 | O13: =H13*M13 -> 5709690 | P13: =N13*H13 -> 35760690 | Q13: 4500000 | R13: =+Q13*0.19 -> 855000 | S13: =+Q13+R13 -> 5355000 | T13: =R13*H13 -> 5130000 | U13: =S13*H13 -> 32130000 | V13: 4500000 | W13: 855000 | X13: 5355000 | Y13: =V13*H13 -> 27000000 | Z13: =X13*H13 -> 32130000 | AA13: =AVERAGE(L13,Q13,V13) -> 4669500 | AB13: =AVERAGE(M13,R13,W13) -> 887205 | AC13: =AVERAGE(N13,S13,X13) -> 5556705 | AD13: =AVERAGE(O13,T13,Y13) -> 12613230 | AE13: =AVERAGE(P13,U13,Z13) -> 33340230 | AF13: =_xlfn.STDEV.P(P13,U13,Z13) -> 1711523.7 | AG13: =AF13/AE13 -> 0.051335089
A14: 12 | B14: Componente: Posicionamiento y promoción del buen trato en jornadas locales. | C14: Conmemorar eventos que permiten visibilizar causas sociales entorno a la prevención de las violencias. | D14: Comunidad en general de la localidad | E14: Jornadas de 6 horas | F14: Comunidad en general de la localidad de Suba | G14: El contratista deberá garantizar, en el desarrollo de los 5 eventos conmemorativos y/o celebraciones de jornadas locales, el acompañamiento de: -Un (1) animador con mínimo Título de bachiller, 18 meses de experiencia laboral en recreación, animación, o afines. -Tres (3) Artistas locales. -6 Profesionales con 24 meses de experiencia en actividades de facilitador, tallerista o docente y al menos 12 meses de los 24 meses de experiencia profesional en trabajo en comunidad o jóvenes en temas de derechos sexuales y reproductivos y/o habilidades para la vida que realicen actividades principalmente lúdicas, recreativas y vivenciales. Sensibilización tendiente a la prevención de violencias y rutas de atención integral de acceso a la justicia. | H14: 5 | I14: Jornadas | J14: Jornadas de 6 horas | L14: 10017000 | M14: =+L14*19% -> 1903230 | N14: =+M14+L14 -> 11920230 | O14: =H14*M14 -> 9516150 | P14: =N14*H14 -> 59601150 | Q14: 9646509 | R14: =+Q14*0.19 -> 1832836.7 | S14: =+Q14+R14 -> 11479346 | T14: =R14*H14 -> 9164183.6 | U14: =S14*H14 -> 57396729 | V14: 9000000 | W14: 1710000 | X14: 10710000 | Y14: =V14*H14 -> 45000000 | Z14: =X14*H14 -> 53550000 | AA14: =AVERAGE(L14,Q14,V14) -> 9554503 | AB14: =AVERAGE(M14,R14,W14) -> 1815355.6 | AC14: =AVERAGE(N14,S14,X14) -> 11369859 | AD14: =AVERAGE(O14,T14,Y14) -> 21226778 | AE14: =AVERAGE(P14,U14,Z14) -> 56849293 | AF14: =_xlfn.STDEV.P(P14,U14,Z14) -> 2500515.7 | AG14: =AF14/AE14 -> 0.043984993
A15: 13 | G15: Sonido: Alquiler de sonido profesional de 7.000 watts line array. con sistema y microfonería completo para presentaciones. incluye 8 micrófonos dinámicos, 2 micrófonos condensadores, 4 cajas directas activas, 1 consola análoga 16 canales, 1 ecualizador gráfico, 1 reverberación digital, 1 snake de 8 canales y 10 metros, 1 cd player (mp3, wap, cd, dvd), 2 cabinas para público, 4 monitores para escenario, técnico de sonido y operario de montaje, cables y conexiones - tiempo de alquiler 1 día. instalación, transporte y desinstalación | H15: 5 | I15: Unidad | L15: 9121294.7 | M15: =+L15*19% -> 1733046 | N15: =+M15+L15 -> 10854341 | O15: =H15*M15 -> 8665230 | P15: =N15*H15 -> 54271703 | Q15: 8250304 | R15: =+Q15*0.19 -> 1567557.8 | S15: =+Q15+R15 -> 9817861.8 | T15: =R15*H15 -> 7837788.8 | U15: =S15*H15 -> 49089309 | V15: 8195233 | W15: 1557094 | X15: 9752328 | Y15: =V15*H15 -> 40976165 | Z15: =X15*H15 -> 48761640 | AA15: =AVERAGE(L15,Q15,V15) -> 8522277.2 | AB15: =AVERAGE(M15,R15,W15) -> 1619232.6 | AC15: =AVERAGE(N15,S15,X15) -> 10141510 | AD15: =AVERAGE(O15,T15,Y15) -> 19159728 | AE15: =AVERAGE(P15,U15,Z15) -> 50707551 | AF15: =_xlfn.STDEV.P(P15,U15,Z15) -> 2523784.2 | AG15: =AF15/AE15 -> 0.049771369
A16: 14 | G16: Carpas: Alquiler de carpa tipo bodega para trabajo liviano, tipo túnel con laterales y ventanas en vinilo transparente. Para mover a distintos puntos de la localidad durante el proyecto. Medidas: 6mts x 3 mts. | H16: 25 | I16: Unidad | L16: 1446900 | M16: =+L16*19% -> 274911 | N16: =+M16+L16 -> 1721811 | O16: =H16*M16 -> 6872775 | P16: =N16*H16 -> 43045275 | Q16: 1307356 | R16: =+Q16*0.19 -> 248397.64 | S16: =+Q16+R16 -> 1555753.6 | T16: =R16*H16 -> 6209941 | U16: =S16*H16 -> 38893841 | V16: 1300000 | W16: 247000 | X16: 1547000 | Y16: =V16*H16 -> 32500000 | Z16: =X16*H16 -> 38675000 | AA16: =AVERAGE(L16,Q16,V16) -> 1351418.7 | AB16: =AVERAGE(M16,R16,W16) -> 256769.55 | AC16: =AVERAGE(N16,S16,X16) -> 1608188.2 | AD16: =AVERAGE(O16,T16,Y16) -> 15194239 | AE16: =AVERAGE(P16,U16,Z16) -> 40204705 | AF16: =_xlfn.STDEV.P(P16,U16,Z16) -> 2010572 | AG16: =AF16/AE16 -> 0.050008376
A17: 15 | G17: Tarima: Alquiler de tarima de 5x5 (altura modular entre 0.20 y 1.60) con faldon negro, escalera de embarque y desembarque, cinta anti deslizante y barandas. Incluye instalación, transporte y entrega en el lugar requerido, montaje y desmontaje de la misma (jornada 6 horas día). Debe contar con techo que cubra la superficie de la tarima en caso de lluvia. | H17: 5 | I17: Unidad | L17: 2352065.8 | M17: =+L17*19% -> 446892.5 | N17: =+M17+L17 -> 2798958.3 | O17: =H17*M17 -> 2234462.5 | P17: =N17*H17 -> 13994792 | Q17: 4442471 | R17: =+Q17*0.19 -> 844069.49 | S17: =+Q17+R17 -> 5286540.5 | T17: =R17*H17 -> 4220347.5 | U17: =S17*H17 -> 26432702 | V17: 2113267 | W17: 401521 | X17: 2514787 | Y17: =V17*H17 -> 10566335 | Z17: =X17*H17 -> 12573935 | AA17: =AVERAGE(L17,Q17,V17) -> 2969267.9 | AB17: =AVERAGE(M17,R17,W17) -> 564161 | AC17: =AVERAGE(N17,S17,X17) -> 3533428.6 | AD17: =AVERAGE(O17,T17,Y17) -> 5673715 | AE17: =AVERAGE(P17,U17,Z17) -> 17667143 | AF17: =_xlfn.STDEV.P(P17,U17,Z17) -> 6225270.2 | AG17: =AF17/AE17 -> 0.35236428
A18: 16 | G18: Sillas: alquiler silla plástica de 2.11kg. 46,5cm de ancho, 87,5cm de alto, 52,5cm de largo, con espaldar tejido. | H18: 150 | I18: Unidad | L18: 4279.485 | M18: =+L18*19% -> 813.10215 | N18: =+M18+L18 -> 5092.5871 | O18: =H18*M18 -> 121965.32 | P18: =N18*H18 -> 763888.07 | Q18: 5711 | R18: =+Q18*0.19 -> 1085.09 | S18: =+Q18+R18 -> 6796.09 | T18: =R18*H18 -> 162763.5 | U18: =S18*H18 -> 1019413.5 | V18: 3845 | W18: 731 | X18: 4576 | Y18: =V18*H18 -> 576750 | Z18: =X18*H18 -> 686400 | AA18: =AVERAGE(L18,Q18,V18) -> 4611.8283 | AB18: =AVERAGE(M18,R18,W18) -> 876.39738 | AC18: =AVERAGE(N18,S18,X18) -> 5488.2257 | AD18: =AVERAGE(O18,T18,Y18) -> 287159.61 | AE18: =AVERAGE(P18,U18,Z18) -> 823233.86 | AF18: =_xlfn.STDEV.P(P18,U18,Z18) -> 142281.27 | AG18: =AF18/AE18 -> 0.17283214
A19: 17 | G19: Mesas: Mesa cuadrada de 4 puestos, color blanca, desarmable, fácil de transportar. Alto: 72 cms, Material de la cubierta: Plástico, Material de la estructura: Plástico | H19: 50 | I19: Unidad | L19: 12876.854 | M19: =+L19*19% -> 2446.6022 | N19: =+M19+L19 -> 15323.456 | O19: =H19*M19 -> 122330.11 | P19: =N19*H19 -> 766172.78 | Q19: 9139 | R19: =+Q19*0.19 -> 1736.41 | S19: =+Q19+R19 -> 10875.41 | T19: =R19*H19 -> 86820.5 | U19: =S19*H19 -> 543770.5 | V19: 11570 | W19: 2198 | X19: 13768 | Y19: =V19*H19 -> 578500 | Z19: =X19*H19 -> 688400 | AA19: =AVERAGE(L19,Q19,V19) -> 11195.284 | AB19: =AVERAGE(M19,R19,W19) -> 2127.0041 | AC19: =AVERAGE(N19,S19,X19) -> 13322.289 | AD19: =AVERAGE(O19,T19,Y19) -> 262550.2 | AE19: =AVERAGE(P19,U19,Z19) -> 666114.43 | AF19: =_xlfn.STDEV.P(P19,U19,Z19) -> 92152.696 | AG19: =AF19/AE19 -> 0.13834364
A20: 18 | G20: Alquiler Generador Electrico Potencia Standby: 40 kW / 50 kVA. Corriente Standby: 131 A. Para una autonomia aproximada de 8 horas. Generador Y164C con AVR para soportar picos de Corriente en Voltaje 127 - 220V. Fases 3 | H20: 1 | I20: Unidad | L20: 1780800 | M20: =+L20*19% -> 338352 | N20: =+M20+L20 -> 2119152 | O20: =H20*M20 -> 338352 | P20: 2119152 | Q20: 2600000 | R20: =+Q20*0.19 -> 494000 | S20: =+Q20+R20 -> 3094000 | T20: =R20*H20 -> 494000 | U20: =S20*H20 -> 3094000 | V20: 1600000 | W20: 304000 | X20: 1904000 | Y20: =V20*H20 -> 1600000 | Z20: =X20*H20 -> 1904000 | AA20: =AVERAGE(L20,Q20,V20) -> 1993600 | AB20: =AVERAGE(M20,R20,W20) -> 378784 | AC20: =AVERAGE(N20,S20,X20) -> 2372384 | AD20: =AVERAGE(O20,T20,Y20) -> 810784 | AE20: =AVERAGE(P20,Z20) -> 2011576 | AF20: =_xlfn.STDEV.P(P20,Z20) -> 107576 | AG20: =AF20/AE20 -> 0.053478467
A21: 19 | G21: Pendones: Diseño a definir por el comité de seguimiento, previo aval de prensa. En 5 colores. Con soporte tipo araña. Material: Vinilo o lona. Tamaño: 60cmx180cm. Los pendones deben ser aprobados por la oficina de prensa de la Alcaldía Local de Suba | H21: 5 | I21: Unidad | L21: 181049.56 | M21: =+L21*19% -> 34399.416 | N21: =+M21+L21 -> 215448.98 | O21: =H21*M21 -> 171997.08 | P21: =N21*H21 -> 1077244.9 | Q21: 247509 | R21: =+Q21*0.19 -> 47026.71 | S21: =+Q21+R21 -> 294535.71 | T21: =R21*H21 -> 235133.55 | U21: =S21*H21 -> 1472678.6 | V21: 162668 | W21: 30907 | X21: 193575 | Y21: =V21*H21 -> 813340 | Z21: =X21*H21 -> 967875 | AA21: =AVERAGE(L21,Q21,V21) -> 197075.52 | AB21: =AVERAGE(M21,R21,W21) -> 37444.375 | AC21: =AVERAGE(N21,S21,X21) -> 234519.9 | AD21: =AVERAGE(O21,T21,Y21) -> 406823.54 | AE21: =AVERAGE(P21,U21,Z21) -> 1172599.5 | AF21: =_xlfn.STDEV.P(P21,U21,Z21) -> 216834.85 | AG21: =AF21/AE21 -> 0.18491809
A22: 20 | AA22: =AVERAGE(L22,Q22,V22) -> #DIV/0!
A23: 21 | AA23: =AVERAGE(L23,Q23,V23) -> #DIV/0!
A24: 22 | AA24: =AVERAGE(L24,Q24,V24) -> #DIV/0!
A25: 23 | AA25: =AVERAGE(L25,Q25,V25) -> #DIV/0!
A26: 24 | AA26: =AVERAGE(L26,Q26,V26) -> #DIV/0!
A27: 25 | AA27: =AVERAGE(L27,Q27,V27) -> #DIV/0!
A28: 26 | AA28: =AVERAGE(L28,Q28,V28) -> #DIV/0!
A29: 27 | AA29: =AVERAGE(L29,Q29,V29) -> #DIV/0!
P30: =SUM(P3:P29) -> 4.8864475e+08 | U30: =SUM(U3:U29) -> 467355721 | Z30: =SUM(Z3:Z29) -> 439034000 | AE30: =SUM(AE3:AE29) -> 4.6465068e+08
P31: =P30+$J$134 -> 1.1196928e+09 | U31: =U30+$J$134 -> 1098403721 | Z31: =Z30+$J$134 -> 1070082000 | AE31: =AE30+J134 -> 1.0956987e+09
E33: PERSONAL (CARGO) | F33: PERFIL | G33: CANTIDAD | H33: MESES | I33: VALOR MENSUAL REFERENCIA TECHO RESOLUCIÓN 0001 DEL 04/01/2024 - SECRETARÍA DISTRITAL DE GOBIERNO | J33: VALOR TOTAL
B34: Todos los Componentes | C34: PERSONAL | D34: 1 | E34: Cordinador del Proyecto | F34: FORMACIÓN PROFESIONAL | G34: 1 | H34: 8 | I34: 8000000 | J34: =I34*H34*G34 -> 64000000 | AE34: Componenete 2 | AF34: =SUM(AE3:AE12) -> 2.6120824e+08 | AG34: =AF34/$AF$37 -> 0.56216045
F35: Formación profesional en áreas del conocimiento de ciencias sociales y humanas o economía, administración, contaduría y afines y núcleos básicos del conocimiento en Ciencia Política, Derecho, Psicología, Sociología, Trabajo Social, Administración, Administración Pública o Economía con especialización en áreas cómo Ciencias Humanas, Economía o Administración. | AE35: Componeente3 | AF35: =AE13 -> 33340230 | AG35: =AF35/$AF$37 -> 0.071753322
AE36: Componeente4 | AF36: =SUM(AE14:AE21) -> 1.7010222e+08 | AG36: =AF36/$AF$37 -> 0.36608623
F37: EXPERIENCIA PROFESIONAL | AE37: Total | AF37: =SUM(AF34:AF36) -> 4.6465068e+08 | AG37: =AF37/$AF$37 -> 1
F38: Experiencia mínima de sesenta (60) meses debidamente certificada, contados a partir de la expedición de la tarjeta profesional, terminación de materias y/o fecha de grado, según aplique.
F40: EXPERIENCIA ESPECIFICA | AE40: Cordinador | AF40: =(J34-I34*2)/3 -> 16000000 | AG40: =AF40*3+I34 -> 56000000
F41: Experiencia mínima profesional de treinta y seis (36) y hasta setenta y dos (72) meses en coordinación y ejecución de proyectos sociales y/o cargos de nivel directivo o gerencial con población afectada por violencia en el contexto familiar y/o violencia sexual. | AE41: Asistente | AF41: =(J44-I44*2)/3 -> 6762000 | AG41: =AF41*3+I44 -> 23667000
AE42: Personal componente 2 | AF42: =J55+J65+J73+J83+J91+J101+J109 -> 300000000
F43: Dedicación 100%. | AE43: Personal componente 3 | AF43: =J116+J124 -> 240000000
B44: Todos los Componentes | D44: 2 | E44: Asistente Administrativo | F44: FORMACIÓN PROFESIONAL | G44: 1 | H44: 8 | I44: 3381000 | J44: =I44*H44*G44 -> 27048000 | AE44: Personal componente 4 | AF44: 0
F45: Título de formación técnica o tecnológica o acreditación o aprobación del 50% o más de un plan de estudios de una carrera profesional que sea afín con el objeto a contratar.
AE46: Componenete 1 | AF46: =I44+I34 -> 11381000 | AG46: =AF46/$AF$51 -> 0.01038698 | AH46: 2
AE47: =AE34 -> Componenete 2 | AF47: =AF34+AF40+AF41+AF42 -> 5.8397024e+08 | AG47: =AF47/$AF$51 -> 0.53296608 | AH47: =90*AG47 -> 47.966948
F48: EXPERIENCIA PROFESIONAL | AE48: =AE35 -> Componeente3 | AF48: =AF35+AF40+AF41++AF43 -> 296102230 | AG48: =AF48/$AF$51 -> 0.27024056 | AH48: =90*AG48 -> 24.321651
F49: Experiencia mínima de treinta y cinco (35) meses debidamente certificada, contados a partir de la expedición de la tarjeta profesional, terminación de materias y/o fecha de grado, según aplique. | AE49: =AE36 -> Componeente4 | AF49: =AF36+AF44+AF40+AF41 -> 1.9286422e+08 | AG49: =AF49/$AF$51 -> 0.17601939 | AH49: =90*AG49 -> 15.841745
AE50: Componenete 5 | AF50: =I34+I44 -> 11381000 | AG50: =AF50/$AF$51 -> 0.01038698 | AH50: 10
F51: EXPERIENCIA ESPECIFICA | AE51: TOTAL | AF51: =SUM(AF46:AF50) -> 1.0956987e+09 | AG51: =AF51/$AF$51 -> 1
F52: Experiencia mínima de 18 meses en actividades administrativas de secretariado o archivo, manejo de bases de datos o asistenciales.
F54: Dedicación 100%.
B55: Componente 2 A2 | D55: 3 | E55: Psicólogo | F55: FORMACIÓN PROFESIONAL | G55: 2 | H55: 2 | I55: 5000000 | J55: =I55*H55*G55 -> 20000000
F56: Formación profesional en áreas del conocimiento de ciencias sociales y humanas y núcleos básicos del conocimiento en Psicología.
F59: EXPERIENCIA PROFESIONAL
F60: Experiencia de veintiún (21) meses de debidamente certificada, contados a partir de la expedición de la tarjeta profesional, terminación de materias y/o fecha de grado, según aplique.
F63: EXPERIENCIA ESPECIFICA
F64: Experiencia mínima de 18 meses en asesoría a familias en situación de violencia en el contexto familiar o poblaciones vulnerables.
B65: Componente 2 A2 | D65: 4 | E65: Profesional en Trabajo Social | F65: FORMACIÓN PROFESIONAL | G65: 2 | H65: 2 | I65: 5000000 | J65: =I65*H65*G65 -> 20000000
F66: Formación profesional en áreas del conocimiento de ciencias sociales y humanas y núcleos básicos del conocimiento en Trabajo Social.
F68: EXPERIENCIA PROFESIONAL
F69: Experiencia de veintiún (21) meses de debidamente certificada, contados a partir de la expedición de la tarjeta profesional, terminación de materias y/o fecha de grado, según aplique.
F71: EXPERIENCIA ESPECIFICA
F72: Experiencia mínima de 18 meses en asesoría a familias en situación de violencia en el contexto familiar o poblaciones vulnerables.
B73: Componente 2 A3 | D73: 5 | E73: Psicólogo | F73: FORMACIÓN PROFESIONAL | G73: 4 | H73: 3 | I73: 5000000 | J73: =I73*H73*G73 -> 60000000
F74: Formación profesional en áreas del conocimiento de ciencias sociales y humanas y núcleos básicos del conocimiento en Psicología.
F77: EXPERIENCIA PROFESIONAL
F78: Experiencia de veintiún (21) meses de debidamente certificada, contados a partir de la expedición de la tarjeta profesional, terminación de materias y/o fecha de grado, según aplique.
F81: EXPERIENCIA ESPECIFICA
F82: Experiencia mínima de 18 meses en asesoría a familias en situación de violencia en el contexto familiar o poblaciones vulnerables.
B83: Componente 2 A3 | D83: 6 | E83: Profesional en Trabajo Social | F83: FORMACIÓN PROFESIONAL | G83: 4 | H83: 3 | I83: 5000000 | J83: =I83*H83*G83 -> 60000000
F84: Formación profesional en áreas del conocimiento de ciencias sociales y humanas y núcleos básicos del conocimiento en Trabajo Social.
F86: EXPERIENCIA PROFESIONAL
F87: Experiencia de veintiún (21) meses de debidamente certificada, contados a partir de la expedición de la tarjeta profesional, terminación de materias y/o fecha de grado, según aplique.
F89: EXPERIENCIA ESPECIFICA
F90: Experiencia mínima de 18 meses en asesoría a familias en situación de violencia en el contexto familiar o poblaciones vulnerables.
B91: Componente 2 B3 | D91: 7 | E91: Psicólogo | F91: FORMACIÓN PROFESIONAL | G91: 4 | H91: 3 | I91: 5000000 | J91: =I91*H91*G91 -> 60000000
F92: Formación profesional en áreas del conocimiento de ciencias sociales y humanas y núcleos básicos del conocimiento en Psicología.
F95: EXPERIENCIA PROFESIONAL
F96: Experiencia de veintiún (21) meses de debidamente certificada, contados a partir de la expedición de la tarjeta profesional, terminación de materias y/o fecha de grado, según aplique.
F99: EXPERIENCIA ESPECIFICA
F100: Experiencia mínima de 18 meses en asesoría a familias en situación de violencia en el contexto familiar o poblaciones vulnerables.
B101: Componente 2 B3 | D101: 8 | E101: Profesional en Trabajo Social | F101: FORMACIÓN PROFESIONAL | G101: 4 | H101: 3 | I101: 5000000 | J101: =I101*H101*G101 -> 60000000
F102: Formación profesional en áreas del conocimiento de ciencias sociales y humanas y núcleos básicos del conocimiento en Trabajo Social.
F104: EXPERIENCIA PROFESIONAL
F105: Experiencia de veintiún (21) meses de debidamente certificada, contados a partir de la expedición de la tarjeta profesional, terminación de materias y/o fecha de grado, según aplique.
F107: EXPERIENCIA ESPECIFICA
F108: Experiencia mínima de 18 meses en asesoría a familias en situación de violencia en el contexto familiar o poblaciones vulnerables.
B109: Componenete 2 B2.2 | D109: 9 | E109: Artista Escénico | F109: FORMACIÓN PROFESIONAL | G109: 2 | H109: 2 | I109: 5000000 | J109: =I109*H109*G109 -> 20000000
F110: Formación profesional en áreas del conocimiento de bella artes y núcleo básico del conocimiento en Artes Plásticas Visuales y afines, Artes Representativas, Música y Otros Programas Asociados a Bellas Artes
F111: EXPERIENCIA PROFESIONAL
F112: Experiencia de veintiún (21) meses de debidamente certificada, contados a partir de la expedición de la tarjeta profesional, terminación de materias y/o fecha de grado, según aplique.
F114: EXPERIENCIA ESPECIFICA
F115: Experiencia mínima de 18 meses en trabajo con comunidad o en proyectos sociales o puestas en escena sobre temáticas relacionadas con violencias, preferiblemente con entidades del sector público.
B116: Componenete 3 | D116: 10 | E116: Psicólogo | F116: FORMACIÓN PROFESIONAL | G116: 4 | H116: 6 | I116: 5000000 | J116: =I116*H116*G116 -> 120000000
F117: Formación profesional en áreas del conocimiento de ciencias sociales y humanas y núcleos básicos del conocimiento en Psicología.
F119: EXPERIENCIA PROFESIONAL
F120: Experiencia de veintiún (21) meses de debidamente certificada, contados a partir de la expedición de la tarjeta profesional, terminación de materias y/o fecha de grado, según aplique.
F122: EXPERIENCIA ESPECIFICA
F123: Experiencia mínima de 18 meses en asesoría a personas o familias en situación de violencias.
B124: Componenete 3 | D124: 11 | E124: Trabajador Social | F124: FORMACIÓN PROFESIONAL | G124: 4 | H124: 6 | I124: 5000000 | J124: =I124*H124*G124 -> 120000000
...
